Workbook

Sheet Cover
B2: Delta Air Lines, Inc. (NYSE: DAL)
B3: Cover
B4: $ millions, except per share
B6: Period | C6: 3Q26E
B7: Period end | C7: 46295
B8: Days in period | C8: 92
B10: Company Model — built by Shortcut
B11: Author | C11: Shortcut
B12: Company | C12: Delta Air Lines, Inc.
B13: Ticker | C13: DAL
B14: Exchange | C14: New York Stock Exchange (NYSE)
B15: Fiscal year end | C15: December 31 (calendar year)
B16: Currency | C16: USD ($ millions, except per share)
B17: EPS basis | C17: Adjusted (non-GAAP) diluted EPS = CapIQ "Normalized diluted EPS"; excludes MTM on investments, Monroe hedge MTM/settlements, debt-extinguishment losses
B18: Information cutoff | C18: 2026-10-04 22:22 UTC
B19: Expected report date | C19: 2026-10-09, before market open; call 10:00 ET (Delta IR, S22)
B20: Target period | C20: 3Q26 (quarter ended 2026-09-30)
B22: 3Q26E headline ($M, except per share) | C22: Shortcut estimate | D22: Consensus at cutoff (CapIQ) | E22: Variance | F22: Variance % | G22: Guidance midpoint / implied | H22: Est. vs guidance
B23: Total operating revenue (GAAP) | C23: ='Income Statement'!H14 -> 19990.521 | D23: =Inputs!C54 -> 18830.21 | E23: =C23-D23 -> 1160.3109 | F23: =C23/D23-1 -> 0.061619647 | G23: =Guidance!E38 -> 19340.68 | H23: =C23-G23 -> 649.84089 | I23: CapIQ revenue mean ($18,830M, 8 est.) mixes GAAP (~$19.5-19.7B) and adjusted (~$17.6B) contributor bases; GAAP is the reported comparator. G23 = CapIQ GAAP map of adjusted guidance (derived, not company-issued).
B24: Adj. operating revenue | C24: ='Revenue summary'!H89 -> 17759.541 | D24: n.a. | E24: n.a. | F24: n.a. | G24: =Guidance!E37 -> 17476.55 | H24: =C24-G24 -> 282.99087 | I24: Adjusted-basis consensus seen: TradingView $17.62B, Earnings Whispers ~$17.70B (S19-S20); not a CapIQ field. Ex-refinery.
B25: Net income - adjusted (normalized) | C25: ='Income Statement'!H126 -> 1081.3682 | D25: =Inputs!C67 -> 1250.96 | E25: =C25-D25 -> -169.59176 | F25: =C25/D25-1 -> -0.13556929 | G25: =Guidance!E39 -> 1482.75 | H25: =C25-G25 -> -401.38176 | I25: G25 guidance-implied (derived): $2.25 EPS midpoint x 659M model diluted shares; not company guidance.
B26: Net income - GAAP | C26: ='Income Statement'!H101 -> 1081.3682 | D26: =Inputs!C68 -> 1315.6 | E26: =C26-D26 -> -234.23176 | F26: =C26/D26-1 -> -0.17804178 | G26: n.a. | H26: n.a.
B27: Diluted EPS - adjusted | C27: ='Income Statement'!H128 -> 1.640923 | D27: =Inputs!C38 -> 1.88 | E27: =C27-D27 -> -0.23907703 | F27: =C27/D27-1 -> -0.12716863 | G27: =Guidance!E36 -> 2.25 | H27: =C27-G27 -> -0.60907703 | I27: Consensus basis (CapIQ normalized).
B28: Diluted EPS - GAAP | C28: ='Income Statement'!H112 -> 1.640923 | D28: =Inputs!C47 -> 1.94 | E28: =C28-D28 -> -0.29907703 | F28: =C28/D28-1 -> -0.15416342 | G28: n.a. | H28: n.a.
B29: Operating margin, adjusted | C29: ='Income Statement'!H138 -> 0.090783643 | D29: n.a. | E29: n.a. | F29: n.a. | G29: =Guidance!G25 -> 0.12 | H29: =(C29-G29)*10000 -> -292.16357 | I29: Est. vs guidance shown in bps.
B30: P(beat consensus EPS) | C30: =Inputs!C131 -> 0.27
B31: Confidence | C31: =Inputs!C132 -> low
B32: Check: Cover ties to statements | C32: =AND(ABS(C23-'Income Statement'!H14)<0.001,ABS(C25-'Income Statement'!H126)<0.001,ABS(C26-'Income Statement'!H101)<0.001,ABS(C27-'Income Statement'!H128)<0.00001,ABS(C28-'Income Statement'!H112)<0.00001,ABS(C24-'Revenue summary'!H89)<0.001) -> TRUE
B33: Overall check result | C33: =IF(AND(C32,'Revenue summary'!C85,'Revenue summary'!D85,'Revenue summary'!E85,'Revenue summary'!F85,'Revenue summary'!G85,'Revenue summary'!C86,'Revenue summary'!D86,'Revenue summary'!E86,'Revenue summary'!F86,'Revenue summary'!G86,'Segment - Airline'!C91,'Segment - Airline'!D91,'Segment - Airline'!E91,'Segment - Airline'!F91,'Segment - Airline'!G91,'Segment - Airline'!C173,'Segment - Airline'!D173,'Segment - Airline'!E173,'Segment - Airline'!F173,'Segment - Airline'!G173,'Segment - Airline'!C232,'Segment - Airline'!D232,'Segment - Airline'!E232,'Segment - Airline'!F232,'Segment - Airline'!G232,'Segment - Refinery'!C78,'Segment - Refinery'!D78,'Segment - Refinery'!E78,'Segment - Refinery'!F78,'Segment - Refinery'!G78,'Segment - Refinery'!C89,'Segment - Refinery'!D89,'Segment - Refinery'!E89,'Segment - Refinery'!F89,'Segment - Refinery'!G89,'Income Statement'!C68,'Income Statement'!D68,'Income Statement'!E68,'Income Statement'!F68,'Income Statement'!G68,'Income Statement'!C116,'Income Statement'!D116,'Income Statement'!E116,'Income Statement'!F116,'Income Statement'!G116,'Income Statement'!C132,'Income Statement'!D132,'Income Statement'!E132,'Income Statement'!F132,'Income Statement'!G132,'Income Statement'!G160,'Income Statement'!G161,'Income Statement'!G162,ABS('Balance Sheet'!C46)<=1,ABS('Balance Sheet'!D46)<=1,ABS('Balance Sheet'!E46)<=1,ABS('Balance Sheet'!F46)<=1,ABS('Balance Sheet'!G46)<=1,ABS('Balance Sheet'!H46)<=1,'Balance Sheet'!C47,'Balance Sheet'!D47,'Balance Sheet'!E47,'Balance Sheet'!F47,'Balance Sheet'!G47,'Cash Flow Statement'!C26,'Cash Flow Statement'!D26,'Cash Flow Statement'!E26,'Cash Flow Statement'!F26,'Cash Flow Statement'!G26,ABS('Cash Flow Statement'!C49)<=1,ABS('Cash Flow Statement'!D49)<=1,ABS('Cash Flow Statement'!E49)<=1,ABS('Cash Flow Statement'!F49)<=1,ABS('Cash Flow Statement'!G49)<=1,ABS('Cash Flow Statement'!D50)<=1,ABS('Cash Flow Statement'!E50)<=1,ABS('Cash Flow Statement'!F50)<=1,Geo!C70,Geo!D70,Geo!E70,Geo!F70,Geo!G70,Geo!C75,Geo!D75,Geo!E75,Geo!F75,Geo!G75,Geo!C117,Geo!D117,Geo!E117,Geo!F117,Geo!G117,'Share Count'!C34,'Share Count'!D34,'Share Count'!E34,'Share Count'!F34,'Share Count'!G34),"PASS","FAIL") -> PASS | I33: AND of historical-column check rows on all tabs, the Cover tie-out (C32) and the 3Q26E balance test (Balance Sheet!H46). 3Q26E construction identities (Revenue summary!H85, Airline!H232, Refinery!H89, IS!H116, CF!H49:H50, Geo!H70/H75/H117, Share Count!H34) are excluded: residual-built, not independent validation.
B35: Other consensus (not comparator) | C35: EPS | D35: Revenue | E35: Date | F35: Source
B36: Earnings Whispers consensus | C36: 1.96 | D36: 17700 | E36: 46296 | F36: S19 | I36: Source S19.
B37: TradingView estimate | C37: 1.88 | D37: 17620 | E37: 46299 | F37: S20 | I37: Source S20.
B38: CapIQ EPS median | C38: =Inputs!C39 -> 1.78 | F38: S1
B39: CapIQ EPS low | C39: =Inputs!C41 -> 1.55 | F39: S1
B40: CapIQ EPS high | C40: =Inputs!C40 -> 2.4 | F40: S1
B41: CapIQ EPS contributors (count) | C41: =Inputs!C43 -> 19 | F41: S1
B42: CapIQ EPS standard deviation ($) | C42: =Inputs!C42 -> 0.25 | F42: S1
B44: Prepared by Shortcut from public filings and the supplied CapIQ snapshot; forecasts are estimates, not investment advice.

Sheet Revenue summary
B2: Delta Air Lines, Inc. (NYSE: DAL)
B3: Revenue summary
B4: $ millions, except per share
B6: Period | C6: 3Q25A | D6: 4Q25A | E6: 1Q26A | F6: 2Q26A | G6: FY25A | H6: 3Q26E | I6: Notes
B7: Period end | C7: 45930 | D7: 46022 | E7: 46112 | F7: 46203 | G7: 46022 | H7: 46295
B8: Days in period | C8: 92 | D8: 92 | E8: 90 | F8: 91 | G8: 365 | H8: 92
B10: Revenue by reported segment
B11: Airline segment revenue | C11: ='Segment - Airline'!C162 -> 15197 | D11: ='Segment - Airline'!D162 -> 14606 | E11: ='Segment - Airline'!E162 -> 14200 | F11: ='Segment - Airline'!F162 -> 17666 | G11: ='Segment - Airline'!G162 -> 58287 | H11: ='Segment - Airline'!H162 -> 17759.541
B12: PY comparative | C12: ='Segment - Airline'!C163 -> 14594 | D12: ='Segment - Airline'!D163 -> 14437 | E12: ='Segment - Airline'!E163 -> 12978 | F12: ='Segment - Airline'!F163 -> 15507 | G12: ='Segment - Airline'!G163 -> 57001 | H12: =C11 -> 15197
B13: % Y/Y | C13: =IFERROR(C11/C12-1,"n.a.") -> 0.04131835 | D13: =IFERROR(D11/D12-1,"n.a.") -> 0.011706033 | E13: =IFERROR(E11/E12-1,"n.a.") -> 0.094159347 | F13: =IFERROR(F11/F12-1,"n.a.") -> 0.13922745 | G13: =IFERROR(G11/G12-1,"n.a.") -> 0.022561008 | H13: =IFERROR(H11/C11-1,"n.a.") -> 0.1686215
B14: % Q/Q | C14: =IFERROR(C11/F12-1,"n.a.") -> -0.019990972 | D14: =IFERROR(D11/C11-1,"n.a.") -> -0.038889254 | E14: =IFERROR(E11/D11-1,"n.a.") -> -0.027796796 | F14: =IFERROR(F11/E11-1,"n.a.") -> 0.24408451 | G14: n.a. | H14: =IFERROR(H11/F11-1,"n.a.") -> 0.0052949663
B15: % of total revenue | C15: =C11/C31 -> 0.91147364 | D15: =D11/D31 -> 0.91270387 | E15: =E11/E31 -> 0.89567302 | F15: =F11/F31 -> 0.89416409 | G15: =G11/G31 -> 0.91987564 | H15: =H11/H31 -> 0.88839811
B16: M&A / scope impact | C16: n.a. | D16: n.a. | E16: n.a. | F16: n.a. | G16: n.a. | H16: n.a. | I16: Not disclosed by Delta (no acquisitions consolidated); explicitly unavailable, not zero.
B17: FX impact | C17: n.a. | D17: n.a. | E17: n.a. | F17: n.a. | G17: n.a. | H17: n.a. | I17: Delta does not disclose an FX impact on revenue; explicitly unavailable, not zero.
B18: Organic growth | C18: =IF(AND(ISNUMBER(C13),ISNUMBER(C16),ISNUMBER(C17)),(1+C13)/((1+C16)*(1+C17))-1,"n.a.") -> n.a. | D18: =IF(AND(ISNUMBER(D13),ISNUMBER(D16),ISNUMBER(D17)),(1+D13)/((1+D16)*(1+D17))-1,"n.a.") -> n.a. | E18: =IF(AND(ISNUMBER(E13),ISNUMBER(E16),ISNUMBER(E17)),(1+E13)/((1+E16)*(1+E17))-1,"n.a.") -> n.a. | F18: =IF(AND(ISNUMBER(F13),ISNUMBER(F16),ISNUMBER(F17)),(1+F13)/((1+F16)*(1+F17))-1,"n.a.") -> n.a. | G18: =IF(AND(ISNUMBER(G13),ISNUMBER(G16),ISNUMBER(G17)),(1+G13)/((1+G16)*(1+G17))-1,"n.a.") -> n.a. | H18: =IF(AND(ISNUMBER(H13),ISNUMBER(H16),ISNUMBER(H17)),(1+H13)/((1+H16)*(1+H17))-1,"n.a.") -> n.a. | I18: Organic = (1+Y/Y)/((1+M&A)*(1+FX))-1.
B19: Total growth (% Y/Y) | C19: =C13 -> 0.04131835 | D19: =D13 -> 0.011706033 | E19: =E13 -> 0.094159347 | F19: =F13 -> 0.13922745 | G19: =G13 -> 0.022561008 | H19: =H13 -> 0.1686215
B20: Refinery segment revenue | C20: ='Segment - Refinery'!C67 -> 1795 | D20: ='Segment - Refinery'!D67 -> 1748 | E20: ='Segment - Refinery'!E67 -> 2038 | F20: ='Segment - Refinery'!F67 -> 2611 | G20: ='Segment - Refinery'!G67 -> 6961 | H20: ='Segment - Refinery'!H67 -> 2785.7909 | I20: Including intersegment sales.
B21: PY comparative | C21: ='Segment - Refinery'!C68 -> 1912 | D21: ='Segment - Refinery'!D68 -> 1756 | E21: ='Segment - Refinery'!E68 -> 1698 | F21: ='Segment - Refinery'!F68 -> 1720 | G21: ='Segment - Refinery'!G68 -> 7767 | H21: =C20 -> 1795
B22: % Y/Y | C22: =IFERROR(C20/C21-1,"n.a.") -> -0.061192469 | D22: =IFERROR(D20/D21-1,"n.a.") -> -0.0045558087 | E22: =IFERROR(E20/E21-1,"n.a.") -> 0.20023557 | F22: =IFERROR(F20/F21-1,"n.a.") -> 0.51802326 | G22: =IFERROR(G20/G21-1,"n.a.") -> -0.10377237 | H22: =IFERROR(H20/C20-1,"n.a.") -> 0.55197266
B23: % Q/Q | C23: =IFERROR(C20/F21-1,"n.a.") -> 0.043604651 | D23: =IFERROR(D20/C20-1,"n.a.") -> -0.026183844 | E23: =IFERROR(E20/D20-1,"n.a.") -> 0.16590389 | F23: =IFERROR(F20/E20-1,"n.a.") -> 0.281158 | G23: n.a. | H23: =IFERROR(H20/F20-1,"n.a.") -> 0.066944052
B24: % of total revenue | C24: =C20/C31 -> 0.10765909 | D24: =D20/D31 -> 0.10922952 | E24: =E20/E31 -> 0.128548 | F24: =F20/F31 -> 0.13215569 | G24: =G20/G31 -> 0.10985733 | H24: =H20/H31 -> 0.13935559
B25: M&A / scope impact | C25: n.a. | D25: n.a. | E25: n.a. | F25: n.a. | G25: n.a. | H25: n.a. | I25: Not disclosed by Delta (no acquisitions consolidated); explicitly unavailable, not zero.
B26: FX impact | C26: n.a. | D26: n.a. | E26: n.a. | F26: n.a. | G26: n.a. | H26: n.a. | I26: Delta does not disclose an FX impact on revenue; explicitly unavailable, not zero.
B27: Organic growth | C27: =IF(AND(ISNUMBER(C22),ISNUMBER(C25),ISNUMBER(C26)),(1+C22)/((1+C25)*(1+C26))-1,"n.a.") -> n.a. | D27: =IF(AND(ISNUMBER(D22),ISNUMBER(D25),ISNUMBER(D26)),(1+D22)/((1+D25)*(1+D26))-1,"n.a.") -> n.a. | E27: =IF(AND(ISNUMBER(E22),ISNUMBER(E25),ISNUMBER(E26)),(1+E22)/((1+E25)*(1+E26))-1,"n.a.") -> n.a. | F27: =IF(AND(ISNUMBER(F22),ISNUMBER(F25),ISNUMBER(F26)),(1+F22)/((1+F25)*(1+F26))-1,"n.a.") -> n.a. | G27: =IF(AND(ISNUMBER(G22),ISNUMBER(G25),ISNUMBER(G26)),(1+G22)/((1+G25)*(1+G26))-1,"n.a.") -> n.a. | H27: =IF(AND(ISNUMBER(H22),ISNUMBER(H25),ISNUMBER(H26)),(1+H22)/((1+H25)*(1+H26))-1,"n.a.") -> n.a. | I27: Organic = (1+Y/Y)/((1+M&A)*(1+FX))-1.
B28: Total growth (% Y/Y) | C28: =C22 -> -0.061192469 | D28: =D22 -> -0.0045558087 | E28: =E22 -> 0.20023557 | F28: =F22 -> 0.51802326 | G28: =G22 -> -0.10377237 | H28: =H22 -> 0.55197266
B29: Intersegment sales/other (elimination) | C29: =-'Segment - Refinery'!C59 -> -319 | D29: =-'Segment - Refinery'!D59 -> -351 | E29: =-'Segment - Refinery'!E59 -> -384 | F29: =-'Segment - Refinery'!F59 -> -520 | G29: =-'Segment - Refinery'!G59 -> -1884 | H29: =-'Segment - Refinery'!H59 -> -554.81091
B30: % of total revenue | C30: =C29/C31 -> -0.01913273 | D30: =D29/D31 -> -0.021933387 | E30: =E29/E31 -> -0.024221017 | F30: =F29/F31 -> -0.026319785 | G30: =G29/G31 -> -0.029732971 | H30: =H29/H31 -> -0.027753699
B31: Total operating revenue (GAAP) | C31: =C11+C20+C29 -> 16673 | D31: =D11+D20+D29 -> 16003 | E31: =E11+E20+E29 -> 15854 | F31: =F11+F20+F29 -> 19757 | G31: =G11+G20+G29 -> 63364 | H31: =H11+H20+H29 -> 19990.521
B32: PY comparative | C32: 15677 | D32: 15559 | E32: 14040 | F32: 16648 | G32: 61643 | H32: =C31 -> 16673 | I32: Source S9,S7,S5,S3. Prior-year comparative as reported.
B33: % Y/Y | C33: =IFERROR(C31/C32-1,"n.a.") -> 0.063532564 | D33: =IFERROR(D31/D32-1,"n.a.") -> 0.028536538 | E33: =IFERROR(E31/E32-1,"n.a.") -> 0.12920228 | F33: =IFERROR(F31/F32-1,"n.a.") -> 0.18674916 | G33: =IFERROR(G31/G32-1,"n.a.") -> 0.027918823 | H33: =IFERROR(H31/C31-1,"n.a.") -> 0.19897564
B34: % Q/Q | C34: =IFERROR(C31/F32-1,"n.a.") -> 0.0015016819 | D34: =IFERROR(D31/C31-1,"n.a.") -> -0.04018473 | E34: =IFERROR(E31/D31-1,"n.a.") -> -0.0093107542 | F34: =IFERROR(F31/E31-1,"n.a.") -> 0.24618393 | G34: n.a. | H34: =IFERROR(H31/F31-1,"n.a.") -> 0.011819653
B35: Sequential change | C35: =IFERROR(C31-F32,"n.a.") -> 25 | D35: =IFERROR(D31-C31,"n.a.") -> -670 | E35: =IFERROR(E31-D31,"n.a.") -> -149 | F35: =IFERROR(F31-E31,"n.a.") -> 3903 | G35: n.a. | H35: =IFERROR(H31-F31,"n.a.") -> 233.52089
B36: M&A / scope impact | C36: n.a. | D36: n.a. | E36: n.a. | F36: n.a. | G36: n.a. | H36: n.a. | I36: Not disclosed by Delta (no acquisitions consolidated); explicitly unavailable, not zero.
B37: FX impact | C37: n.a. | D37: n.a. | E37: n.a. | F37: n.a. | G37: n.a. | H37: n.a. | I37: Delta does not disclose an FX impact on revenue; explicitly unavailable, not zero.
B38: Organic growth | C38: =IF(AND(ISNUMBER(C33),ISNUMBER(C36),ISNUMBER(C37)),(1+C33)/((1+C36)*(1+C37))-1,"n.a.") -> n.a. | D38: =IF(AND(ISNUMBER(D33),ISNUMBER(D36),ISNUMBER(D37)),(1+D33)/((1+D36)*(1+D37))-1,"n.a.") -> n.a. | E38: =IF(AND(ISNUMBER(E33),ISNUMBER(E36),ISNUMBER(E37)),(1+E33)/((1+E36)*(1+E37))-1,"n.a.") -> n.a. | F38: =IF(AND(ISNUMBER(F33),ISNUMBER(F36),ISNUMBER(F37)),(1+F33)/((1+F36)*(1+F37))-1,"n.a.") -> n.a. | G38: =IF(AND(ISNUMBER(G33),ISNUMBER(G36),ISNUMBER(G37)),(1+G33)/((1+G36)*(1+G37))-1,"n.a.") -> n.a. | H38: =IF(AND(ISNUMBER(H33),ISNUMBER(H36),ISNUMBER(H37)),(1+H33)/((1+H36)*(1+H37))-1,"n.a.") -> n.a. | I38: Organic = (1+Y/Y)/((1+M&A)*(1+FX))-1.
B39: Total growth (% Y/Y) | C39: =C33 -> 0.063532564 | D39: =D33 -> 0.028536538 | E39: =E33 -> 0.12920228 | F39: =F33 -> 0.18674916 | G39: =G33 -> 0.027918823 | H39: =H33 -> 0.19897564
B41: Revenue by type (income statement captions)
B42: Passenger | C42: ='Segment - Airline'!C81 -> 13506 | D42: ='Segment - Airline'!D81 -> 12916 | E42: ='Segment - Airline'!E81 -> 12302 | F42: ='Segment - Airline'!F81 -> 15607 | G42: ='Segment - Airline'!G81 -> 51768 | H42: ='Segment - Airline'!H81 -> 15701.739
B43: % Y/Y | C43: ='Segment - Airline'!C83 -> 0.030441749 | D43: ='Segment - Airline'!D83 -> 0.007881389 | E43: ='Segment - Airline'!E83 -> 0.071602787 | F43: ='Segment - Airline'!F83 -> 0.12547775 | G43: ='Segment - Airline'!G83 -> 0.017172948 | H43: ='Segment - Airline'!H83 -> 0.16257507
B44: % Q/Q | C44: ='Segment - Airline'!C84 -> -0.026033028 | D44: ='Segment - Airline'!D84 -> -0.043684288 | E44: ='Segment - Airline'!E84 -> -0.047537937 | F44: ='Segment - Airline'!F84 -> 0.2686555 | G44: ='Segment - Airline'!G84 -> n.a. | H44: ='Segment - Airline'!H84 -> 0.006070281
B45: % of total revenue | C45: =C42/C31 -> 0.81005218 | D45: =D42/D31 -> 0.80709867 | E45: =E42/E31 -> 0.77595559 | F45: =F42/F31 -> 0.78994787 | G45: =G42/G31 -> 0.81699388 | H45: =H42/H31 -> 0.78545922
B46: M&A / scope impact | C46: n.a. | D46: n.a. | E46: n.a. | F46: n.a. | G46: n.a. | H46: n.a. | I46: Not disclosed by Delta (no acquisitions consolidated); explicitly unavailable, not zero.
B47: FX impact | C47: n.a. | D47: n.a. | E47: n.a. | F47: n.a. | G47: n.a. | H47: n.a. | I47: Delta does not disclose an FX impact on revenue; explicitly unavailable, not zero.
B48: Organic growth | C48: =IF(AND(ISNUMBER(C43),ISNUMBER(C46),ISNUMBER(C47)),(1+C43)/((1+C46)*(1+C47))-1,"n.a.") -> n.a. | D48: =IF(AND(ISNUMBER(D43),ISNUMBER(D46),ISNUMBER(D47)),(1+D43)/((1+D46)*(1+D47))-1,"n.a.") -> n.a. | E48: =IF(AND(ISNUMBER(E43),ISNUMBER(E46),ISNUMBER(E47)),(1+E43)/((1+E46)*(1+E47))-1,"n.a.") -> n.a. | F48: =IF(AND(ISNUMBER(F43),ISNUMBER(F46),ISNUMBER(F47)),(1+F43)/((1+F46)*(1+F47))-1,"n.a.") -> n.a. | G48: =IF(AND(ISNUMBER(G43),ISNUMBER(G46),ISNUMBER(G47)),(1+G43)/((1+G46)*(1+G47))-1,"n.a.") -> n.a. | H48: =IF(AND(ISNUMBER(H43),ISNUMBER(H46),ISNUMBER(H47)),(1+H43)/((1+H46)*(1+H47))-1,"n.a.") -> n.a. | I48: Organic = (1+Y/Y)/((1+M&A)*(1+FX))-1.
B49: Total growth (% Y/Y) | C49: =C43 -> 0.030441749 | D49: =D43 -> 0.007881389 | E49: =E43 -> 0.071602787 | F49: =F43 -> 0.12547775 | G49: =G43 -> 0.017172948 | H49: =H43 -> 0.16257507
B50: Cargo | C50: ='Segment - Airline'!C94 -> 233 | D50: ='Segment - Airline'!D94 -> 246 | E50: ='Segment - Airline'!E94 -> 226 | F50: ='Segment - Airline'!F94 -> 294 | G50: ='Segment - Airline'!G94 -> 900 | H50: ='Segment - Airline'!H94 -> 302.9
B51: % Y/Y | C51: ='Segment - Airline'!C96 -> 0.18877551 | D51: ='Segment - Airline'!D96 -> -0.012048193 | E51: ='Segment - Airline'!E96 -> 0.086538462 | F51: ='Segment - Airline'!F96 -> 0.38679245 | G51: ='Segment - Airline'!G96 -> 0.094890511 | H51: ='Segment - Airline'!H96 -> 0.3
B52: % Q/Q | C52: ='Segment - Airline'!C97 -> 0.099056604 | D52: ='Segment - Airline'!D97 -> 0.055793991 | E52: ='Segment - Airline'!E97 -> -0.081300813 | F52: ='Segment - Airline'!F97 -> 0.30088496 | G52: ='Segment - Airline'!G97 -> n.a. | H52: ='Segment - Airline'!H97 -> 0.030272109
B53: % of total revenue | C53: =C50/C31 -> 0.01397469 | D53: =D50/D31 -> 0.015372118 | E53: =E50/E31 -> 0.014255078 | F53: =F50/F31 -> 0.014880802 | G53: =G50/G31 -> 0.014203649 | H53: =H50/H31 -> 0.015152181
B54: M&A / scope impact | C54: n.a. | D54: n.a. | E54: n.a. | F54: n.a. | G54: n.a. | H54: n.a. | I54: Not disclosed by Delta (no acquisitions consolidated); explicitly unavailable, not zero.
B55: FX impact | C55: n.a. | D55: n.a. | E55: n.a. | F55: n.a. | G55: n.a. | H55: n.a. | I55: Delta does not disclose an FX impact on revenue; explicitly unavailable, not zero.
B56: Organic growth | C56: =IF(AND(ISNUMBER(C51),ISNUMBER(C54),ISNUMBER(C55)),(1+C51)/((1+C54)*(1+C55))-1,"n.a.") -> n.a. | D56: =IF(AND(ISNUMBER(D51),ISNUMBER(D54),ISNUMBER(D55)),(1+D51)/((1+D54)*(1+D55))-1,"n.a.") -> n.a. | E56: =IF(AND(ISNUMBER(E51),ISNUMBER(E54),ISNUMBER(E55)),(1+E51)/((1+E54)*(1+E55))-1,"n.a.") -> n.a. | F56: =IF(AND(ISNUMBER(F51),ISNUMBER(F54),ISNUMBER(F55)),(1+F51)/((1+F54)*(1+F55))-1,"n.a.") -> n.a. | G56: =IF(AND(ISNUMBER(G51),ISNUMBER(G54),ISNUMBER(G55)),(1+G51)/((1+G54)*(1+G55))-1,"n.a.") -> n.a. | H56: =IF(AND(ISNUMBER(H51),ISNUMBER(H54),ISNUMBER(H55)),(1+H51)/((1+H54)*(1+H55))-1,"n.a.") -> n.a. | I56: Organic = (1+Y/Y)/((1+M&A)*(1+FX))-1.
B57: Total growth (% Y/Y) | C57: =C51 -> 0.18877551 | D57: =D51 -> -0.012048193 | E57: =E51 -> 0.086538462 | F57: =F51 -> 0.38679245 | G57: =G51 -> 0.094890511 | H57: =H51 -> 0.3
B58: Other - excluding refinery | C58: ='Segment - Airline'!C151 -> 1458 | D58: ='Segment - Airline'!D151 -> 1444 | E58: ='Segment - Airline'!E151 -> 1672 | F58: ='Segment - Airline'!F151 -> 1765 | G58: ='Segment - Airline'!G151 -> 5619 | H58: ='Segment - Airline'!H151 -> 1754.902
B59: % Y/Y | C59: ='Segment - Airline'!C153 -> 0.12935709 | D59: ='Segment - Airline'!D153 -> 0.050946143 | E59: ='Segment - Airline'!E153 -> 0.29612403 | F59: ='Segment - Airline'!F153 -> 0.2359944 | G59: ='Segment - Airline'!G153 -> 0.063197729 | H59: ='Segment - Airline'!H153 -> 0.20363649
B60: % Q/Q | C60: ='Segment - Airline'!C154 -> 0.021008403 | D60: ='Segment - Airline'!D154 -> -0.0096021948 | E60: ='Segment - Airline'!E154 -> 0.15789474 | F60: ='Segment - Airline'!F154 -> 0.05562201 | G60: ='Segment - Airline'!G154 -> n.a. | H60: ='Segment - Airline'!H154 -> -0.0057212465
B61: % of total revenue | C61: =C58/C31 -> 0.08744677 | D61: =D58/D31 -> 0.090233081 | E61: =E58/E31 -> 0.10546234 | F61: =F58/F31 -> 0.089335425 | G61: =G58/G31 -> 0.088678114 | H61: =H58/H31 -> 0.087786707
B62: M&A / scope impact | C62: n.a. | D62: n.a. | E62: n.a. | F62: n.a. | G62: n.a. | H62: n.a. | I62: Not disclosed by Delta (no acquisitions consolidated); explicitly unavailable, not zero.
B63: FX impact | C63: n.a. | D63: n.a. | E63: n.a. | F63: n.a. | G63: n.a. | H63: n.a. | I63: Delta does not disclose an FX impact on revenue; explicitly unavailable, not zero.
B64: Organic growth | C64: =IF(AND(ISNUMBER(C59),ISNUMBER(C62),ISNUMBER(C63)),(1+C59)/((1+C62)*(1+C63))-1,"n.a.") -> n.a. | D64: =IF(AND(ISNUMBER(D59),ISNUMBER(D62),ISNUMBER(D63)),(1+D59)/((1+D62)*(1+D63))-1,"n.a.") -> n.a. | E64: =IF(AND(ISNUMBER(E59),ISNUMBER(E62),ISNUMBER(E63)),(1+E59)/((1+E62)*(1+E63))-1,"n.a.") -> n.a. | F64: =IF(AND(ISNUMBER(F59),ISNUMBER(F62),ISNUMBER(F63)),(1+F59)/((1+F62)*(1+F63))-1,"n.a.") -> n.a. | G64: =IF(AND(ISNUMBER(G59),ISNUMBER(G62),ISNUMBER(G63)),(1+G59)/((1+G62)*(1+G63))-1,"n.a.") -> n.a. | H64: =IF(AND(ISNUMBER(H59),ISNUMBER(H62),ISNUMBER(H63)),(1+H59)/((1+H62)*(1+H63))-1,"n.a.") -> n.a. | I64: Organic = (1+Y/Y)/((1+M&A)*(1+FX))-1.
B65: Total growth (% Y/Y) | C65: =C59 -> 0.12935709 | D65: =D59 -> 0.050946143 | E65: =E59 -> 0.29612403 | F65: =F59 -> 0.2359944 | G65: =G59 -> 0.063197729 | H65: =H59 -> 0.20363649
B66: Other - third-party refinery sales | C66: ='Segment - Refinery'!C28 -> 1476 | D66: ='Segment - Refinery'!D28 -> 1397 | E66: ='Segment - Refinery'!E28 -> 1654 | F66: ='Segment - Refinery'!F28 -> 2091 | G66: ='Segment - Refinery'!G28 -> 5077 | H66: ='Segment - Refinery'!H28 -> 2230.98
B67: % Y/Y | C67: ='Segment - Refinery'!C30 -> 0.36288089 | D67: ='Segment - Refinery'!D30 -> 0.24509804 | E67: ='Segment - Refinery'!E30 -> 0.55743879 | F67: ='Segment - Refinery'!F30 -> 0.83260298 | G67: ='Segment - Refinery'!G30 -> 0.093709608 | H67: ='Segment - Refinery'!H30 -> 0.51150407
B68: % Q/Q | C68: ='Segment - Refinery'!C31 -> 0.2936021 | D68: ='Segment - Refinery'!D31 -> -0.053523035 | E68: ='Segment - Refinery'!E31 -> 0.18396564 | F68: ='Segment - Refinery'!F31 -> 0.26420798 | G68: ='Segment - Refinery'!G31 -> n.a. | H68: ='Segment - Refinery'!H31 -> 0.066944052
B69: % of total revenue | C69: =C66/C31 -> 0.08852636 | D69: =D66/D31 -> 0.087296132 | E69: =E66/E31 -> 0.10432698 | F69: =F66/F31 -> 0.10583591 | G69: =G66/G31 -> 0.080124361 | H69: =H66/H31 -> 0.11160189
B70: M&A / scope impact | C70: n.a. | D70: n.a. | E70: n.a. | F70: n.a. | G70: n.a. | H70: n.a. | I70: Not disclosed by Delta (no acquisitions consolidated); explicitly unavailable, not zero.
B71: FX impact | C71: n.a. | D71: n.a. | E71: n.a. | F71: n.a. | G71: n.a. | H71: n.a. | I71: Delta does not disclose an FX impact on revenue; explicitly unavailable, not zero.
B72: Organic growth | C72: =IF(AND(ISNUMBER(C67),ISNUMBER(C70),ISNUMBER(C71)),(1+C67)/((1+C70)*(1+C71))-1,"n.a.") -> n.a. | D72: =IF(AND(ISNUMBER(D67),ISNUMBER(D70),ISNUMBER(D71)),(1+D67)/((1+D70)*(1+D71))-1,"n.a.") -> n.a. | E72: =IF(AND(ISNUMBER(E67),ISNUMBER(E70),ISNUMBER(E71)),(1+E67)/((1+E70)*(1+E71))-1,"n.a.") -> n.a. | F72: =IF(AND(ISNUMBER(F67),ISNUMBER(F70),ISNUMBER(F71)),(1+F67)/((1+F70)*(1+F71))-1,"n.a.") -> n.a. | G72: =IF(AND(ISNUMBER(G67),ISNUMBER(G70),ISNUMBER(G71)),(1+G67)/((1+G70)*(1+G71))-1,"n.a.") -> n.a. | H72: =IF(AND(ISNUMBER(H67),ISNUMBER(H70),ISNUMBER(H71)),(1+H67)/((1+H70)*(1+H71))-1,"n.a.") -> n.a. | I72: Organic = (1+Y/Y)/((1+M&A)*(1+FX))-1.
B73: Total growth (% Y/Y) | C73: =C67 -> 0.36288089 | D73: =D67 -> 0.24509804 | E73: =E67 -> 0.55743879 | F73: =F67 -> 0.83260298 | G73: =G67 -> 0.093709608 | H73: =H67 -> 0.51150407
B74: Other revenue (IS caption) | C74: =C58+C66 -> 2934 | D74: =D58+D66 -> 2841 | E74: =E58+E66 -> 3326 | F74: =F58+F66 -> 3856 | G74: =G58+G66 -> 10696 | H74: =H58+H66 -> 3985.882
B75: PY comparative | C75: ='Segment - Airline'!C152+'Segment - Refinery'!C29 -> 2374 | D75: ='Segment - Airline'!D152+'Segment - Refinery'!D29 -> 2496 | E75: ='Segment - Airline'!E152+'Segment - Refinery'!E29 -> 2352 | F75: ='Segment - Airline'!F152+'Segment - Refinery'!F29 -> 2569 | G75: ='Segment - Airline'!G152+'Segment - Refinery'!G29 -> 9927 | H75: =C74 -> 2934
B76: % Y/Y | C76: =IFERROR(C74/C75-1,"n.a.") -> 0.2358888 | D76: =IFERROR(D74/D75-1,"n.a.") -> 0.13822115 | E76: =IFERROR(E74/E75-1,"n.a.") -> 0.41411565 | F76: =IFERROR(F74/F75-1,"n.a.") -> 0.50097314 | G76: =IFERROR(G74/G75-1,"n.a.") -> 0.077465498 | H76: =IFERROR(H74/C74-1,"n.a.") -> 0.35851466
B77: % Q/Q | C77: =IFERROR(C74/F75-1,"n.a.") -> 0.14207863 | D77: =IFERROR(D74/C74-1,"n.a.") -> -0.031697342 | E77: =IFERROR(E74/D74-1,"n.a.") -> 0.17071454 | F77: =IFERROR(F74/E74-1,"n.a.") -> 0.15935057 | G77: n.a. | H77: =IFERROR(H74/F74-1,"n.a.") -> 0.033683095
B78: % of total revenue | C78: =C74/C31 -> 0.17597313 | D78: =D74/D31 -> 0.17752921 | E78: =E74/E31 -> 0.20978933 | F78: =F74/F31 -> 0.19517133 | G78: =G74/G31 -> 0.16880247 | H78: =H74/H31 -> 0.1993886
B79: M&A / scope impact | C79: n.a. | D79: n.a. | E79: n.a. | F79: n.a. | G79: n.a. | H79: n.a. | I79: Not disclosed by Delta (no acquisitions consolidated); explicitly unavailable, not zero.
B80: FX impact | C80: n.a. | D80: n.a. | E80: n.a. | F80: n.a. | G80: n.a. | H80: n.a. | I80: Delta does not disclose an FX impact on revenue; explicitly unavailable, not zero.
B81: Organic growth | C81: =IF(AND(ISNUMBER(C76),ISNUMBER(C79),ISNUMBER(C80)),(1+C76)/((1+C79)*(1+C80))-1,"n.a.") -> n.a. | D81: =IF(AND(ISNUMBER(D76),ISNUMBER(D79),ISNUMBER(D80)),(1+D76)/((1+D79)*(1+D80))-1,"n.a.") -> n.a. | E81: =IF(AND(ISNUMBER(E76),ISNUMBER(E79),ISNUMBER(E80)),(1+E76)/((1+E79)*(1+E80))-1,"n.a.") -> n.a. | F81: =IF(AND(ISNUMBER(F76),ISNUMBER(F79),ISNUMBER(F80)),(1+F76)/((1+F79)*(1+F80))-1,"n.a.") -> n.a. | G81: =IF(AND(ISNUMBER(G76),ISNUMBER(G79),ISNUMBER(G80)),(1+G76)/((1+G79)*(1+G80))-1,"n.a.") -> n.a. | H81: =IF(AND(ISNUMBER(H76),ISNUMBER(H79),ISNUMBER(H80)),(1+H76)/((1+H79)*(1+H80))-1,"n.a.") -> n.a. | I81: Organic = (1+Y/Y)/((1+M&A)*(1+FX))-1.
B82: Total growth (% Y/Y) | C82: =C76 -> 0.2358888 | D82: =D76 -> 0.13822115 | E82: =E76 -> 0.41411565 | F82: =F76 -> 0.50097314 | G82: =G76 -> 0.077465498 | H82: =H76 -> 0.35851466
B83: Other revenue as reported | C83: 2934 | D83: 2841 | E83: 3326 | F83: 3856 | G83: 10696 | H83: n.a. | I83: Source S9,S7,S5,S3.
B84: Total operating revenue - by type | C84: =C42+C50+C74 -> 16673 | D84: =D42+D50+D74 -> 16003 | E84: =E42+E50+E74 -> 15854 | F84: =F42+F50+F74 -> 19757 | G84: =G42+G50+G74 -> 63364 | H84: =H42+H50+H74 -> 19990.521
B85: Check: segments sum to total | C85: =ABS(C31-C84)<0.5 -> TRUE | D85: =ABS(D31-D84)<0.5 -> TRUE | E85: =ABS(E31-E84)<0.5 -> TRUE | F85: =ABS(F31-F84)<0.5 -> TRUE | G85: =ABS(G31-G84)<0.5 -> TRUE | H85: =ABS(H31-H84)<0.5 -> TRUE | I85: Tolerance: segment build = type build. 3Q26E column: construction identity (built from a residual/same inputs), excluded from Cover!C33 PASS.
B86: Check: other revenue = reported | C86: =ABS(C74-C83)<0.5 -> TRUE | D86: =ABS(D74-D83)<0.5 -> TRUE | E86: =ABS(E74-E83)<0.5 -> TRUE | F86: =ABS(F74-F83)<0.5 -> TRUE | G86: =ABS(G74-G83)<0.5 -> TRUE | H86: n.a.
B88: Adjusted revenue (company guidance basis)
B89: Operating revenue, adjusted | C89: =C31-C66 -> 15197 | D89: =D31-D66 -> 14606 | E89: =E31-E66 -> 14200 | F89: =F31-F66 -> 17666 | G89: =G31-G66 -> 58287 | H89: =H31-H66 -> 17759.541 | I89: Total operating revenue less third-party refinery sales (Delta guidance basis).
B90: PY comparative | C90: ='Segment - Airline'!C163 -> 14594 | D90: ='Segment - Airline'!D163 -> 14437 | E90: ='Segment - Airline'!E163 -> 12978 | F90: ='Segment - Airline'!F163 -> 15507 | G90: ='Segment - Airline'!G163 -> 57001 | H90: =C89 -> 15197
B91: % Y/Y | C91: =IFERROR(C89/C90-1,"n.a.") -> 0.04131835 | D91: =IFERROR(D89/D90-1,"n.a.") -> 0.011706033 | E91: =IFERROR(E89/E90-1,"n.a.") -> 0.094159347 | F91: =IFERROR(F89/F90-1,"n.a.") -> 0.13922745 | G91: =IFERROR(G89/G90-1,"n.a.") -> 0.022561008 | H91: =IFERROR(H89/C89-1,"n.a.") -> 0.1686215
B92: % Q/Q | C92: =IFERROR(C89/F90-1,"n.a.") -> -0.019990972 | D92: =IFERROR(D89/C89-1,"n.a.") -> -0.038889254 | E92: =IFERROR(E89/D89-1,"n.a.") -> -0.027796796 | F92: =IFERROR(F89/E89-1,"n.a.") -> 0.24408451 | G92: n.a. | H92: =IFERROR(H89/F89-1,"n.a.") -> 0.0052949663
B93: M&A / scope impact | C93: n.a. | D93: n.a. | E93: n.a. | F93: n.a. | G93: n.a. | H93: n.a. | I93: Not disclosed by Delta (no acquisitions consolidated); explicitly unavailable, not zero.
B94: FX impact | C94: n.a. | D94: n.a. | E94: n.a. | F94: n.a. | G94: n.a. | H94: n.a. | I94: Delta does not disclose an FX impact on revenue; explicitly unavailable, not zero.
B95: Organic growth | C95: =IF(AND(ISNUMBER(C91),ISNUMBER(C93),ISNUMBER(C94)),(1+C91)/((1+C93)*(1+C94))-1,"n.a.") -> n.a. | D95: =IF(AND(ISNUMBER(D91),ISNUMBER(D93),ISNUMBER(D94)),(1+D91)/((1+D93)*(1+D94))-1,"n.a.") -> n.a. | E95: =IF(AND(ISNUMBER(E91),ISNUMBER(E93),ISNUMBER(E94)),(1+E91)/((1+E93)*(1+E94))-1,"n.a.") -> n.a. | F95: =IF(AND(ISNUMBER(F91),ISNUMBER(F93),ISNUMBER(F94)),(1+F91)/((1+F93)*(1+F94))-1,"n.a.") -> n.a. | G95: =IF(AND(ISNUMBER(G91),ISNUMBER(G93),ISNUMBER(G94)),(1+G91)/((1+G93)*(1+G94))-1,"n.a.") -> n.a. | H95: =IF(AND(ISNUMBER(H91),ISNUMBER(H93),ISNUMBER(H94)),(1+H91)/((1+H93)*(1+H94))-1,"n.a.") -> n.a. | I95: Organic = (1+Y/Y)/((1+M&A)*(1+FX))-1.
B96: Total growth (% Y/Y) | C96: =C91 -> 0.04131835 | D96: =D91 -> 0.011706033 | E96: =E91 -> 0.094159347 | F96: =F91 -> 0.13922745 | G96: =G91 -> 0.022561008 | H96: =H91 -> 0.1686215
B97: Guidance low end (14%) | H97: =Guidance!E24 -> 0.14 | I97: 3Q26 guidance "up mid-teens".
B98: Guidance high end (16%) | H98: =Guidance!F24 -> 0.16 | I98: 3Q26 guidance "up mid-teens".
B99: Geography: Delta discloses four regions (Domestic, Atlantic, Latin America, Pacific) - see Geo tab.

Sheet Segment - Airline
B2: Delta Air Lines, Inc. (NYSE: DAL)
B3: Segment - Airline (drivers, revenue build, segment profit)
B4: $ millions, except per share
B6: Period | C6: 3Q25A | D6: 4Q25A | E6: 1Q26A | F6: 2Q26A | G6: FY25A | H6: 3Q26E | I6: Notes
B7: Period end | C7: 45930 | D7: 46022 | E7: 46112 | F7: 46203 | G7: 46022 | H7: 46295
B8: Days in period | C8: 92 | D8: 92 | E8: 90 | F8: 91 | G8: 365 | H8: 92
B10: Capacity and traffic
B11: Available seat miles (ASMs, millions) | C11: 79054 | D11: 72946 | E11: 69163 | F11: 78694 | G11: 298045 | H11: =H12*(1+H13) -> 79844.54 | I11: Source S9,S7,S5,S3.
B12: PY comparative | C12: 76162 | D12: 72035 | E12: 68401 | F12: 77645 | G12: 288394 | H12: =C11 -> 79054 | I12: Source S9,S7,S5,S3. Prior-year comparative as reported.
B13: % Y/Y | C13: =IFERROR(C11/C12-1,"n.a.") -> 0.037971692 | D13: =IFERROR(D11/D12-1,"n.a.") -> 0.01264663 | E13: =IFERROR(E11/E12-1,"n.a.") -> 0.011140188 | F13: =IFERROR(F11/F12-1,"n.a.") -> 0.013510207 | G13: =IFERROR(G11/G12-1,"n.a.") -> 0.033464635 | H13: 0.01 | I13: 3Q26E input: capacity +1% Y/Y (2Q26 call, S11).
B14: Sequential change | C14: =IFERROR(C11-F12,"n.a.") -> 1409 | D14: =IFERROR(D11-C11,"n.a.") -> -6108 | E14: =IFERROR(E11-D11,"n.a.") -> -3783 | F14: =IFERROR(F11-E11,"n.a.") -> 9531 | G14: n.a. | H14: =IFERROR(H11-F11,"n.a.") -> 1150.54
B15: RPMs (millions) | C15: 67621 | D15: 59861 | E15: 56470 | F15: 66767 | G15: 249578 | H15: =H11*H19 -> 67867.859 | I15: Source S9,S7,S5,S3. Revenue passenger miles.
B16: PY comparative | C16: 66310 | D16: 60387 | E16: 55678 | F16: 66417 | G16: 246145 | H16: =C15 -> 67621 | I16: Source S9,S7,S5,S3. Prior-year comparative as reported.
B17: % Y/Y | C17: =IFERROR(C15/C16-1,"n.a.") -> 0.019770774 | D17: =IFERROR(D15/D16-1,"n.a.") -> -0.008710484 | E17: =IFERROR(E15/E16-1,"n.a.") -> 0.014224649 | F17: =IFERROR(F15/F16-1,"n.a.") -> 0.0052697352 | G17: =IFERROR(G15/G16-1,"n.a.") -> 0.013947064 | H17: =IFERROR(H15/C15-1,"n.a.") -> 0.0036506263
B18: Sequential change | C18: =IFERROR(C15-F16,"n.a.") -> 1204 | D18: =IFERROR(D15-C15,"n.a.") -> -7760 | E18: =IFERROR(E15-D15,"n.a.") -> -3391 | F18: =IFERROR(F15-E15,"n.a.") -> 10297 | G18: n.a. | H18: =IFERROR(H15-F15,"n.a.") -> 1100.859
B19: Passenger load factor | C19: =C15/C11 -> 0.85537734 | D19: =D15/D11 -> 0.82062073 | E19: =E15/E11 -> 0.81647702 | F19: =F15/F11 -> 0.84843825 | G19: =G15/G11 -> 0.83738362 | H19: 0.85 | I19: 3Q26E input 85.0% (3Q25 85.5%; 2Q26 -0.7 pt Y/Y).
B20: Prior-year load factor | C20: =C16/C12 -> 0.87064415 | D20: =D16/D12 -> 0.83830083 | E20: =E16/E12 -> 0.81399395 | F20: =F16/F12 -> 0.85539314 | G20: =G16/G12 -> 0.8535025 | H20: =C19 -> 0.85537734
B21: Change Y/Y (bps) | C21: =IFERROR((C19-C20)*10000,"n.a.") -> -152.66816 | D21: =IFERROR((D19-D20)*10000,"n.a.") -> -176.80093 | E21: =IFERROR((E19-E20)*10000,"n.a.") -> 24.830706 | F21: =IFERROR((F19-F20)*10000,"n.a.") -> -69.548809 | G21: =IFERROR((G19-G20)*10000,"n.a.") -> -161.18883 | H21: =IFERROR((H19-C19)*10000,"n.a.") -> -53.77337
B22: Change Q/Q (bps) | C22: =IFERROR((C19-F20)*10000,"n.a.") -> -0.15798414 | D22: =IFERROR((D19-C19)*10000,"n.a.") -> -347.56604 | E22: =IFERROR((E19-D19)*10000,"n.a.") -> -41.437151 | F22: =IFERROR((F19-E19)*10000,"n.a.") -> 319.61236 | G22: n.a. | H22: =IFERROR((H19-F19)*10000,"n.a.") -> 15.617455
B23: Passenger mile yield (cents) | C23: =C81/C15*100 -> 19.973085 | D23: =D81/D15*100 -> 21.576653 | E23: =E81/E15*100 -> 21.785019 | F23: =F81/F15*100 -> 23.37532 | G23: =G81/G15*100 -> 20.742213 | H23: =H81/H15*100 -> 23.135751
B24: Prior-year yield (cents) | C24: =C82/C16*100 -> 19.766249 | D24: =D82/D16*100 -> 21.221455 | E24: =E82/E16*100 -> 20.618557 | F24: =F82/F16*100 -> 20.878691 | G24: =G82/G16*100 -> 20.676431 | H24: =C23 -> 19.973085
B25: % Y/Y | C25: =IFERROR(C23/C24-1,"n.a.") -> 0.010464092 | D25: =IFERROR(D23/D24-1,"n.a.") -> 0.016737666 | E25: =IFERROR(E23/E24-1,"n.a.") -> 0.056573402 | F25: =IFERROR(F23/F24-1,"n.a.") -> 0.11957787 | G25: =IFERROR(G23/G24-1,"n.a.") -> 0.0031815112 | H25: =IFERROR(H23/C23-1,"n.a.") -> 0.15834638
B26: Sequential change | C26: =IFERROR(C23-F24,"n.a.") -> -0.90560541 | D26: =IFERROR(D23-C23,"n.a.") -> 1.6035673 | E26: =IFERROR(E23-D23,"n.a.") -> 0.20836602 | F26: =IFERROR(F23-E23,"n.a.") -> 1.5903015 | G26: n.a. | H26: =IFERROR(H23-F23,"n.a.") -> -0.23956913
B27: PRASM (cents) | C27: =C81/C11*100 -> 17.084525 | D27: =D81/D11*100 -> 17.706248 | E27: =E81/E11*100 -> 17.786967 | F27: =F81/F11*100 -> 19.832516 | G27: =G81/G11*100 -> 17.369189 | H27: =H81/H11*100 -> 19.665388 | I27: Passenger revenue per ASM.
B28: Prior-year PRASM (cents) | C28: =C82/C12*100 -> 17.20937 | D28: =D82/D12*100 -> 17.789963 | E28: =E82/E12*100 -> 16.78338 | F28: =F82/F12*100 -> 17.859489 | G28: =G82/G12*100 -> 17.647385 | H28: =C27 -> 17.084525
B29: % Y/Y | C29: =IFERROR(C27/C28-1,"n.a.") -> -0.0072544784 | D29: =IFERROR(D27/D28-1,"n.a.") -> -0.0047057295 | E29: =IFERROR(E27/E28-1,"n.a.") -> 0.059796456 | F29: =IFERROR(F27/F28-1,"n.a.") -> 0.11047501 | G29: =IFERROR(G27/G28-1,"n.a.") -> -0.015764146 | H29: =IFERROR(H27/C27-1,"n.a.") -> 0.15106442
B30: Sequential change | C30: =IFERROR(C27-F28,"n.a.") -> -0.7749642 | D30: =IFERROR(D27-C27,"n.a.") -> 0.62172396 | E30: =IFERROR(E27-D27,"n.a.") -> 0.080718562 | F30: =IFERROR(F27-E27,"n.a.") -> 2.0455488 | G30: n.a. | H30: =IFERROR(H27-F27,"n.a.") -> -0.16712746
B31: TRASM, adjusted (cents) | C31: =C162/C11*100 -> 19.223569 | D31: =D162/D11*100 -> 20.023031 | E31: =E162/E11*100 -> 20.531209 | F31: =F162/F11*100 -> 22.44898 | G31: =G162/G11*100 -> 19.556443 | H31: =H162/H11*100 -> 22.242649 | I31: Airline revenue per ASM.
B32: Prior-year TRASM, adjusted (cents) | C32: =C163/C12*100 -> 19.161787 | D32: =D163/D12*100 -> 20.041646 | E32: =E163/E12*100 -> 18.973407 | F32: =F163/F12*100 -> 19.971666 | G32: =G163/G12*100 -> 19.764974 | H32: =C31 -> 19.223569
B33: % Y/Y | C33: =IFERROR(C31/C32-1,"n.a.") -> 0.0032242287 | D33: =IFERROR(D31/D32-1,"n.a.") -> -0.00092885018 | E33: =IFERROR(E31/E32-1,"n.a.") -> 0.082104499 | F33: =IFERROR(F31/F32-1,"n.a.") -> 0.12404141 | G33: =IFERROR(G31/G32-1,"n.a.") -> -0.010550557 | H33: =IFERROR(H31/C31-1,"n.a.") -> 0.15705099
B34: Sequential change | C34: =IFERROR(C31-F32,"n.a.") -> -0.74809722 | D34: =IFERROR(D31-C31,"n.a.") -> 0.79946204 | E34: =IFERROR(E31-D31,"n.a.") -> 0.50817815 | F34: =IFERROR(F31-E31,"n.a.") -> 1.9177707 | G34: n.a. | H34: =IFERROR(H31-F31,"n.a.") -> -0.20633047
B35: TRASM, GAAP (cents) | C35: ='Income Statement'!C14/C11*100 -> 21.090647 | D35: ='Income Statement'!D14/D11*100 -> 21.938146 | E35: ='Income Statement'!E14/E11*100 -> 22.922661 | F35: ='Income Statement'!F14/F11*100 -> 25.106107 | G35: ='Income Statement'!G14/G11*100 -> 21.259877 | H35: ='Income Statement'!H14/H11*100 -> 25.036804 | I35: Total operating revenue (incl. refinery) per ASM.
B36: PY TRASM, GAAP (cents) | C36: ='Revenue summary'!C32/C12*100 -> 20.583756 | D36: ='Revenue summary'!D32/D12*100 -> 21.599223 | E36: ='Revenue summary'!E32/E12*100 -> 20.526016 | F36: ='Revenue summary'!F32/F12*100 -> 21.441175 | G36: ='Revenue summary'!G32/G12*100 -> 21.374578 | H36: =C35 -> 21.090647
B37: % Y/Y | C37: =IFERROR(C35/C36-1,"n.a.") -> 0.024625789 | D37: =IFERROR(D35/D36-1,"n.a.") -> 0.015691464 | E37: =IFERROR(E35/E36-1,"n.a.") -> 0.11676135 | F37: =IFERROR(F35/F36-1,"n.a.") -> 0.17092966 | G37: =IFERROR(G35/G36-1,"n.a.") -> -0.0053662332 | H37: =IFERROR(H35/C35-1,"n.a.") -> 0.1871046
B38: Sequential change | C38: =IFERROR(C35-F36,"n.a.") -> -0.35052768 | D38: =IFERROR(D35-C35,"n.a.") -> 0.84749913 | E38: =IFERROR(E35-D35,"n.a.") -> 0.98451493 | F38: =IFERROR(F35-E35,"n.a.") -> 2.1834462 | G38: n.a. | H38: =IFERROR(H35-F35,"n.a.") -> -0.069303321
B40: Passenger revenue by product
B41: Ticket - Main cabin | C41: 6063 | D41: 5620 | E41: 5404 | F41: 6851 | G41: 23391 | H41: =Geo!H67-H51-H61-H71 -> 6937.6989 | I41: Source S9,S7,S5,S3. 3Q26E = Geo passenger total less premium, loyalty awards and travel-related (residual). Main-cabin unit revenue was up mid-teens in Jun-26 (S11).
B42: PY comparative | C42: 6309 | D42: 6047 | E42: 5361 | F42: 6347 | G42: 24497 | H42: =C41 -> 6063 | I42: Source S9,S7,S5,S3. Prior-year comparative as reported.
B43: % Y/Y | C43: =IFERROR(C41/C42-1,"n.a.") -> -0.038991916 | D43: =IFERROR(D41/D42-1,"n.a.") -> -0.070613527 | E43: =IFERROR(E41/E42-1,"n.a.") -> 0.0080208916 | F43: =IFERROR(F41/F42-1,"n.a.") -> 0.079407594 | G43: =IFERROR(G41/G42-1,"n.a.") -> -0.045148386 | H43: =IFERROR(H41/C41-1,"n.a.") -> 0.14426833
B44: % Q/Q | C44: =IFERROR(C41/F42-1,"n.a.") -> -0.044745549 | D44: =IFERROR(D41/C41-1,"n.a.") -> -0.073066139 | E44: =IFERROR(E41/D41-1,"n.a.") -> -0.038434164 | F44: =IFERROR(F41/E41-1,"n.a.") -> 0.26776462 | G44: n.a. | H44: =IFERROR(H41/F41-1,"n.a.") -> 0.012654923
B45: Sequential change | C45: =IFERROR(C41-F42,"n.a.") -> -284 | D45: =IFERROR(D41-C41,"n.a.") -> -443 | E45: =IFERROR(E41-D41,"n.a.") -> -216 | F45: =IFERROR(F41-E41,"n.a.") -> 1447 | G45: n.a. | H45: =IFERROR(H41-F41,"n.a.") -> 86.698875
B46: % of passenger revenue (mix) | C46: =C41/C81 -> 0.44891159 | D46: =D41/D81 -> 0.43511923 | E46: =E41/E81 -> 0.43927817 | F46: =F41/F81 -> 0.43896969 | G46: =G41/G81 -> 0.45184284 | H46: =H41/H81 -> 0.44184271
B47: M&A / scope impact | C47: n.a. | D47: n.a. | E47: n.a. | F47: n.a. | G47: n.a. | H47: n.a. | I47: Not disclosed by Delta (no acquisitions consolidated); explicitly unavailable, not zero.
B48: FX impact | C48: n.a. | D48: n.a. | E48: n.a. | F48: n.a. | G48: n.a. | H48: n.a. | I48: Delta does not disclose an FX impact on revenue; explicitly unavailable, not zero.
B49: Organic growth | C49: =IF(AND(ISNUMBER(C43),ISNUMBER(C47),ISNUMBER(C48)),(1+C43)/((1+C47)*(1+C48))-1,"n.a.") -> n.a. | D49: =IF(AND(ISNUMBER(D43),ISNUMBER(D47),ISNUMBER(D48)),(1+D43)/((1+D47)*(1+D48))-1,"n.a.") -> n.a. | E49: =IF(AND(ISNUMBER(E43),ISNUMBER(E47),ISNUMBER(E48)),(1+E43)/((1+E47)*(1+E48))-1,"n.a.") -> n.a. | F49: =IF(AND(ISNUMBER(F43),ISNUMBER(F47),ISNUMBER(F48)),(1+F43)/((1+F47)*(1+F48))-1,"n.a.") -> n.a. | G49: =IF(AND(ISNUMBER(G43),ISNUMBER(G47),ISNUMBER(G48)),(1+G43)/((1+G47)*(1+G48))-1,"n.a.") -> n.a. | H49: =IF(AND(ISNUMBER(H43),ISNUMBER(H47),ISNUMBER(H48)),(1+H43)/((1+H47)*(1+H48))-1,"n.a.") -> n.a. | I49: Organic = (1+Y/Y)/((1+M&A)*(1+FX))-1.
B50: Total growth (% Y/Y) | C50: =C43 -> -0.038991916 | D50: =D43 -> -0.070613527 | E50: =E43 -> 0.0080208916 | F50: =F43 -> 0.079407594 | G50: =G43 -> -0.045148386 | H50: =H43 -> 0.14426833
B51: Ticket - Premium products | C51: 5796 | D51: 5695 | E51: 5363 | F51: 6920 | G51: 22097 | H51: =H52*(1+H53) -> 6897.24 | I51: Source S9,S7,S5,S3. 3Q26E = 3Q25 x (1 + growth input).
B52: PY comparative | C52: 5336 | D52: 5222 | E52: 4707 | F52: 5899 | G52: 20599 | H52: =C51 -> 5796 | I52: Source S9,S7,S5,S3. Prior-year comparative as reported.
B53: % Y/Y | C53: =IFERROR(C51/C52-1,"n.a.") -> 0.086206897 | D53: =IFERROR(D51/D52-1,"n.a.") -> 0.090578322 | E53: =IFERROR(E51/E52-1,"n.a.") -> 0.1393669 | F53: =IFERROR(F51/F52-1,"n.a.") -> 0.17308018 | G53: =IFERROR(G51/G52-1,"n.a.") -> 0.072721977 | H53: 0.19
B54: % Q/Q | C54: =IFERROR(C51/F52-1,"n.a.") -> -0.017460587 | D54: =IFERROR(D51/C51-1,"n.a.") -> -0.017425811 | E54: =IFERROR(E51/D51-1,"n.a.") -> -0.058296752 | F54: =IFERROR(F51/E51-1,"n.a.") -> 0.29032258 | G54: n.a. | H54: =IFERROR(H51/F51-1,"n.a.") -> -0.0032890173
B55: Sequential change | C55: =IFERROR(C51-F52,"n.a.") -> -103 | D55: =IFERROR(D51-C51,"n.a.") -> -101 | E55: =IFERROR(E51-D51,"n.a.") -> -332 | F55: =IFERROR(F51-E51,"n.a.") -> 1557 | G55: n.a. | H55: =IFERROR(H51-F51,"n.a.") -> -22.76
B56: % of passenger revenue (mix) | C56: =C51/C81 -> 0.4291426 | D56: =D51/D81 -> 0.44092598 | E56: =E51/E81 -> 0.43594537 | F56: =F51/F81 -> 0.44339079 | G56: =G51/G81 -> 0.4268467 | H56: =H51/H81 -> 0.439266
B57: M&A / scope impact | C57: n.a. | D57: n.a. | E57: n.a. | F57: n.a. | G57: n.a. | H57: n.a. | I57: Not disclosed by Delta (no acquisitions consolidated); explicitly unavailable, not zero.
B58: FX impact | C58: n.a. | D58: n.a. | E58: n.a. | F58: n.a. | G58: n.a. | H58: n.a. | I58: Delta does not disclose an FX impact on revenue; explicitly unavailable, not zero.
B59: Organic growth | C59: =IF(AND(ISNUMBER(C53),ISNUMBER(C57),ISNUMBER(C58)),(1+C53)/((1+C57)*(1+C58))-1,"n.a.") -> n.a. | D59: =IF(AND(ISNUMBER(D53),ISNUMBER(D57),ISNUMBER(D58)),(1+D53)/((1+D57)*(1+D58))-1,"n.a.") -> n.a. | E59: =IF(AND(ISNUMBER(E53),ISNUMBER(E57),ISNUMBER(E58)),(1+E53)/((1+E57)*(1+E58))-1,"n.a.") -> n.a. | F59: =IF(AND(ISNUMBER(F53),ISNUMBER(F57),ISNUMBER(F58)),(1+F53)/((1+F57)*(1+F58))-1,"n.a.") -> n.a. | G59: =IF(AND(ISNUMBER(G53),ISNUMBER(G57),ISNUMBER(G58)),(1+G53)/((1+G57)*(1+G58))-1,"n.a.") -> n.a. | H59: =IF(AND(ISNUMBER(H53),ISNUMBER(H57),ISNUMBER(H58)),(1+H53)/((1+H57)*(1+H58))-1,"n.a.") -> n.a. | I59: Organic = (1+Y/Y)/((1+M&A)*(1+FX))-1.
B60: Total growth (% Y/Y) | C60: =C53 -> 0.086206897 | D60: =D53 -> 0.090578322 | E60: =E53 -> 0.1393669 | F60: =F53 -> 0.17308018 | G60: =G53 -> 0.072721977 | H60: =H53 -> 0.19
B61: Loyalty travel awards | C61: 1108 | D61: 1096 | E61: 1029 | F61: 1247 | G61: 4237 | H61: =H62*(1+H63) -> 1263.12 | I61: Source S9,S7,S5,S3. 3Q26E = 3Q25 x (1 + growth input).
B62: PY comparative | C62: 978 | D62: 1043 | E62: 940 | F62: 1092 | G62: 3841 | H62: =C61 -> 1108 | I62: Source S9,S7,S5,S3. Prior-year comparative as reported.
B63: % Y/Y | C63: =IFERROR(C61/C62-1,"n.a.") -> 0.13292434 | D63: =IFERROR(D61/D62-1,"n.a.") -> 0.050814957 | E63: =IFERROR(E61/E62-1,"n.a.") -> 0.094680851 | F63: =IFERROR(F61/F62-1,"n.a.") -> 0.14194139 | G63: =IFERROR(G61/G62-1,"n.a.") -> 0.10309815 | H63: 0.14
B64: % Q/Q | C64: =IFERROR(C61/F62-1,"n.a.") -> 0.014652015 | D64: =IFERROR(D61/C61-1,"n.a.") -> -0.010830325 | E64: =IFERROR(E61/D61-1,"n.a.") -> -0.061131387 | F64: =IFERROR(F61/E61-1,"n.a.") -> 0.21185617 | G64: n.a. | H64: =IFERROR(H61/F61-1,"n.a.") -> 0.012927025
B65: Sequential change | C65: =IFERROR(C61-F62,"n.a.") -> 16 | D65: =IFERROR(D61-C61,"n.a.") -> -12 | E65: =IFERROR(E61-D61,"n.a.") -> -67 | F65: =IFERROR(F61-E61,"n.a.") -> 218 | G65: n.a. | H65: =IFERROR(H61-F61,"n.a.") -> 16.12
B66: % of passenger revenue (mix) | C66: =C61/C81 -> 0.082037613 | D66: =D61/D81 -> 0.084855993 | E66: =E61/E81 -> 0.083644936 | F66: =F61/F81 -> 0.079900045 | G66: =G61/G81 -> 0.081845928 | H66: =H61/H81 -> 0.080444593
B67: M&A / scope impact | C67: n.a. | D67: n.a. | E67: n.a. | F67: n.a. | G67: n.a. | H67: n.a. | I67: Not disclosed by Delta (no acquisitions consolidated); explicitly unavailable, not zero.
B68: FX impact | C68: n.a. | D68: n.a. | E68: n.a. | F68: n.a. | G68: n.a. | H68: n.a. | I68: Delta does not disclose an FX impact on revenue; explicitly unavailable, not zero.
B69: Organic growth | C69: =IF(AND(ISNUMBER(C63),ISNUMBER(C67),ISNUMBER(C68)),(1+C63)/((1+C67)*(1+C68))-1,"n.a.") -> n.a. | D69: =IF(AND(ISNUMBER(D63),ISNUMBER(D67),ISNUMBER(D68)),(1+D63)/((1+D67)*(1+D68))-1,"n.a.") -> n.a. | E69: =IF(AND(ISNUMBER(E63),ISNUMBER(E67),ISNUMBER(E68)),(1+E63)/((1+E67)*(1+E68))-1,"n.a.") -> n.a. | F69: =IF(AND(ISNUMBER(F63),ISNUMBER(F67),ISNUMBER(F68)),(1+F63)/((1+F67)*(1+F68))-1,"n.a.") -> n.a. | G69: =IF(AND(ISNUMBER(G63),ISNUMBER(G67),ISNUMBER(G68)),(1+G63)/((1+G67)*(1+G68))-1,"n.a.") -> n.a. | H69: =IF(AND(ISNUMBER(H63),ISNUMBER(H67),ISNUMBER(H68)),(1+H63)/((1+H67)*(1+H68))-1,"n.a.") -> n.a. | I69: Organic = (1+Y/Y)/((1+M&A)*(1+FX))-1.
B70: Total growth (% Y/Y) | C70: =C63 -> 0.13292434 | D70: =D63 -> 0.050814957 | E70: =E63 -> 0.094680851 | F70: =F63 -> 0.14194139 | G70: =G63 -> 0.10309815 | H70: =H63 -> 0.14
B71: Travel-related services | C71: 539 | D71: 505 | E71: 506 | F71: 589 | G71: 2043 | H71: =H72*(1+H73) -> 603.68 | I71: Source S9,S7,S5,S3. 3Q26E = 3Q25 x (1 + growth input).
B72: PY comparative | C72: 484 | D72: 503 | E72: 472 | F72: 529 | G72: 1957 | H72: =C71 -> 539 | I72: Source S9,S7,S5,S3. Prior-year comparative as reported.
B73: % Y/Y | C73: =IFERROR(C71/C72-1,"n.a.") -> 0.11363636 | D73: =IFERROR(D71/D72-1,"n.a.") -> 0.0039761431 | E73: =IFERROR(E71/E72-1,"n.a.") -> 0.072033898 | F73: =IFERROR(F71/F72-1,"n.a.") -> 0.11342155 | G73: =IFERROR(G71/G72-1,"n.a.") -> 0.043944813 | H73: 0.12
B74: % Q/Q | C74: =IFERROR(C71/F72-1,"n.a.") -> 0.018903592 | D74: =IFERROR(D71/C71-1,"n.a.") -> -0.063079777 | E74: =IFERROR(E71/D71-1,"n.a.") -> 0.001980198 | F74: =IFERROR(F71/E71-1,"n.a.") -> 0.16403162 | G74: n.a. | H74: =IFERROR(H71/F71-1,"n.a.") -> 0.024923599
B75: Sequential change | C75: =IFERROR(C71-F72,"n.a.") -> 10 | D75: =IFERROR(D71-C71,"n.a.") -> -34 | E75: =IFERROR(E71-D71,"n.a.") -> 1 | F75: =IFERROR(F71-E71,"n.a.") -> 83 | G75: n.a. | H75: =IFERROR(H71-F71,"n.a.") -> 14.68
B76: % of passenger revenue (mix) | C76: =C71/C81 -> 0.039908189 | D76: =D71/D81 -> 0.039098792 | E76: =E71/E81 -> 0.041131523 | F76: =F71/F81 -> 0.037739476 | G76: =G71/G81 -> 0.039464534 | H76: =H71/H81 -> 0.038446697
B77: M&A / scope impact | C77: n.a. | D77: n.a. | E77: n.a. | F77: n.a. | G77: n.a. | H77: n.a. | I77: Not disclosed by Delta (no acquisitions consolidated); explicitly unavailable, not zero.
B78: FX impact | C78: n.a. | D78: n.a. | E78: n.a. | F78: n.a. | G78: n.a. | H78: n.a. | I78: Delta does not disclose an FX impact on revenue; explicitly unavailable, not zero.
B79: Organic growth | C79: =IF(AND(ISNUMBER(C73),ISNUMBER(C77),ISNUMBER(C78)),(1+C73)/((1+C77)*(1+C78))-1,"n.a.") -> n.a. | D79: =IF(AND(ISNUMBER(D73),ISNUMBER(D77),ISNUMBER(D78)),(1+D73)/((1+D77)*(1+D78))-1,"n.a.") -> n.a. | E79: =IF(AND(ISNUMBER(E73),ISNUMBER(E77),ISNUMBER(E78)),(1+E73)/((1+E77)*(1+E78))-1,"n.a.") -> n.a. | F79: =IF(AND(ISNUMBER(F73),ISNUMBER(F77),ISNUMBER(F78)),(1+F73)/((1+F77)*(1+F78))-1,"n.a.") -> n.a. | G79: =IF(AND(ISNUMBER(G73),ISNUMBER(G77),ISNUMBER(G78)),(1+G73)/((1+G77)*(1+G78))-1,"n.a.") -> n.a. | H79: =IF(AND(ISNUMBER(H73),ISNUMBER(H77),ISNUMBER(H78)),(1+H73)/((1+H77)*(1+H78))-1,"n.a.") -> n.a. | I79: Organic = (1+Y/Y)/((1+M&A)*(1+FX))-1.
B80: Total growth (% Y/Y) | C80: =C73 -> 0.11363636 | D80: =D73 -> 0.0039761431 | E80: =E73 -> 0.072033898 | F80: =F73 -> 0.11342155 | G80: =G73 -> 0.043944813 | H80: =H73 -> 0.12
B81: Passenger revenue | C81: =SUM(C41,C51,C61,C71) -> 13506 | D81: =SUM(D41,D51,D61,D71) -> 12916 | E81: =SUM(E41,E51,E61,E71) -> 12302 | F81: =SUM(F41,F51,F61,F71) -> 15607 | G81: =SUM(G41,G51,G61,G71) -> 51768 | H81: =SUM(H41,H51,H61,H71) -> 15701.739
B82: PY comparative | C82: =SUM(C42,C52,C62,C72) -> 13107 | D82: =SUM(D42,D52,D62,D72) -> 12815 | E82: =SUM(E42,E52,E62,E72) -> 11480 | F82: =SUM(F42,F52,F62,F72) -> 13867 | G82: =SUM(G42,G52,G62,G72) -> 50894 | H82: =C81 -> 13506 | I82: Prior-year comparative as reported.
B83: % Y/Y | C83: =IFERROR(C81/C82-1,"n.a.") -> 0.030441749 | D83: =IFERROR(D81/D82-1,"n.a.") -> 0.007881389 | E83: =IFERROR(E81/E82-1,"n.a.") -> 0.071602787 | F83: =IFERROR(F81/F82-1,"n.a.") -> 0.12547775 | G83: =IFERROR(G81/G82-1,"n.a.") -> 0.017172948 | H83: =IFERROR(H81/C81-1,"n.a.") -> 0.16257507
B84: % Q/Q | C84: =IFERROR(C81/F82-1,"n.a.") -> -0.026033028 | D84: =IFERROR(D81/C81-1,"n.a.") -> -0.043684288 | E84: =IFERROR(E81/D81-1,"n.a.") -> -0.047537937 | F84: =IFERROR(F81/E81-1,"n.a.") -> 0.2686555 | G84: n.a. | H84: =IFERROR(H81/F81-1,"n.a.") -> 0.006070281
B85: Sequential change | C85: =IFERROR(C81-F82,"n.a.") -> -361 | D85: =IFERROR(D81-C81,"n.a.") -> -590 | E85: =IFERROR(E81-D81,"n.a.") -> -614 | F85: =IFERROR(F81-E81,"n.a.") -> 3305 | G85: n.a. | H85: =IFERROR(H81-F81,"n.a.") -> 94.738875
B86: M&A / scope impact | C86: n.a. | D86: n.a. | E86: n.a. | F86: n.a. | G86: n.a. | H86: n.a. | I86: Not disclosed by Delta (no acquisitions consolidated); explicitly unavailable, not zero.
B87: FX impact | C87: n.a. | D87: n.a. | E87: n.a. | F87: n.a. | G87: n.a. | H87: n.a. | I87: Delta does not disclose an FX impact on revenue; explicitly unavailable, not zero.
B88: Organic growth | C88: =IF(AND(ISNUMBER(C83),ISNUMBER(C86),ISNUMBER(C87)),(1+C83)/((1+C86)*(1+C87))-1,"n.a.") -> n.a. | D88: =IF(AND(ISNUMBER(D83),ISNUMBER(D86),ISNUMBER(D87)),(1+D83)/((1+D86)*(1+D87))-1,"n.a.") -> n.a. | E88: =IF(AND(ISNUMBER(E83),ISNUMBER(E86),ISNUMBER(E87)),(1+E83)/((1+E86)*(1+E87))-1,"n.a.") -> n.a. | F88: =IF(AND(ISNUMBER(F83),ISNUMBER(F86),ISNUMBER(F87)),(1+F83)/((1+F86)*(1+F87))-1,"n.a.") -> n.a. | G88: =IF(AND(ISNUMBER(G83),ISNUMBER(G86),ISNUMBER(G87)),(1+G83)/((1+G86)*(1+G87))-1,"n.a.") -> n.a. | H88: =IF(AND(ISNUMBER(H83),ISNUMBER(H86),ISNUMBER(H87)),(1+H83)/((1+H86)*(1+H87))-1,"n.a.") -> n.a. | I88: Organic = (1+Y/Y)/((1+M&A)*(1+FX))-1.
B89: Total growth (% Y/Y) | C89: =C83 -> 0.030441749 | D89: =D83 -> 0.007881389 | E89: =E83 -> 0.071602787 | F89: =F83 -> 0.12547775 | G89: =G83 -> 0.017172948 | H89: =H83 -> 0.16257507
B90: Passenger revenue as reported | C90: 13506 | D90: 12916 | E90: 12302 | F90: 15607 | G90: 51768 | H90: n.a. | I90: Source S9,S7,S5,S3. Income statement.
B91: Check: products = reported passenger | C91: =ABS(C81-C90)<0.5 -> TRUE | D91: =ABS(D81-D90)<0.5 -> TRUE | E91: =ABS(E81-E90)<0.5 -> TRUE | F91: =ABS(F81-F90)<0.5 -> TRUE | G91: =ABS(G81-G90)<0.5 -> TRUE | H91: n.a.
B93: Cargo and other revenue (excluding refinery)
B94: Cargo revenue | C94: 233 | D94: 246 | E94: 226 | F94: 294 | G94: 900 | H94: =H95*(1+H96) -> 302.9 | I94: Source S9,S7,S5,S3. 3Q26E: +30% Y/Y (2Q26 +39%, primarily volume).
B95: PY comparative | C95: 196 | D95: 249 | E95: 208 | F95: 212 | G95: 822 | H95: =C94 -> 233 | I95: Source S9,S7,S5,S3. Prior-year comparative as reported.
B96: % Y/Y | C96: =IFERROR(C94/C95-1,"n.a.") -> 0.18877551 | D96: =IFERROR(D94/D95-1,"n.a.") -> -0.012048193 | E96: =IFERROR(E94/E95-1,"n.a.") -> 0.086538462 | F96: =IFERROR(F94/F95-1,"n.a.") -> 0.38679245 | G96: =IFERROR(G94/G95-1,"n.a.") -> 0.094890511 | H96: 0.3
B97: % Q/Q | C97: =IFERROR(C94/F95-1,"n.a.") -> 0.099056604 | D97: =IFERROR(D94/C94-1,"n.a.") -> 0.055793991 | E97: =IFERROR(E94/D94-1,"n.a.") -> -0.081300813 | F97: =IFERROR(F94/E94-1,"n.a.") -> 0.30088496 | G97: n.a. | H97: =IFERROR(H94/F94-1,"n.a.") -> 0.030272109
B98: Sequential change | C98: =IFERROR(C94-F95,"n.a.") -> 21 | D98: =IFERROR(D94-C94,"n.a.") -> 13 | E98: =IFERROR(E94-D94,"n.a.") -> -20 | F98: =IFERROR(F94-E94,"n.a.") -> 68 | G98: n.a. | H98: =IFERROR(H94-F94,"n.a.") -> 8.9
B99: M&A / scope impact | C99: n.a. | D99: n.a. | E99: n.a. | F99: n.a. | G99: n.a. | H99: n.a. | I99: Not disclosed by Delta (no acquisitions consolidated); explicitly unavailable, not zero.
B100: FX impact | C100: n.a. | D100: n.a. | E100: n.a. | F100: n.a. | G100: n.a. | H100: n.a. | I100: Delta does not disclose an FX impact on revenue; explicitly unavailable, not zero.
B101: Organic growth | C101: =IF(AND(ISNUMBER(C96),ISNUMBER(C99),ISNUMBER(C100)),(1+C96)/((1+C99)*(1+C100))-1,"n.a.") -> n.a. | D101: =IF(AND(ISNUMBER(D96),ISNUMBER(D99),ISNUMBER(D100)),(1+D96)/((1+D99)*(1+D100))-1,"n.a.") -> n.a. | E101: =IF(AND(ISNUMBER(E96),ISNUMBER(E99),ISNUMBER(E100)),(1+E96)/((1+E99)*(1+E100))-1,"n.a.") -> n.a. | F101: =IF(AND(ISNUMBER(F96),ISNUMBER(F99),ISNUMBER(F100)),(1+F96)/((1+F99)*(1+F100))-1,"n.a.") -> n.a. | G101: =IF(AND(ISNUMBER(G96),ISNUMBER(G99),ISNUMBER(G100)),(1+G96)/((1+G99)*(1+G100))-1,"n.a.") -> n.a. | H101: =IF(AND(ISNUMBER(H96),ISNUMBER(H99),ISNUMBER(H100)),(1+H96)/((1+H99)*(1+H100))-1,"n.a.") -> n.a. | I101: Organic = (1+Y/Y)/((1+M&A)*(1+FX))-1.
B102: Total growth (% Y/Y) | C102: =C96 -> 0.18877551 | D102: =D96 -> -0.012048193 | E102: =E96 -> 0.086538462 | F102: =F96 -> 0.38679245 | G102: =G96 -> 0.094890511 | H102: =H96 -> 0.3
B103: Loyalty and related (2026 basis) | C103: n.a. | D103: n.a. | E103: 1221 | F103: 1344 | G103: n.a. | H103: =F103*(1+H106) -> 1374.912 | I103: Source S5,S3. 3Q26E = 2Q26 x (1 + Q/Q input); Amex remuneration +16% in 2Q26, FY26 ~ $9B expected (S11). 3Q25 not restated -> Y/Y n.a.
B104: PY comparative (restated) | C104: n.a. | D104: n.a. | E104: 1082 | F104: 1127 | G104: n.a. | H104: =C103 -> n.a. | I104: Source S5,S3.
B105: % Y/Y | C105: =IFERROR(C103/C104-1,"n.a.") -> n.a. | D105: =IFERROR(D103/D104-1,"n.a.") -> n.a. | E105: =IFERROR(E103/E104-1,"n.a.") -> 0.1284658 | F105: =IFERROR(F103/F104-1,"n.a.") -> 0.19254658 | G105: =IFERROR(G103/G104-1,"n.a.") -> n.a. | H105: =IFERROR(H103/C103-1,"n.a.") -> n.a.
...

Sheet Segment - Refinery
B2: Delta Air Lines, Inc. (NYSE: DAL)
B3: Segment - Refinery (Monroe Energy, Trainer PA)
B4: $ millions, except per share
B6: Period | C6: 3Q25A | D6: 4Q25A | E6: 1Q26A | F6: 2Q26A | G6: FY25A | H6: 3Q26E | I6: Notes
B7: Period end | C7: 45930 | D7: 46022 | E7: 46112 | F7: 46203 | G7: 46022 | H7: 46295
B8: Days in period | C8: 92 | D8: 92 | E8: 90 | F8: 91 | G8: 365 | H8: 92
B10: Refinery drivers
B11: Typical throughput (kbpd) | C11: n.a. | D11: n.a. | E11: 200 | F11: 200 | G11: n.a. | H11: 200 | I11: Source S4. 10-Q: refinery "typically produces approximately 200,000 barrels" of refined products per day (narrative, 2026 10-Qs). 3Q26E input held at 200.
B12: Sequential change | C12: n.a. | D12: n.a. | E12: n.a. | F12: =F11-E11 -> 0 | G12: n.a. | H12: =H11-F11 -> 0
B13: % Y/Y | C13: n.a. | D13: n.a. | E13: n.a. | F13: n.a. | G13: n.a. | H13: n.a. | I13: 2025 throughput not used (exchange agreements changed product flows) -> n.a.
B14: Days in period | C14: =C8 -> 92 | D14: =D8 -> 92 | E14: =E8 -> 90 | F14: =F8 -> 91 | G14: =G8 -> 365 | H14: =H8 -> 92
B15: Throughput volume (million bbl) | C15: n.a. | D15: n.a. | E15: =E11*E14/1000 -> 18 | F15: =F11*F14/1000 -> 18.2 | G15: n.a. | H15: =H11*H14/1000 -> 18.4
B16: Volume % Q/Q | C16: n.a. | D16: n.a. | E16: n.a. | F16: =F15/E15-1 -> 0.011111111 | G16: n.a. | H16: =H15/F15-1 -> 0.010989011
B17: Sequential change | C17: n.a. | D17: n.a. | E17: n.a. | F17: =F15-E15 -> 0.2 | G17: n.a. | H17: =H15-F15 -> 0.2
B18: % Y/Y | C18: n.a. | D18: n.a. | E18: n.a. | F18: n.a. | G18: n.a. | H18: n.a. | I18: 2025 throughput volume not modelled -> n.a.
B19: Price index: Gulf Coast jet avg ($/gal) | C19: ='Segment - Airline'!C201 -> n.a. | D19: ='Segment - Airline'!D201 -> n.a. | E19: ='Segment - Airline'!E201 -> 2.6633333 | F19: ='Segment - Airline'!F201 -> 3.6376667 | G19: ='Segment - Airline'!G201 -> n.a. | H19: ='Segment - Airline'!H201 -> 3.839
B20: Price index % Q/Q | C20: n.a. | D20: n.a. | E20: n.a. | F20: =F19/E19-1 -> 0.36583229 | G20: n.a. | H20: =H19/F19-1 -> 0.055346834
B21: Sequential change | C21: n.a. | D21: n.a. | E21: n.a. | F21: =F19-E19 -> 0.97433333 | G21: n.a. | H21: =H19-F19 -> 0.20133333
B22: % Y/Y | C22: n.a. | D22: n.a. | E22: n.a. | F22: n.a. | G22: n.a. | H22: n.a. | I22: 2025 Gulf Coast monthly prices not retrieved -> n.a.
B23: Third-party sales per bbl ($) | C23: n.a. | D23: n.a. | E23: =E28/E15 -> 91.888889 | F23: =F28/F15 -> 114.89011 | G23: n.a. | H23: =F23*(1+H20) -> 121.24891 | I23: Third-party sales per barrel of typical throughput; 3Q26E = 2Q26 x (1 + price index Q/Q).
B24: % Q/Q | C24: n.a. | D24: n.a. | E24: n.a. | F24: =F23/E23-1 -> 0.25031559 | G24: n.a. | H24: =H23/F23-1 -> 0.055346834
B25: Sequential change | C25: n.a. | D25: n.a. | E25: n.a. | F25: =F23-E23 -> 23.001221 | G25: n.a. | H25: =H23-F23 -> 6.3588038
B26: % Y/Y | C26: n.a. | D26: n.a. | E26: n.a. | F26: n.a. | G26: n.a. | H26: n.a. | I26: 2025 quarters: throughput narrative not used (exchange agreements changed product flows) -> n.a.
B27: Refinery segment revenue build
B28: Third-party refinery sales | C28: 1476 | D28: 1397 | E28: 1654 | F28: 2091 | G28: 5077 | H28: =H23*H15 -> 2230.98 | I28: Source S9,S7,S5,S3. Consolidated "Refinery" revenue. 3Q26E = sales per bbl x throughput volume. Equal-and-offsetting refinery expense in GAAP.
B29: PY comparative | C29: 1083 | D29: 1122 | E29: 1062 | F29: 1141 | G29: 4642 | H29: =C28 -> 1476 | I29: Source S9,S7,S5,S3. Prior-year comparative as reported.
B30: % Y/Y | C30: =IFERROR(C28/C29-1,"n.a.") -> 0.36288089 | D30: =IFERROR(D28/D29-1,"n.a.") -> 0.24509804 | E30: =IFERROR(E28/E29-1,"n.a.") -> 0.55743879 | F30: =IFERROR(F28/F29-1,"n.a.") -> 0.83260298 | G30: =IFERROR(G28/G29-1,"n.a.") -> 0.093709608 | H30: =IFERROR(H28/C28-1,"n.a.") -> 0.51150407
B31: % Q/Q | C31: =IFERROR(C28/F29-1,"n.a.") -> 0.2936021 | D31: =IFERROR(D28/C28-1,"n.a.") -> -0.053523035 | E31: =IFERROR(E28/D28-1,"n.a.") -> 0.18396564 | F31: =IFERROR(F28/E28-1,"n.a.") -> 0.26420798 | G31: n.a. | H31: =IFERROR(H28/F28-1,"n.a.") -> 0.066944052
B32: Sequential change | C32: =IFERROR(C28-F29,"n.a.") -> 335 | D32: =IFERROR(D28-C28,"n.a.") -> -79 | E32: =IFERROR(E28-D28,"n.a.") -> 257 | F32: =IFERROR(F28-E28,"n.a.") -> 437 | G32: n.a. | H32: =IFERROR(H28-F28,"n.a.") -> 139.98001
B33: M&A / scope impact | C33: n.a. | D33: n.a. | E33: n.a. | F33: n.a. | G33: n.a. | H33: n.a. | I33: Not disclosed by Delta (no acquisitions consolidated); explicitly unavailable, not zero.
B34: FX impact | C34: n.a. | D34: n.a. | E34: n.a. | F34: n.a. | G34: n.a. | H34: n.a. | I34: Delta does not disclose an FX impact on revenue; explicitly unavailable, not zero.
B35: Organic growth | C35: =IF(AND(ISNUMBER(C30),ISNUMBER(C33),ISNUMBER(C34)),(1+C30)/((1+C33)*(1+C34))-1,"n.a.") -> n.a. | D35: =IF(AND(ISNUMBER(D30),ISNUMBER(D33),ISNUMBER(D34)),(1+D30)/((1+D33)*(1+D34))-1,"n.a.") -> n.a. | E35: =IF(AND(ISNUMBER(E30),ISNUMBER(E33),ISNUMBER(E34)),(1+E30)/((1+E33)*(1+E34))-1,"n.a.") -> n.a. | F35: =IF(AND(ISNUMBER(F30),ISNUMBER(F33),ISNUMBER(F34)),(1+F30)/((1+F33)*(1+F34))-1,"n.a.") -> n.a. | G35: =IF(AND(ISNUMBER(G30),ISNUMBER(G33),ISNUMBER(G34)),(1+G30)/((1+G33)*(1+G34))-1,"n.a.") -> n.a. | H35: =IF(AND(ISNUMBER(H30),ISNUMBER(H33),ISNUMBER(H34)),(1+H30)/((1+H33)*(1+H34))-1,"n.a.") -> n.a. | I35: Organic = (1+Y/Y)/((1+M&A)*(1+FX))-1.
B36: Total growth (% Y/Y) | C36: =C30 -> 0.36288089 | D36: =D30 -> 0.24509804 | E36: =E30 -> 0.55743879 | F36: =F30 -> 0.83260298 | G36: =G30 -> 0.093709608 | H36: =H30 -> 0.51150407
B37: 9M25: sales to airline segment | D37: 852 | I37: Source S10. Memo: nine-month cumulative from the Sep-25 10-Q; used to derive the 4Q figure.
B38: 9M25: exchanged products | D38: 549 | I38: Source S10. Memo: nine-month cumulative from the Sep-25 10-Q; used to derive the 4Q figure.
B39: 9M25: sales of refined products | D39: 132 | I39: Source S10. Memo: nine-month cumulative from the Sep-25 10-Q; used to derive the 4Q figure.
B40: Sales to airline segment | C40: 260 | D40: =G40-D37 -> 298 | E40: 384 | F40: 520 | G40: 1150 | H40: =F40*(1+H20)*(1+H16) -> 554.81091 | I40: Source S10,S8,S6,S4. Intersegment. 4Q25 derived = FY25 (10-K) less 9M25 (10-Q). 3Q26E = 2Q26 x price and volume drivers.
B41: % Y/Y | C41: n.a. | D41: n.a. | E41: n.a. | F41: n.a. | G41: n.a. | H41: =IFERROR(H40/C40-1,"n.a.") -> 1.1338881 | I41: PY quarterly intersegment detail not in the timeline (3Q24 $369M per 10-Q) - n.a. for history.
B42: Sequential change | C42: n.a. | D42: =IFERROR(D40-C40,"n.a.") -> 38 | E42: =IFERROR(E40-D40,"n.a.") -> 86 | F42: =IFERROR(F40-E40,"n.a.") -> 136 | G42: n.a. | H42: =IFERROR(H40-F40,"n.a.") -> 34.810907
B43: M&A / scope impact | C43: n.a. | D43: n.a. | E43: n.a. | F43: n.a. | G43: n.a. | H43: n.a. | I43: Not disclosed by Delta (no acquisitions consolidated); explicitly unavailable, not zero.
B44: FX impact | C44: n.a. | D44: n.a. | E44: n.a. | F44: n.a. | G44: n.a. | H44: n.a. | I44: Delta does not disclose an FX impact on revenue; explicitly unavailable, not zero.
B45: Organic growth | C45: =IF(AND(ISNUMBER(C41),ISNUMBER(C43),ISNUMBER(C44)),(1+C41)/((1+C43)*(1+C44))-1,"n.a.") -> n.a. | D45: =IF(AND(ISNUMBER(D41),ISNUMBER(D43),ISNUMBER(D44)),(1+D41)/((1+D43)*(1+D44))-1,"n.a.") -> n.a. | E45: =IF(AND(ISNUMBER(E41),ISNUMBER(E43),ISNUMBER(E44)),(1+E41)/((1+E43)*(1+E44))-1,"n.a.") -> n.a. | F45: =IF(AND(ISNUMBER(F41),ISNUMBER(F43),ISNUMBER(F44)),(1+F41)/((1+F43)*(1+F44))-1,"n.a.") -> n.a. | G45: =IF(AND(ISNUMBER(G41),ISNUMBER(G43),ISNUMBER(G44)),(1+G41)/((1+G43)*(1+G44))-1,"n.a.") -> n.a. | H45: =IF(AND(ISNUMBER(H41),ISNUMBER(H43),ISNUMBER(H44)),(1+H41)/((1+H43)*(1+H44))-1,"n.a.") -> n.a. | I45: Organic = (1+Y/Y)/((1+M&A)*(1+FX))-1.
B46: Total growth (% Y/Y) | C46: =C41 -> n.a. | D46: =D41 -> n.a. | E46: =E41 -> n.a. | F46: =F41 -> n.a. | G46: =G41 -> n.a. | H46: =H41 -> 1.1338881
B47: Exchanged products | C47: 23 | D47: =G47-D38 -> 31 | E47: 0 | F47: 0 | G47: 580 | H47: 0 | I47: Source S10,S8,S6,S4. Intersegment. Exchange agreements ended in 2H25 (10-Q).
B48: % Y/Y | C48: n.a. | D48: n.a. | E48: n.a. | F48: n.a. | G48: n.a. | H48: =IFERROR(H47/C47-1,"n.a.") -> -1
B49: M&A / scope impact | C49: n.a. | D49: n.a. | E49: n.a. | F49: n.a. | G49: n.a. | H49: n.a. | I49: Not disclosed by Delta (no acquisitions consolidated); explicitly unavailable, not zero.
B50: FX impact | C50: n.a. | D50: n.a. | E50: n.a. | F50: n.a. | G50: n.a. | H50: n.a. | I50: Delta does not disclose an FX impact on revenue; explicitly unavailable, not zero.
B51: Organic growth | C51: =IF(AND(ISNUMBER(C48),ISNUMBER(C49),ISNUMBER(C50)),(1+C48)/((1+C49)*(1+C50))-1,"n.a.") -> n.a. | D51: =IF(AND(ISNUMBER(D48),ISNUMBER(D49),ISNUMBER(D50)),(1+D48)/((1+D49)*(1+D50))-1,"n.a.") -> n.a. | E51: =IF(AND(ISNUMBER(E48),ISNUMBER(E49),ISNUMBER(E50)),(1+E48)/((1+E49)*(1+E50))-1,"n.a.") -> n.a. | F51: =IF(AND(ISNUMBER(F48),ISNUMBER(F49),ISNUMBER(F50)),(1+F48)/((1+F49)*(1+F50))-1,"n.a.") -> n.a. | G51: =IF(AND(ISNUMBER(G48),ISNUMBER(G49),ISNUMBER(G50)),(1+G48)/((1+G49)*(1+G50))-1,"n.a.") -> n.a. | H51: =IF(AND(ISNUMBER(H48),ISNUMBER(H49),ISNUMBER(H50)),(1+H48)/((1+H49)*(1+H50))-1,"n.a.") -> n.a. | I51: Organic = (1+Y/Y)/((1+M&A)*(1+FX))-1.
B52: Total growth (% Y/Y) | C52: =C48 -> n.a. | D52: =D48 -> n.a. | E52: =E48 -> n.a. | F52: =F48 -> n.a. | G52: =G48 -> n.a. | H52: =H48 -> -1
B53: Sales of refined products | C53: 36 | D53: =G53-D39 -> 22 | E53: 0 | F53: 0 | G53: 154 | H53: 0 | I53: Source S10,S8. Intersegment.
B54: % Y/Y | C54: n.a. | D54: n.a. | E54: n.a. | F54: n.a. | G54: n.a. | H54: =IFERROR(H53/C53-1,"n.a.") -> -1
B55: M&A / scope impact | C55: n.a. | D55: n.a. | E55: n.a. | F55: n.a. | G55: n.a. | H55: n.a. | I55: Not disclosed by Delta (no acquisitions consolidated); explicitly unavailable, not zero.
B56: FX impact | C56: n.a. | D56: n.a. | E56: n.a. | F56: n.a. | G56: n.a. | H56: n.a. | I56: Delta does not disclose an FX impact on revenue; explicitly unavailable, not zero.
B57: Organic growth | C57: =IF(AND(ISNUMBER(C54),ISNUMBER(C55),ISNUMBER(C56)),(1+C54)/((1+C55)*(1+C56))-1,"n.a.") -> n.a. | D57: =IF(AND(ISNUMBER(D54),ISNUMBER(D55),ISNUMBER(D56)),(1+D54)/((1+D55)*(1+D56))-1,"n.a.") -> n.a. | E57: =IF(AND(ISNUMBER(E54),ISNUMBER(E55),ISNUMBER(E56)),(1+E54)/((1+E55)*(1+E56))-1,"n.a.") -> n.a. | F57: =IF(AND(ISNUMBER(F54),ISNUMBER(F55),ISNUMBER(F56)),(1+F54)/((1+F55)*(1+F56))-1,"n.a.") -> n.a. | G57: =IF(AND(ISNUMBER(G54),ISNUMBER(G55),ISNUMBER(G56)),(1+G54)/((1+G55)*(1+G56))-1,"n.a.") -> n.a. | H57: =IF(AND(ISNUMBER(H54),ISNUMBER(H55),ISNUMBER(H56)),(1+H54)/((1+H55)*(1+H56))-1,"n.a.") -> n.a. | I57: Organic = (1+Y/Y)/((1+M&A)*(1+FX))-1.
B58: Total growth (% Y/Y) | C58: =C54 -> n.a. | D58: =D54 -> n.a. | E58: =E54 -> n.a. | F58: =F54 -> n.a. | G58: =G54 -> n.a. | H58: =H54 -> -1
B59: Intersegment sales/other - subtotal | C59: =C40+C47+C53 -> 319 | D59: =D40+D47+D53 -> 351 | E59: =E40+E47+E53 -> 384 | F59: =F40+F47+F53 -> 520 | G59: =G40+G47+G53 -> 1884 | H59: =H40+H47+H53 -> 554.81091
B60: PY comparative | C60: 829 | D60: =G60-D61 -> 634 | E60: 636 | F60: 579 | G60: 3125 | H60: =C59 -> 319 | I60: Source S10,S8,S6,S4. 4Q24 = FY24 (10-K) less 9M24 (Sep-25 10-Q). Prior-year comparative as reported.
B61: 9M24: intersegment sales | D61: 2491 | I61: Source S10. Memo: nine-month cumulative from the Sep-25 10-Q; used to derive the 4Q figure.
B62: % Y/Y | C62: =IFERROR(C59/C60-1,"n.a.") -> -0.61519903 | D62: =IFERROR(D59/D60-1,"n.a.") -> -0.44637224 | E62: =IFERROR(E59/E60-1,"n.a.") -> -0.39622642 | F62: =IFERROR(F59/F60-1,"n.a.") -> -0.10189983 | G62: =IFERROR(G59/G60-1,"n.a.") -> -0.39712 | H62: =IFERROR(H59/C59-1,"n.a.") -> 0.73921914
B63: M&A / scope impact | C63: n.a. | D63: n.a. | E63: n.a. | F63: n.a. | G63: n.a. | H63: n.a. | I63: Not disclosed by Delta (no acquisitions consolidated); explicitly unavailable, not zero.
B64: FX impact | C64: n.a. | D64: n.a. | E64: n.a. | F64: n.a. | G64: n.a. | H64: n.a. | I64: Delta does not disclose an FX impact on revenue; explicitly unavailable, not zero.
B65: Organic growth | C65: =IF(AND(ISNUMBER(C62),ISNUMBER(C63),ISNUMBER(C64)),(1+C62)/((1+C63)*(1+C64))-1,"n.a.") -> n.a. | D65: =IF(AND(ISNUMBER(D62),ISNUMBER(D63),ISNUMBER(D64)),(1+D62)/((1+D63)*(1+D64))-1,"n.a.") -> n.a. | E65: =IF(AND(ISNUMBER(E62),ISNUMBER(E63),ISNUMBER(E64)),(1+E62)/((1+E63)*(1+E64))-1,"n.a.") -> n.a. | F65: =IF(AND(ISNUMBER(F62),ISNUMBER(F63),ISNUMBER(F64)),(1+F62)/((1+F63)*(1+F64))-1,"n.a.") -> n.a. | G65: =IF(AND(ISNUMBER(G62),ISNUMBER(G63),ISNUMBER(G64)),(1+G62)/((1+G63)*(1+G64))-1,"n.a.") -> n.a. | H65: =IF(AND(ISNUMBER(H62),ISNUMBER(H63),ISNUMBER(H64)),(1+H62)/((1+H63)*(1+H64))-1,"n.a.") -> n.a. | I65: Organic = (1+Y/Y)/((1+M&A)*(1+FX))-1.
B66: Total growth (% Y/Y) | C66: =C62 -> -0.61519903 | D66: =D62 -> -0.44637224 | E66: =E62 -> -0.39622642 | F66: =F62 -> -0.10189983 | G66: =G62 -> -0.39712 | H66: =H62 -> 0.73921914
B67: Refinery segment operating revenue | C67: =C28+C59 -> 1795 | D67: =D28+D59 -> 1748 | E67: =E28+E59 -> 2038 | F67: =F28+F59 -> 2611 | G67: =G28+G59 -> 6961 | H67: =H28+H59 -> 2785.7909
B68: PY comparative | C68: 1912 | D68: =G68-D69 -> 1756 | E68: 1698 | F68: 1720 | G68: 7767 | H68: =C67 -> 1795 | I68: Source S10,S8,S6,S4. 4Q24 = FY24 (10-K) less 9M24 (Sep-25 10-Q). Prior-year comparative as reported.
B69: 9M24: refinery segment revenue | D69: 6011 | I69: Source S10. Memo: nine-month cumulative from the Sep-25 10-Q; used to derive the 4Q figure.
B70: % Y/Y | C70: =IFERROR(C67/C68-1,"n.a.") -> -0.061192469 | D70: =IFERROR(D67/D68-1,"n.a.") -> -0.0045558087 | E70: =IFERROR(E67/E68-1,"n.a.") -> 0.20023557 | F70: =IFERROR(F67/F68-1,"n.a.") -> 0.51802326 | G70: =IFERROR(G67/G68-1,"n.a.") -> -0.10377237 | H70: =IFERROR(H67/C67-1,"n.a.") -> 0.55197266
B71: % Q/Q | C71: =IFERROR(C67/F68-1,"n.a.") -> 0.043604651 | D71: =IFERROR(D67/C67-1,"n.a.") -> -0.026183844 | E71: =IFERROR(E67/D67-1,"n.a.") -> 0.16590389 | F71: =IFERROR(F67/E67-1,"n.a.") -> 0.281158 | G71: n.a. | H71: =IFERROR(H67/F67-1,"n.a.") -> 0.066944052
B72: M&A / scope impact | C72: n.a. | D72: n.a. | E72: n.a. | F72: n.a. | G72: n.a. | H72: n.a. | I72: Not disclosed by Delta (no acquisitions consolidated); explicitly unavailable, not zero.
B73: FX impact | C73: n.a. | D73: n.a. | E73: n.a. | F73: n.a. | G73: n.a. | H73: n.a. | I73: Delta does not disclose an FX impact on revenue; explicitly unavailable, not zero.
B74: Organic growth | C74: =IF(AND(ISNUMBER(C70),ISNUMBER(C72),ISNUMBER(C73)),(1+C70)/((1+C72)*(1+C73))-1,"n.a.") -> n.a. | D74: =IF(AND(ISNUMBER(D70),ISNUMBER(D72),ISNUMBER(D73)),(1+D70)/((1+D72)*(1+D73))-1,"n.a.") -> n.a. | E74: =IF(AND(ISNUMBER(E70),ISNUMBER(E72),ISNUMBER(E73)),(1+E70)/((1+E72)*(1+E73))-1,"n.a.") -> n.a. | F74: =IF(AND(ISNUMBER(F70),ISNUMBER(F72),ISNUMBER(F73)),(1+F70)/((1+F72)*(1+F73))-1,"n.a.") -> n.a. | G74: =IF(AND(ISNUMBER(G70),ISNUMBER(G72),ISNUMBER(G73)),(1+G70)/((1+G72)*(1+G73))-1,"n.a.") -> n.a. | H74: =IF(AND(ISNUMBER(H70),ISNUMBER(H72),ISNUMBER(H73)),(1+H70)/((1+H72)*(1+H73))-1,"n.a.") -> n.a. | I74: Organic = (1+Y/Y)/((1+M&A)*(1+FX))-1.
B75: Total growth (% Y/Y) | C75: =C70 -> -0.061192469 | D75: =D70 -> -0.0045558087 | E75: =E70 -> 0.20023557 | F75: =F70 -> 0.51802326 | G75: =G70 -> -0.10377237 | H75: =H70 -> 0.55197266
B76: Refinery revenue as reported | C76: 1795 | D76: =G76-D77 -> 1748 | E76: 2038 | F76: 2611 | G76: 6961 | H76: n.a. | I76: Source S10,S8,S6,S4. Segment note.
B77: 9M25: refinery segment revenue | D77: 5213 | I77: Source S10. Memo: nine-month cumulative from the Sep-25 10-Q; used to derive the 4Q figure.
B78: Check: segment revenue = reported | C78: =ABS(C67-C76)<=2 -> TRUE | D78: =ABS(D67-D76)<=2 -> TRUE | E78: =ABS(E67-E76)<=2 -> TRUE | F78: =ABS(F67-F76)<=2 -> TRUE | G78: =ABS(G67-G76)<=2 -> TRUE | H78: n.a. | I78: Tolerance: abs diff <= $2M rounding.
B80: Refinery segment profit (segment note)
B81: Refinery cost of goods sold | C81: 1611 | D81: =G81-D82 -> 1487 | E81: 1923 | F81: 2099 | G81: 6259 | H81: =H67-H83-H85-H87 -> 2521.5024 | I81: Source S10,S8,S6,S4. 3Q26E derived from operating-income assumption.
B82: 9M25: refinery COGS | D82: 4772 | I82: Source S10. Memo: nine-month cumulative from the Sep-25 10-Q; used to derive the 4Q figure.
B83: Depreciation and amortization | C83: 28 | D83: =G83-D84 -> 29 | E83: 28 | F83: 29 | G83: 113 | H83: 29 | I83: Source S10,S8,S6,S4.
B84: 9M25: refinery D&A | D84: 84 | I84: Source S10. Memo: nine-month cumulative from the Sep-25 10-Q; used to derive the 4Q figure.
B85: Other segment items | C85: 103 | D85: =G85-D86 -> 117 | E85: 126 | F85: 132 | G85: 432 | H85: 135 | I85: Source S10,S8,S6,S4.
B86: 9M25: refinery other items | D86: 315 | I86: Source S10. Memo: nine-month cumulative from the Sep-25 10-Q; used to derive the 4Q figure.
B87: Refinery operating income | C87: 53 | D87: =G87-D88 -> 115 | E87: -39 | F87: 351 | G87: 157 | H87: =H67*H90 -> 100.28847 | I87: Source S10,S8,S6,S4. GAAP refinery OI includes Monroe hedge MTM/settlements (excluded from adjusted). 3Q26E = segment revenue x margin input. Illustrative segment split: independent of the $0.10/gal refinery benefit in fuel (H108); does not drive consolidated EPS.
B88: 9M25: refinery op. income | D88: 42 | I88: Source S10. Memo: nine-month cumulative from the Sep-25 10-Q; used to derive the 4Q figure.
B89: Check: refinery P&L ties | C89: =ABS(C67-C81-C83-C85-C87)<=2 -> TRUE | D89: =ABS(D67-D81-D83-D85-D87)<=2 -> TRUE | E89: =ABS(E67-E81-E83-E85-E87)<=2 -> TRUE | F89: =ABS(F67-F81-F83-F85-F87)<=2 -> TRUE | G89: =ABS(G67-G81-G83-G85-G87)<=2 -> TRUE | H89: =ABS(H67-H81-H83-H85-H87)<=2 -> TRUE | I89: Tolerance: <= $2M rounding. Revenue - COGS - D&A - other - OI = 0. 3Q26E column: construction identity (built from a residual/same inputs), excluded from Cover!C33 PASS.
B90: Refinery operating margin | C90: =IFERROR(C87/C67,"n.a.") -> 0.029526462 | D90: =IFERROR(D87/D67,"n.a.") -> 0.065789474 | E90: =IFERROR(E87/E67,"n.a.") -> -0.019136408 | F90: =IFERROR(F87/F67,"n.a.") -> 0.13443125 | G90: =IFERROR(G87/G67,"n.a.") -> 0.022554231 | H90: 0.036 | I90: 3Q26E input 3.6%: ex-hedge margins 3Q25 3.2%, 4Q25 6.8%, 1Q26 5.5%, 2Q26 1.9%; high distillate cracks partly offset by outage drag.
B91: PY refinery operating income | C91: -33 | D91: =G91-D92 -> -38 | E91: -1 | F91: -10 | G91: 38 | H91: =C87 -> 53 | I91: Source S10,S8,S6,S4. 4Q24 = FY24 (10-K) less 9M24 (Sep-25 10-Q).
B92: 9M24: refinery op. income | D92: 76 | I92: Source S10. Memo: nine-month cumulative from the Sep-25 10-Q; used to derive the 4Q figure.
B93: PY refinery operating margin | C93: =IFERROR(C91/C68,"n.a.") -> -0.017259414 | D93: =IFERROR(D91/D68,"n.a.") -> -0.021640091 | E93: =IFERROR(E91/E68,"n.a.") -> -0.00058892815 | F93: =IFERROR(F91/F68,"n.a.") -> -0.0058139535 | G93: =IFERROR(G91/G68,"n.a.") -> 0.0048924939 | H93: =C90 -> 0.029526462
B94: Change Y/Y (bps) | C94: =IFERROR((C90-C93)*10000,"n.a.") -> 467.85877 | D94: =IFERROR((D90-D93)*10000,"n.a.") -> 874.29565 | E94: =IFERROR((E90-E93)*10000,"n.a.") -> -185.4748 | F94: =IFERROR((F90-F93)*10000,"n.a.") -> 1402.4521 | G94: =IFERROR((G90-G93)*10000,"n.a.") -> 176.61737 | H94: =IFERROR((H90-C90)*10000,"n.a.") -> 64.735376
B95: Change Q/Q (bps) | C95: =IFERROR((C90-F93)*10000,"n.a.") -> 353.40416 | D95: =(D90-C90)*10000 -> 362.63011 | E95: =(E90-D90)*10000 -> -849.25882 | F95: =(F90-E90)*10000 -> 1535.6766 | G95: n.a. | H95: =(H90-F90)*10000 -> -984.31252
B96: Monroe hedge adjustment | C96: ='Income Statement'!C121 -> 5 | D96: ='Income Statement'!D121 -> 3 | E96: ='Income Statement'!E121 -> 151 | F96: ='Income Statement'!F121 -> -301 | G96: ='Income Statement'!G121 -> -21 | H96: ='Income Statement'!H121 -> 0 | I96: MTM and settlements on hedges (non-GAAP adjustment).
B97: Refinery OI, ex hedge adjustment | C97: =C87+C96 -> 58 | D97: =D87+D96 -> 118 | E97: =E87+E96 -> 112 | F97: =F87+F96 -> 50 | G97: =G87+G96 -> 136 | H97: =H87+H96 -> 100.28847
B98: Refinery income before income taxes | C98: 52 | D98: =G98-D99 -> 117 | E98: -38 | F98: 355 | G98: 156 | H98: =H87 -> 100.28847 | I98: Source S10,S8,S6,S4.
B99: 9M25: refinery pre-tax | D99: 39 | I99: Source S10. Memo: nine-month cumulative from the Sep-25 10-Q; used to derive the 4Q figure.
B100: Refinery capital expenditures | C100: 9 | D100: =G100-D101 -> 13 | E100: 17 | F100: 16 | G100: 68 | H100: 15 | I100: Source S10,S8,S6,S4.
B101: 9M25: refinery capex | D101: 55 | I101: Source S10. Memo: nine-month cumulative from the Sep-25 10-Q; used to derive the 4Q figure.
B102: Refinery total assets, period end | C102: 2680 | D102: 2552 | E102: 2859 | F102: 3634 | G102: =D102 -> 2552 | H102: n.a. | I102: Source S10,S8,S6,S4.
B104: Refinery contribution to airline fuel price ($/gallon)
B105: Gross fuel price ($/gal) | C105: n.a. | D105: n.a. | E105: n.a. | F105: ='Segment - Airline'!F190+F108 -> 4.0404813 | G105: n.a. | H105: ='Segment - Airline'!H207+'Segment - Airline'!H210 -> 3.9443333 | I105: 3Q26E = half-month-lagged Gulf Coast jet (~$3.61; Jul $3.40, Aug $3.72, Sep ~$4.39) plus $0.33 delivery/tax/NYH premium (Segment - Airline). Before refinery benefit.
...

Sheet Income Statement
B2: Delta Air Lines, Inc. (NYSE: DAL)
B3: Income Statement
B4: $ millions, except per share
B6: Period | C6: 3Q25A | D6: 4Q25A | E6: 1Q26A | F6: 2Q26A | G6: FY25A | H6: 3Q26E | I6: Notes
B7: Period end | C7: 45930 | D7: 46022 | E7: 46112 | F7: 46203 | G7: 46022 | H7: 46295
B8: Days in period | C8: 92 | D8: 92 | E8: 90 | F8: 91 | G8: 365 | H8: 92
B10: Operating revenue
B11: Passenger | C11: ='Revenue summary'!C42 -> 13506 | D11: ='Revenue summary'!D42 -> 12916 | E11: ='Revenue summary'!E42 -> 12302 | F11: ='Revenue summary'!F42 -> 15607 | G11: ='Revenue summary'!G42 -> 51768 | H11: ='Revenue summary'!H42 -> 15701.739
B12: Cargo | C12: ='Revenue summary'!C50 -> 233 | D12: ='Revenue summary'!D50 -> 246 | E12: ='Revenue summary'!E50 -> 226 | F12: ='Revenue summary'!F50 -> 294 | G12: ='Revenue summary'!G50 -> 900 | H12: ='Revenue summary'!H50 -> 302.9
B13: Other | C13: ='Revenue summary'!C74 -> 2934 | D13: ='Revenue summary'!D74 -> 2841 | E13: ='Revenue summary'!E74 -> 3326 | F13: ='Revenue summary'!F74 -> 3856 | G13: ='Revenue summary'!G74 -> 10696 | H13: ='Revenue summary'!H74 -> 3985.882
B14: Total operating revenue | C14: =SUM(C11:C13) -> 16673 | D14: =SUM(D11:D13) -> 16003 | E14: =SUM(E11:E13) -> 15854 | F14: =SUM(F11:F13) -> 19757 | G14: =SUM(G11:G13) -> 63364 | H14: =SUM(H11:H13) -> 19990.521
B15: PY comparative | C15: ='Revenue summary'!C32 -> 15677 | D15: ='Revenue summary'!D32 -> 15559 | E15: ='Revenue summary'!E32 -> 14040 | F15: ='Revenue summary'!F32 -> 16648 | G15: ='Revenue summary'!G32 -> 61643 | H15: =C14 -> 16673
B16: % Y/Y | C16: =IFERROR(C14/C15-1,"n.a.") -> 0.063532564 | D16: =IFERROR(D14/D15-1,"n.a.") -> 0.028536538 | E16: =IFERROR(E14/E15-1,"n.a.") -> 0.12920228 | F16: =IFERROR(F14/F15-1,"n.a.") -> 0.18674916 | G16: =IFERROR(G14/G15-1,"n.a.") -> 0.027918823 | H16: =IFERROR(H14/C14-1,"n.a.") -> 0.19897564
B17: % Q/Q | C17: =IFERROR(C14/F15-1,"n.a.") -> 0.0015016819 | D17: =IFERROR(D14/C14-1,"n.a.") -> -0.04018473 | E17: =IFERROR(E14/D14-1,"n.a.") -> -0.0093107542 | F17: =IFERROR(F14/E14-1,"n.a.") -> 0.24618393 | G17: n.a. | H17: =IFERROR(H14/F14-1,"n.a.") -> 0.011819653
B19: Operating expense
B20: Salaries and related costs | C20: 4443 | D20: 4592 | E20: 4541 | F20: 4762 | G20: 17520 | H20: =H21*(1+H22) -> 4789.554 | I20: Source S9,S7,S5,S3. 3Q26E +7.8% Y/Y: 4% pay raise (May-26), crew costs; 2Q26 +8.2%.
B21: PY comparative | C21: 4231 | D21: 4127 | E21: 4083 | F21: 4402 | G21: 16161 | H21: =C20 -> 4443 | I21: Source S9,S7,S5,S3. Prior-year comparative as reported.
B22: % Y/Y | C22: =IFERROR(C20/C21-1,"n.a.") -> 0.050106358 | D22: =IFERROR(D20/D21-1,"n.a.") -> 0.11267264 | E22: =IFERROR(E20/E21-1,"n.a.") -> 0.11217242 | F22: =IFERROR(F20/F21-1,"n.a.") -> 0.081781009 | G22: =IFERROR(G20/G21-1,"n.a.") -> 0.084091331 | H22: 0.078
B23: Aircraft fuel and related taxes | C23: 2570 | D23: 2380 | E23: 2742 | F23: 4109 | G23: 9819 | H23: ='Segment - Airline'!H186+H121 -> 4389.3711 | I23: Source S9,S7,S5,S3. 3Q26E = adjusted fuel (gallons x all-in price) plus row 121 hedge adjustment (nil); GAAP fuel = adjusted fuel + row 121.
B24: PY comparative | C24: 2747 | D24: 2409 | E24: 2410 | F24: 2458 | G24: 10566 | H24: =C23 -> 2570 | I24: Source S9,S7,S5,S3. Prior-year comparative as reported.
B25: % Y/Y | C25: =IFERROR(C23/C24-1,"n.a.") -> -0.064433928 | D25: =IFERROR(D23/D24-1,"n.a.") -> -0.01203819 | E25: =IFERROR(E23/E24-1,"n.a.") -> 0.13775934 | F25: =IFERROR(F23/F24-1,"n.a.") -> 0.6716843 | G25: =IFERROR(G23/G24-1,"n.a.") -> -0.070698467 | H25: =IFERROR(H23/C23-1,"n.a.") -> 0.70792649
B26: Refinery expense (2026 basis) | C26: n.a. | D26: n.a. | E26: 1654 | F26: 2091 | G26: n.a. | H26: ='Segment - Refinery'!H28 -> 2230.98 | I26: Source S9,S7,S5,S3. Equals third-party refinery sales (excluded from adjusted results).
B27: PY comparative | C27: n.a. | D27: n.a. | E27: 1062 | F27: 1141 | G27: n.a. | H27: =C26 -> n.a. | I27: Source S9,S7,S5,S3. Prior-year comparative as reported.
B28: % Y/Y | C28: =IFERROR(C26/C27-1,"n.a.") -> n.a. | D28: =IFERROR(D26/D27-1,"n.a.") -> n.a. | E28: =IFERROR(E26/E27-1,"n.a.") -> 0.55743879 | F28: =IFERROR(F26/F27-1,"n.a.") -> 0.83260298 | G28: =IFERROR(G26/G27-1,"n.a.") -> n.a. | H28: =IFERROR(H26/C26-1,"n.a.") -> n.a.
B29: Ancillary & refinery (2025 basis) | C29: 1724 | D29: 1604 | E29: n.a. | F29: n.a. | G29: 5987 | H29: n.a. | I29: Source S9,S7,S5,S3. Pre-2026 caption combining refinery, MRO and other ancillary costs; not restated by Delta for 3Q25/4Q25 -> kept on its own row. Pre-2026 income-statement caption.
B30: PY comparative | C30: 1250 | D30: 1333 | E30: n.a. | F30: n.a. | G30: 5416 | H30: =C29 -> 1724 | I30: Source S9,S7,S5,S3. Prior-year comparative as reported.
B31: % Y/Y | C31: =IFERROR(C29/C30-1,"n.a.") -> 0.3792 | D31: =IFERROR(D29/D30-1,"n.a.") -> 0.20330083 | E31: =IFERROR(E29/E30-1,"n.a.") -> n.a. | F31: =IFERROR(F29/F30-1,"n.a.") -> n.a. | G31: =IFERROR(G29/G30-1,"n.a.") -> 0.10542836 | H31: =IFERROR(H29/C29-1,"n.a.") -> n.a.
B32: Contracted services | C32: 1166 | D32: 1175 | E32: 1190 | F32: 1263 | G32: 4617 | H32: =H33*(1+H34) -> 1253.45 | I32: Source S9,S7,S5,S3.
B33: PY comparative | C33: 1069 | D33: 1094 | E33: 1121 | F33: 1155 | G33: 4228 | H33: =C32 -> 1166 | I33: Source S9,S7,S5,S3. Prior-year comparative as reported.
B34: % Y/Y | C34: =IFERROR(C32/C33-1,"n.a.") -> 0.090739008 | D34: =IFERROR(D32/D33-1,"n.a.") -> 0.074040219 | E34: =IFERROR(E32/E33-1,"n.a.") -> 0.061552186 | F34: =IFERROR(F32/F33-1,"n.a.") -> 0.093506494 | G34: =IFERROR(G32/G33-1,"n.a.") -> 0.092005676 | H34: 0.075
B35: Landing fees and other rents | C35: 921 | D35: 914 | E35: 913 | F35: 978 | G35: 3564 | H35: =H36*(1+H37) -> 1008.495 | I35: Source S9,S7,S5,S3.
B36: PY comparative | C36: 832 | D36: 803 | E36: 851 | F36: 878 | G36: 3150 | H36: =C35 -> 921 | I36: Source S9,S7,S5,S3. Prior-year comparative as reported.
B37: % Y/Y | C37: =IFERROR(C35/C36-1,"n.a.") -> 0.10697115 | D37: =IFERROR(D35/D36-1,"n.a.") -> 0.13823163 | E37: =IFERROR(E35/E36-1,"n.a.") -> 0.072855464 | F37: =IFERROR(F35/F36-1,"n.a.") -> 0.11389522 | G37: =IFERROR(G35/G36-1,"n.a.") -> 0.13142857 | H37: 0.095
B38: Aircraft maintenance & repairs | C38: 667 | D38: 528 | E38: 709 | F38: 689 | G38: 2432 | H38: =H39*(1+H40) -> 707.02 | I38: Source S9,S7,S5,S3. Aircraft maintenance materials and outside repairs.
B39: PY comparative | C39: 627 | D39: 626 | E39: 646 | F39: 591 | G39: 2616 | H39: =C38 -> 667 | I39: Source S9,S7,S5,S3. Prior-year comparative as reported.
B40: % Y/Y | C40: =IFERROR(C38/C39-1,"n.a.") -> 0.063795853 | D40: =IFERROR(D38/D39-1,"n.a.") -> -0.15654952 | E40: =IFERROR(E38/E39-1,"n.a.") -> 0.09752322 | F40: =IFERROR(F38/F39-1,"n.a.") -> 0.16582064 | G40: =IFERROR(G38/G39-1,"n.a.") -> -0.070336391 | H40: 0.06
B41: Regional carrier expense | C41: 649 | D41: 640 | E41: 649 | F41: 673 | G41: 2553 | H41: =H42*(1+H43) -> 671.715 | I41: Source S9,S7,S5,S3.
B42: PY comparative | C42: 600 | D42: 598 | E42: 613 | F42: 651 | G42: 2328 | H42: =C41 -> 649 | I42: Source S9,S7,S5,S3. Prior-year comparative as reported.
B43: % Y/Y | C43: =IFERROR(C41/C42-1,"n.a.") -> 0.081666667 | D43: =IFERROR(D41/D42-1,"n.a.") -> 0.070234114 | E43: =IFERROR(E41/E42-1,"n.a.") -> 0.058727569 | F43: =IFERROR(F41/F42-1,"n.a.") -> 0.033794163 | G43: =IFERROR(G41/G42-1,"n.a.") -> 0.096649485 | H43: 0.035
B44: Commissions & selling expenses | C44: 645 | D44: 616 | E44: 590 | F44: 726 | G44: 2485 | H44: =H45*(1+H46) -> 724.98 | I44: Source S9,S7,S5,S3. Revenue-linked. Passenger commissions and other selling expenses. FY25 and FY24 both $2,485M per 10-K (S8) and 4Q25 release (S7) - verified, not a transposition.
B45: PY comparative | C45: 643 | D45: 620 | E45: 552 | F45: 673 | G45: 2485 | H45: =C44 -> 645 | I45: Source S9,S7,S5,S3. Prior-year comparative as reported.
B46: % Y/Y | C46: =IFERROR(C44/C45-1,"n.a.") -> 0.0031104199 | D46: =IFERROR(D44/D45-1,"n.a.") -> -0.0064516129 | E46: =IFERROR(E44/E45-1,"n.a.") -> 0.06884058 | F46: =IFERROR(F44/F45-1,"n.a.") -> 0.078751857 | G46: =IFERROR(G44/G45-1,"n.a.") -> 0 | H46: 0.124
B47: Depreciation and amortization | C47: 614 | D47: 620 | E47: 635 | F47: 656 | G47: 2443 | H47: =H48*(1+H49) -> 655.138 | I47: Source S9,S7,S5,S3.
B48: PY comparative | C48: 643 | D48: 635 | E48: 607 | F48: 602 | G48: 2513 | H48: =C47 -> 614 | I48: Source S9,S7,S5,S3. Prior-year comparative as reported.
B49: % Y/Y | C49: =IFERROR(C47/C48-1,"n.a.") -> -0.045101089 | D49: =IFERROR(D47/D48-1,"n.a.") -> -0.023622047 | E49: =IFERROR(E47/E48-1,"n.a.") -> 0.046128501 | F49: =IFERROR(F47/F48-1,"n.a.") -> 0.089700997 | G49: =IFERROR(G47/G48-1,"n.a.") -> -0.027855153 | H49: 0.067
B50: Passenger service | C50: 485 | D50: 458 | E50: 428 | F50: 489 | G50: 1855 | H50: =H51*(1+H52) -> 498.095 | I50: Source S9,S7,S5,S3.
B51: PY comparative | C51: 463 | D51: 449 | E51: 430 | F51: 482 | G51: 1788 | H51: =C50 -> 485 | I51: Source S9,S7,S5,S3. Prior-year comparative as reported.
B52: % Y/Y | C52: =IFERROR(C50/C51-1,"n.a.") -> 0.047516199 | D52: =IFERROR(D50/D51-1,"n.a.") -> 0.020044543 | E52: =IFERROR(E50/E51-1,"n.a.") -> -0.0046511628 | F52: =IFERROR(F50/F51-1,"n.a.") -> 0.014522822 | G52: =IFERROR(G50/G51-1,"n.a.") -> 0.037472036 | H52: 0.027
B53: MRO expense (2026 basis) | C53: n.a. | D53: n.a. | E53: 328 | F53: 273 | G53: n.a. | H53: ='Segment - Airline'!H112*(1-H151) -> 246.708 | I53: Source S9,S7,S5,S3. 3Q26E = MRO revenue x (1 - margin input).
B54: PY comparative | C54: n.a. | D54: n.a. | E54: 140 | F54: 229 | G54: n.a. | H54: =C53 -> n.a. | I54: Source S9,S7,S5,S3. Prior-year comparative as reported.
B55: % Y/Y | C55: =IFERROR(C53/C54-1,"n.a.") -> n.a. | D55: =IFERROR(D53/D54-1,"n.a.") -> n.a. | E55: =IFERROR(E53/E54-1,"n.a.") -> 1.3428571 | F55: =IFERROR(F53/F54-1,"n.a.") -> 0.19213974 | G55: =IFERROR(G53/G54-1,"n.a.") -> n.a. | H55: =IFERROR(H53/C53-1,"n.a.") -> n.a.
B56: Profit sharing | C56: 392 | D56: 351 | E56: 165 | F56: 328 | G56: 1337 | H56: =H146*H145 -> 369.32898 | I56: Source S9,S7,S5,S3. 3Q26E = rate x adjusted pre-tax income before profit sharing.
B57: PY comparative | C57: 320 | D57: 425 | E57: 124 | F57: 470 | G57: 1389 | H57: =C56 -> 392 | I57: Source S9,S7,S5,S3. Prior-year comparative as reported.
B58: % Y/Y | C58: =IFERROR(C56/C57-1,"n.a.") -> 0.225 | D58: =IFERROR(D56/D57-1,"n.a.") -> -0.17411765 | E58: =IFERROR(E56/E57-1,"n.a.") -> 0.33064516 | F58: =IFERROR(F56/F57-1,"n.a.") -> -0.30212766 | G58: =IFERROR(G56/G57-1,"n.a.") -> -0.037437005 | H58: =IFERROR(H56/C56-1,"n.a.") -> -0.057834227
B59: Aircraft rent | C59: 135 | D59: 134 | E59: 143 | F59: 168 | G59: 542 | H59: =H60*(1+H61) -> 166.05 | I59: Source S9,S7,S5,S3.
B60: PY comparative | C60: 137 | D60: 137 | E60: 137 | F60: 137 | G60: 548 | H60: =C59 -> 135 | I60: Source S9,S7,S5,S3. Prior-year comparative as reported.
B61: % Y/Y | C61: =IFERROR(C59/C60-1,"n.a.") -> -0.01459854 | D61: =IFERROR(D59/D60-1,"n.a.") -> -0.02189781 | E61: =IFERROR(E59/E60-1,"n.a.") -> 0.04379562 | F61: =IFERROR(F59/F60-1,"n.a.") -> 0.22627737 | G61: =IFERROR(G59/G60-1,"n.a.") -> -0.010948905 | H61: 0.23
B62: Other | C62: 578 | D62: 524 | E62: 666 | F62: 688 | G62: 2388 | H62: =F62*(1+H65) -> 667.36 | I62: Source S9,S7,S5,S3. 2026 "Other" absorbs some former ancillary costs; 3Q26E = 2Q26 x (1 + Q/Q input).
B63: PY comparative | C63: 718 | D63: 586 | E63: 695 | F63: 677 | G63: 2460 | H63: =C62 -> 578 | I63: Source S9,S7,S5,S3. Prior-year comparative as reported.
B64: % Y/Y | C64: =IFERROR(C62/C63-1,"n.a.") -> -0.19498607 | D64: =IFERROR(D62/D63-1,"n.a.") -> -0.10580205 | E64: =IFERROR(E62/E63-1,"n.a.") -> -0.041726619 | F64: =IFERROR(F62/F63-1,"n.a.") -> 0.016248154 | G64: =IFERROR(G62/G63-1,"n.a.") -> -0.029268293 | H64: =IFERROR(H62/C62-1,"n.a.") -> 0.15460208
B65: % Q/Q | C65: =IFERROR(C62/F63-1,"n.a.") -> -0.14623338 | D65: =IFERROR(D62/C62-1,"n.a.") -> -0.093425606 | E65: =IFERROR(E62/D62-1,"n.a.") -> 0.27099237 | F65: =IFERROR(F62/E62-1,"n.a.") -> 0.033033033 | G65: n.a. | H65: -0.03
B66: Total operating expense | C66: =SUM(C20,C23,C26,C29,C32,C35,C38,C41,C44,C47,C50,C53,C56,C59,C62) -> 14989 | D66: =SUM(D20,D23,D26,D29,D32,D35,D38,D41,D44,D47,D50,D53,D56,D59,D62) -> 14536 | E66: =SUM(E20,E23,E26,E29,E32,E35,E38,E41,E44,E47,E50,E53,E56,E59,E62) -> 15353 | F66: =SUM(F20,F23,F26,F29,F32,F35,F38,F41,F44,F47,F50,F53,F56,F59,F62) -> 17893 | G66: =SUM(G20,G23,G26,G29,G32,G35,G38,G41,G44,G47,G50,G53,G56,G59,G62) -> 57542 | H66: =SUM(H20,H23,H26,H29,H32,H35,H38,H41,H44,H47,H50,H53,H56,H59,H62) -> 18378.245
B67: Total operating expense as reported | C67: 14989 | D67: 14536 | E67: 15353 | F67: 17893 | G67: 57542 | H67: n.a. | I67: Source S9,S7,S5,S3.
B68: Check: opex lines = reported total | C68: =ABS(C66-C67)<0.5 -> TRUE | D68: =ABS(D66-D67)<0.5 -> TRUE | E68: =ABS(E66-E67)<0.5 -> TRUE | F68: =ABS(F66-F67)<0.5 -> TRUE | G68: =ABS(G66-G67)<0.5 -> TRUE | H68: n.a.
B69: % Y/Y | C69: =IFERROR(C66/C70-1,"n.a.") -> 0.04964986 | D69: =IFERROR(D66/D70-1,"n.a.") -> 0.050137263 | E69: =IFERROR(E66/E70-1,"n.a.") -> 0.13970752 | F69: =IFERROR(F66/F70-1,"n.a.") -> 0.23009762 | G69: =IFERROR(G66/G70-1,"n.a.") -> 0.034035365 | H69: =IFERROR(H66/C66-1,"n.a.") -> 0.22611549
B70: PY total operating expense | C70: =SUM(C21,C24,C27,C30,C33,C36,C39,C42,C45,C48,C51,C54,C57,C60,C63) -> 14280 | D70: =SUM(D21,D24,D27,D30,D33,D36,D39,D42,D45,D48,D51,D54,D57,D60,D63) -> 13842 | E70: =SUM(E21,E24,E27,E30,E33,E36,E39,E42,E45,E48,E51,E54,E57,E60,E63) -> 13471 | F70: =SUM(F21,F24,F27,F30,F33,F36,F39,F42,F45,F48,F51,F54,F57,F60,F63) -> 14546 | G70: =SUM(G21,G24,G27,G30,G33,G36,G39,G42,G45,G48,G51,G54,G57,G60,G63) -> 55648 | H70: =C66 -> 14989 | I70: Sum of PY line items.
B72: Operating income | C72: =C14-C66 -> 1684 | D72: =D14-D66 -> 1467 | E72: =E14-E66 -> 501 | F72: =F14-F66 -> 1864 | G72: =G14-G66 -> 5822 | H72: =H14-H66 -> 1612.2758
B73: PY comparative | C73: 1397 | D73: 1717 | E73: 569 | F73: 2102 | G73: 5995 | H73: =C72 -> 1684 | I73: Source S9,S7,S5,S3. Prior-year comparative as reported.
B74: % Y/Y | C74: =IFERROR(C72/C73-1,"n.a.") -> 0.20544023 | D74: =IFERROR(D72/D73-1,"n.a.") -> -0.1456028 | E74: =IFERROR(E72/E73-1,"n.a.") -> -0.11950791 | F74: =IFERROR(F72/F73-1,"n.a.") -> -0.1132255 | G74: =IFERROR(G72/G73-1,"n.a.") -> -0.028857381 | H74: =IFERROR(H72/C72-1,"n.a.") -> -0.042591561
B75: Operating margin | C75: =C72/C14 -> 0.10100162 | D75: =D72/D14 -> 0.091670312 | E75: =E72/E14 -> 0.031600858 | F75: =F72/F14 -> 0.094346308 | G75: =G72/G14 -> 0.091881826 | H75: =H72/H14 -> 0.080652016
B76: Prior-year operating margin | C76: =C73/C15 -> 0.089111437 | D76: =D73/D15 -> 0.11035414 | E76: =E73/E15 -> 0.040527066 | F76: =F73/F15 -> 0.12626141 | G76: =G73/G15 -> 0.097253541 | H76: =C75 -> 0.10100162
B77: Change Y/Y (bps) | C77: =IFERROR((C75-C76)*10000,"n.a.") -> 118.90182 | D77: =IFERROR((D75-D76)*10000,"n.a.") -> -186.83824 | E77: =IFERROR((E75-E76)*10000,"n.a.") -> -89.262077 | F77: =IFERROR((F75-F76)*10000,"n.a.") -> -319.15105 | G77: =IFERROR((G75-G76)*10000,"n.a.") -> -53.717149 | H77: =IFERROR((H75-C75)*10000,"n.a.") -> -203.49603
B79: Non-operating income/(expense)
B80: Interest expense, net | C80: -171 | D80: -157 | E80: -151 | F80: -144 | G80: -679 | H80: -140 | I80: Source S9,S7,S5,S3. Lower debt (adj. net debt $13.6B at Jun-26).
B81: PY comparative | C81: -173 | D81: -181 | E81: -179 | F81: -172 | G81: -747 | H81: =C80 -> -171 | I81: Source S9,S7,S5,S3. Prior-year comparative as reported.
B82: Gain/(loss) on investments, net | C82: 311 | D82: 205 | E82: -550 | F82: 349 | G82: 1212 | H82: 0 | I82: Source S9,S7,S5,S3. Equity-investment MTM not forecast (nil assumption; excluded from adjusted EPS).
B83: PY comparative | C83: 350 | D83: -247 | E83: -40 | F83: 735 | G83: -319 | H83: =C82 -> 311 | I83: Source S9,S7,S5,S3. Prior-year comparative as reported.
B84: Loss on extinguishment of debt | C84: -6 | D84: 0 | E84: -4 | F84: -1 | G84: -26 | H84: 0 | I84: Source S9,S7,S5,S3. Not forecast (nil).
B85: PY comparative | C85: 0 | D85: -3 | E85: 0 | F85: -20 | G85: -39 | H85: =C84 -> -6 | I85: Source S9,S7,S5,S3. Prior-year comparative as reported.
B86: Miscellaneous, net | C86: -41 | D86: -2 | E86: -10 | F86: -59 | G86: -144 | H86: -40 | I86: Source S9,S7,S5,S3.
B87: PY comparative | C87: -13 | D87: -85 | E87: -30 | F87: -71 | G87: -232 | H87: =C86 -> -41 | I87: Source S9,S7,S5,S3. Prior-year comparative as reported.
B88: Total non-operating, net | C88: =C80+C82+C84+C86 -> 93 | D88: =D80+D82+D84+D86 -> 46 | E88: =E80+E82+E84+E86 -> -715 | F88: =F80+F82+F84+F86 -> 145 | G88: =G80+G82+G84+G86 -> 363 | H88: =H80+H82+H84+H86 -> -180
B89: Income before income taxes | C89: =C72+C88 -> 1777 | D89: =D72+D88 -> 1513 | E89: =E72+E88 -> -214 | F89: =F72+F88 -> 2009 | G89: =G72+G88 -> 6185 | H89: =H72+H88 -> 1432.2758
B90: PY comparative | C90: 1561 | D90: 1201 | E90: 320 | F90: 2574 | G90: 4658 | H90: =C89 -> 1777 | I90: Source S9,S7,S5,S3. Prior-year comparative as reported.
B91: % Y/Y | C91: =IFERROR(C89/C90-1,"n.a.") -> 0.13837284 | D91: =IFERROR(D89/D90-1,"n.a.") -> 0.25978351 | E91: =IFERROR(E89/E90-1,"n.a.") -> -1.66875 | F91: =IFERROR(F89/F90-1,"n.a.") -> -0.21950272 | G91: =IFERROR(G89/G90-1,"n.a.") -> 0.3278231 | H91: =IFERROR(H89/C89-1,"n.a.") -> -0.19399223
B92: Pre-tax margin | C92: =C89/C14 -> 0.1065795 | D92: =D89/D14 -> 0.094544773 | E92: =E89/E14 -> -0.013498171 | F92: =F89/F14 -> 0.10168548 | G92: =G89/G14 -> 0.097610631 | H92: =H89/H14 -> 0.071647748
B93: Prior-year pre-tax margin | C93: =C90/C15 -> 0.099572622 | D93: =D90/D15 -> 0.077190051 | E93: =E90/E15 -> 0.022792023 | F93: =F90/F15 -> 0.15461317 | G93: =G90/G15 -> 0.075564135 | H93: =C92 -> 0.1065795
B94: Change Y/Y (bps) | C94: =IFERROR((C92-C93)*10000,"n.a.") -> 70.068775 | D94: =IFERROR((D92-D93)*10000,"n.a.") -> 173.54722 | E94: =IFERROR((E92-E93)*10000,"n.a.") -> -362.90194 | F94: =IFERROR((F92-F93)*10000,"n.a.") -> -529.27688 | G94: =IFERROR((G92-G93)*10000,"n.a.") -> 220.46495 | H94: =IFERROR((H92-C92)*10000,"n.a.") -> -349.31751
B95: Income tax provision | C95: -360 | D95: -294 | E95: -75 | F95: -405 | G95: -1180 | H95: =-H97*H89 -> -350.90757 | I95: Source S9,S7,S5,S3.
B96: PY comparative | C96: -289 | D96: -358 | E96: -80 | F96: -444 | G96: -1201 | H96: =C95 -> -360 | I96: Source S9,S7,S5,S3. Prior-year comparative as reported.
B97: Effective tax rate | C97: =IFERROR(-C95/C89,"n.a.") -> 0.20258863 | D97: =IFERROR(-D95/D89,"n.a.") -> 0.19431593 | E97: =IFERROR(-E95/E89,"n.a.") -> -0.35046729 | F97: =IFERROR(-F95/F89,"n.a.") -> 0.20159283 | G97: =IFERROR(-G95/G89,"n.a.") -> 0.19078416 | H97: 0.245 | I97: 3Q26E 24.5%: 10-Q projects 2026 annual ETR of 23-25% excl. MTM (S4); 2Q26 adjusted 24.4%, 3Q25 24.6%.
B98: Prior-year effective tax rate | C98: =IFERROR(-C96/C90,"n.a.") -> 0.18513773 | D98: =IFERROR(-D96/D90,"n.a.") -> 0.29808493 | E98: =IFERROR(-E96/E90,"n.a.") -> 0.25 | F98: =IFERROR(-F96/F90,"n.a.") -> 0.17249417 | G98: =IFERROR(-G96/G90,"n.a.") -> 0.25783598 | H98: =C97 -> 0.20258863
B99: Change Y/Y (bps) | C99: =IFERROR((C97-C98)*10000,"n.a.") -> 174.509 | D99: =IFERROR((D97-D98)*10000,"n.a.") -> -1037.69 | E99: =IFERROR((E97-E98)*10000,"n.a.") -> -6004.6729 | F99: =IFERROR((F97-F98)*10000,"n.a.") -> 290.9866 | G99: =IFERROR((G97-G98)*10000,"n.a.") -> -670.51826 | H99: =IFERROR((H97-C97)*10000,"n.a.") -> 424.11367
B100: Change Q/Q (bps) | C100: =IFERROR((C97-F98)*10000,"n.a.") -> 300.9446 | D100: =IFERROR((D97-C97)*10000,"n.a.") -> -82.727039 | E100: =IFERROR((E97-D97)*10000,"n.a.") -> -5447.8322 | F100: =IFERROR((F97-E97)*10000,"n.a.") -> 5520.6012 | G100: n.a. | H100: =IFERROR((H97-F97)*10000,"n.a.") -> 434.07168
B101: Net income/(loss) | C101: =C89+C95 -> 1417 | D101: =D89+D95 -> 1219 | E101: =E89+E95 -> -289 | F101: =F89+F95 -> 1604 | G101: =G89+G95 -> 5005 | H101: =H89+H95 -> 1081.3682
B102: PY comparative | C102: 1272 | D102: 843 | E102: 240 | F102: 2130 | G102: 3457 | H102: =C101 -> 1417 | I102: Source S9,S7,S5,S3. Prior-year comparative as reported.
B103: % Y/Y | C103: =IFERROR(C101/C102-1,"n.a.") -> 0.11399371 | D103: =IFERROR(D101/D102-1,"n.a.") -> 0.4460261 | E103: =IFERROR(E101/E102-1,"n.a.") -> -2.2041667 | F103: =IFERROR(F101/F102-1,"n.a.") -> -0.24694836 | G103: =IFERROR(G101/G102-1,"n.a.") -> 0.4477871 | H103: =IFERROR(H101/C101-1,"n.a.") -> -0.23686081
B104: Net margin | C104: =C101/C14 -> 0.084987705 | D104: =D101/D14 -> 0.076173218 | E104: =E101/E14 -> -0.018228838 | F104: =F101/F14 -> 0.081186415 | G104: =G101/G14 -> 0.078988069 | H104: =H101/H14 -> 0.05409405
B105: Prior-year net margin | C105: =C102/C15 -> 0.081137973 | D105: =D102/D15 -> 0.05418086 | E105: =E102/E15 -> 0.017094017 | F105: =F102/F15 -> 0.1279433 | G105: =G102/G15 -> 0.056080982 | H105: =C104 -> 0.084987705
B106: Change Y/Y (bps) | C106: =IFERROR((C104-C105)*10000,"n.a.") -> 38.497318 | D106: =IFERROR((D104-D105)*10000,"n.a.") -> 219.92358 | E106: =IFERROR((E104-E105)*10000,"n.a.") -> -353.22855 | F106: =IFERROR((F104-F105)*10000,"n.a.") -> -467.56882 | G106: =IFERROR((G104-G105)*10000,"n.a.") -> 229.07087 | H106: =IFERROR((H104-C104)*10000,"n.a.") -> -308.93655
...

Sheet Balance Sheet
B2: Delta Air Lines, Inc. (NYSE: DAL)
B3: Balance Sheet
B4: $ millions, except per share
B6: Period | C6: 3Q25A | D6: 4Q25A | E6: 1Q26A | F6: 2Q26A | G6: FY25A | H6: 3Q26E | I6: Notes
B7: Period end | C7: 45930 | D7: 46022 | E7: 46112 | F7: 46203 | G7: 46022 | H7: 46295
B8: Days in period | C8: 92 | D8: 92 | E8: 90 | F8: 91 | G8: 365 | H8: 92
B10: Assets
B11: Cash and cash equivalents | C11: 3791 | D11: 4310 | E11: 5053 | F11: 4665 | G11: =D11 -> 4310 | H11: ='Cash Flow Statement'!H48-H50-H51 -> 4410.0102 | I11: Source S9,S8,S5,S3. FY25A = Dec-31-2025 balance (same date as 4Q25A).
B12: Accounts receivable, net | C12: 3612 | D12: 2850 | E12: 4090 | F12: 4307 | G12: =D12 -> 2850 | H12: =F12-'Cash Flow Statement'!H14 -> 4307 | I12: Source S9,S8,S5,S3.
B13: Fuel, parts & supplies inventories | C13: 1543 | D13: 1601 | E13: 1767 | F13: 2558 | G13: =D13 -> 1601 | H13: =F13 -> 2558 | I13: Source S9,S8,S5,S3. Fuel, expendable parts and supplies inventories, net.
B14: Prepaid expenses and other | C14: 2284 | D14: 2207 | E14: 2753 | F14: 2706 | G14: =D14 -> 2207 | H14: =F14 -> 2706 | I14: Source S9,S8,S5,S3.
B15: Total current assets | C15: =SUM(C11:C14) -> 11230 | D15: =SUM(D11:D14) -> 10968 | E15: =SUM(E11:E14) -> 13663 | F15: =SUM(F11:F14) -> 14236 | G15: =SUM(G11:G14) -> 10968 | H15: =SUM(H11:H14) -> 13981.01
B16: Property and equipment, net | C16: 39372 | D16: 39743 | E16: 40582 | F16: 41544 | G16: =D16 -> 39743 | H16: =F16-'Cash Flow Statement'!H29-'Cash Flow Statement'!H30-'Cash Flow Statement'!H12 -> 42208.862 | I16: Source S9,S8,S5,S3.
B17: Operating lease right-of-use assets | C17: 6198 | D17: 6244 | E17: 6300 | F17: 6162 | G17: =D17 -> 6244 | H17: =F17 -> 6162 | I17: Source S9,S8,S5,S3.
B18: Goodwill | C18: 9753 | D18: 9753 | E18: 9753 | F18: 9753 | G18: =D18 -> 9753 | H18: =F18 -> 9753 | I18: Source S9,S8,S5,S3.
B19: Identifiable intangibles, net | C19: 5968 | D19: 5966 | E19: 5964 | F19: 5962 | G19: =D19 -> 5966 | H19: =F19 -> 5962 | I19: Source S9,S8,S5,S3.
B20: Equity investments | C20: 3883 | D20: 4222 | E20: 3696 | F20: 4041 | G20: =D20 -> 4222 | H20: =F20-'Cash Flow Statement'!H13-'Cash Flow Statement'!H32 -> 4041 | I20: Source S9,S8,S5,S3.
B21: Other noncurrent assets | C21: 3219 | D21: 4421 | E21: 4473 | F21: 4623 | G21: =D21 -> 4421 | H21: =F21-'Cash Flow Statement'!H33-'Cash Flow Statement'!H31 -> 4623 | I21: Source S9,S8,S5,S3.
B22: Total noncurrent assets | C22: =SUM(C16:C21) -> 68393 | D22: =SUM(D16:D21) -> 70349 | E22: =SUM(E16:E21) -> 70768 | F22: =SUM(F16:F21) -> 72085 | G22: =SUM(G16:G21) -> 70349 | H22: =SUM(H16:H21) -> 72749.862
B23: Total assets | C23: =C15+C22 -> 79623 | D23: =D15+D22 -> 81317 | E23: =E15+E22 -> 84431 | F23: =F15+F22 -> 86321 | G23: =G15+G22 -> 81317 | H23: =H15+H22 -> 86730.872
B24: Total assets as reported | C24: 79623 | D24: 81317 | E24: 84431 | F24: 86321 | G24: =D24 -> 81317 | H24: n.a. | I24: Source S9,S8,S5,S3. Dec-25 per 10-K and 2026 comparatives ($81,317M); the Jan-13-2026 release showed $81,185M before revision.
B26: Liabilities and stockholders' equity
B27: Current debt & finance leases | C27: 2106 | D27: 1605 | E27: 3088 | F27: 3442 | G27: =D27 -> 1605 | H27: =F27 -> 3442 | I27: Source S9,S8,S5,S3. Current maturities of debt and finance leases.
B28: Current maturities of operating leases | C28: 743 | D28: 809 | E28: 837 | F28: 869 | G28: =D28 -> 809 | H28: =F28 -> 869 | I28: Source S9,S8,S5,S3.
B29: Air traffic liability | C29: 8165 | D29: 7157 | E29: 10742 | F29: 10020 | G29: =D29 -> 7157 | H29: =F29+'Cash Flow Statement'!H15 -> 9320 | I29: Source S9,S8,S5,S3.
B30: Accounts payable | C30: 5022 | D30: 5226 | E30: 5969 | F30: 6738 | G30: =D30 -> 5226 | H30: =F30 -> 6738 | I30: Source S9,S8,S5,S3.
B31: Accrued salaries and related benefits | C31: 4434 | D31: 4906 | E31: 3634 | F31: 3935 | G31: =D31 -> 4906 | H31: =F31+'Cash Flow Statement'!H16 -> 4304.329 | I31: Source S9,S8,S5,S3.
B32: Loyalty deferred revenue (current) | C32: 4654 | D32: 4876 | E32: 5010 | F32: 5243 | G32: =D32 -> 4876 | H32: =F32 -> 5243 | I32: Source S9,S8,S5,S3.
B33: Fuel card obligation | C33: 1100 | D33: 1100 | E33: 1100 | F33: 1100 | G33: =D33 -> 1100 | H33: =F33 -> 1100 | I33: Source S9,S8,S5,S3.
B34: Other accrued liabilities | C34: 2025 | D34: 1945 | E34: 2319 | F34: 2257 | G34: =D34 -> 1945 | H34: =F34+'Cash Flow Statement'!H17 -> 2557 | I34: Source S9,S8,S5,S3.
B35: Total current liabilities | C35: =SUM(C27:C34) -> 28249 | D35: =SUM(D27:D34) -> 27624 | E35: =SUM(E27:E34) -> 32699 | F35: =SUM(F27:F34) -> 33604 | G35: =SUM(G27:G34) -> 27624 | H35: =SUM(H27:H34) -> 33573.329
B36: Debt and finance leases | C36: 12773 | D36: 12507 | E36: 11076 | F36: 10510 | G36: =D36 -> 12507 | H36: =F36+'Cash Flow Statement'!H39+'Cash Flow Statement'!H40+'Cash Flow Statement'!H41 -> 10010 | I36: Source S9,S8,S5,S3.
B37: Noncurrent operating leases | C37: 5356 | D37: 5353 | E37: 5298 | F37: 5163 | G37: =D37 -> 5353 | H37: =F37 -> 5163 | I37: Source S9,S8,S5,S3.
B38: Pension & postretirement | C38: 3051 | D38: 3156 | E38: 3115 | F38: 3066 | G38: =D38 -> 3156 | H38: =F38 -> 3066 | I38: Source S9,S8,S5,S3. Pension, postretirement and related benefits.
B39: Loyalty deferred revenue (noncurr.) | C39: 4468 | D39: 4386 | E39: 4448 | F39: 4327 | G39: =D39 -> 4386 | H39: =F39 -> 4327 | I39: Source S9,S8,S5,S3.
B40: Deferred income taxes, net | C40: 2961 | D40: 3444 | E40: 3496 | F40: 3916 | G40: =D40 -> 3444 | H40: =F40 -> 3916 | I40: Source S9,S8,S5,S3.
B41: Other noncurrent liabilities | C41: 3943 | D41: 3994 | E41: 3923 | F41: 3920 | G41: =D41 -> 3994 | H41: =F41 -> 3920 | I41: Source S9,S8,S5,S3.
B42: Total noncurrent liabilities | C42: =SUM(C36:C41) -> 32552 | D42: =SUM(D36:D41) -> 32840 | E42: =SUM(E36:E41) -> 31356 | F42: =SUM(F36:F41) -> 30902 | G42: =SUM(G36:G41) -> 32840 | H42: =SUM(H36:H41) -> 30402
B43: Total liabilities | C43: =C35+C42 -> 60801 | D43: =D35+D42 -> 60464 | E43: =E35+E42 -> 64055 | F43: =F35+F42 -> 64506 | G43: =G35+G42 -> 60464 | H43: =H35+H42 -> 63975.329
B44: Stockholders' equity | C44: 18822 | D44: 20853 | E44: 20376 | F44: 21815 | G44: =D44 -> 20853 | H44: =F44+'Income Statement'!H101+'Cash Flow Statement'!H42+'Cash Flow Statement'!H43 -> 22755.543 | I44: Source S9,S8,S5,S3.
B45: Total liabilities & equity | C45: =C43+C44 -> 79623 | D45: =D43+D44 -> 81317 | E45: =E43+E44 -> 84431 | F45: =F43+F44 -> 86321 | G45: =G43+G44 -> 81317 | H45: =H43+H44 -> 86730.872
B46: Check: assets - liab. - equity = 0 | C46: =C23-C43-C44 -> 0 | D46: =D23-D43-D44 -> 0 | E46: =E23-E43-E44 -> 0 | F46: =F23-F43-F44 -> 0 | G46: =G23-G43-G44 -> 0 | H46: =H23-H43-H44 -> 0
B47: Check: total assets = reported | C47: =ABS(C23-C24)<0.5 -> TRUE | D47: =ABS(D23-D24)<0.5 -> TRUE | E47: =ABS(E23-E24)<0.5 -> TRUE | F47: =ABS(F23-F24)<0.5 -> TRUE | G47: =ABS(G23-G24)<0.5 -> TRUE | H47: n.a.
B49: Restricted cash (for cash-flow tie-out)
B50: Restricted cash in prepaids | C50: 97 | D50: 135 | E50: 144 | F50: 86 | G50: =D50 -> 135 | H50: =F50 -> 86 | I50: Source S9,S7,S5,S3. Restricted cash included in prepaid expenses and other.
B51: Restricted cash, noncurrent | C51: 83 | D51: 56 | E51: 38 | F51: 22 | G51: =D51 -> 56 | H51: =F51 -> 22 | I51: Source S9,S7,S5,S3.
B52: Cash & restricted cash | C52: =C11+C50+C51 -> 3971 | D52: =D11+D50+D51 -> 4501 | E52: =E11+E50+E51 -> 5235 | F52: =F11+F50+F51 -> 4773 | G52: =G11+G50+G51 -> 4501 | H52: =H11+H50+H51 -> 4518.0102
B54: Ratios
B55: Net debt | C55: =C27+C36-C11 -> 11088 | D55: =D27+D36-D11 -> 9802 | E55: =E27+E36-E11 -> 9111 | F55: =F27+F36-F11 -> 9287 | G55: =G27+G36-G11 -> 9802 | H55: =H27+H36-H11 -> 9041.9898 | I55: Debt and finance leases incl. current maturities, less cash and cash equivalents.
B56: ATL / quarterly passenger revenue | C56: =C29/'Income Statement'!C11 -> 0.60454613 | D56: =D29/'Income Statement'!D11 -> 0.55411892 | E56: =E29/'Income Statement'!E11 -> 0.87319135 | F56: =F29/'Income Statement'!F11 -> 0.64201961 | G56: n.a. | H56: =H29/'Income Statement'!H11 -> 0.59356483
B57: Debt / equity | C57: =(C27+C36)/C44 -> 0.7905111 | D57: =(D27+D36)/D44 -> 0.67673716 | E57: =(E27+E36)/E44 -> 0.69513153 | F57: =(F27+F36)/F44 -> 0.63955994 | G57: =(G27+G36)/G44 -> 0.67673716 | H57: =(H27+H36)/H44 -> 0.59115266

Sheet Cash Flow Statement
B2: Delta Air Lines, Inc. (NYSE: DAL)
B3: Cash Flow Statement
B4: $ millions, except per share
B6: Period | C6: 3Q25A | D6: 4Q25A | E6: 1Q26A | F6: 2Q26A | G6: FY25A | H6: 3Q26E | I6: Notes
B7: Period end | C7: 45930 | D7: 46022 | E7: 46112 | F7: 46203 | G7: 46022 | H7: 46295
B8: Days in period | C8: 92 | D8: 92 | E8: 90 | F8: 91 | G8: 365 | H8: 92
B10: Operating activities
B11: Net income/(loss) | C11: ='Income Statement'!C101 -> 1417 | D11: ='Income Statement'!D101 -> 1219 | E11: ='Income Statement'!E101 -> -289 | F11: ='Income Statement'!F101 -> 1604 | G11: ='Income Statement'!G101 -> 5005 | H11: ='Income Statement'!H101 -> 1081.3682
B12: Depreciation and amortization | C12: ='Income Statement'!C47 -> 614 | D12: ='Income Statement'!D47 -> 620 | E12: ='Income Statement'!E47 -> 635 | F12: ='Income Statement'!F47 -> 656 | G12: ='Income Statement'!G47 -> 2443 | H12: ='Income Statement'!H47 -> 655.138
B13: (Gain)/loss on fair value investments | C13: -307 | D13: -216 | E13: 555 | F13: -337 | G13: -1209 | H13: =-'Income Statement'!H82 -> 0 | I13: Source S9,S7,S5,S3,S8.
B14: Change in receivables | C14: n.a. | D14: 810 | E14: -1254 | F14: n.a. | G14: 432 | H14: 0 | I14: Source S7,S5,S8. Not shown separately in the 3Q25/2Q26 press-release cash flow (within row 17 other) -> n.a., not zero; 3Q26E assumption nil.
B15: Changes in air traffic liability | C15: -728 | D15: -1008 | E15: 3584 | F15: -721 | G15: 63 | H15: -700 | I15: Source S9,S7,S5,S3,S8. 3Q26E seasonal unwind (3Q25 -$728M).
B16: Changes in profit sharing | C16: 392 | D16: 351 | E16: -1166 | F16: 325 | G16: -53 | H16: ='Income Statement'!H56 -> 369.32898 | I16: Source S9,S7,S5,S3,S8. 3Q26E accrual not paid until February.
B17: Changes in BS and other, net | C17: 459 | D17: 484 | E17: 367 | F17: 69 | G17: =SUM(G18:G23) -> 1661 | H17: 300 | I17: Source S9,S7,S5,S3. FY25 = sum of 10-K detail lines below. 3Q26E assumption $300M (3Q25 $459M). 3Q25/2Q26 include the receivables change (row 14 n.a.), so not like-for-like with 4Q25/1Q26.
B18: FY 10-K: deferred income taxes | G18: 1109 | I18: Source S8.
B19: FY 10-K: pension payments > expense | G19: -210 | I19: Source S8.
B20: FY 10-K: prepaids & other current | G20: -183 | I20: Source S8.
B21: FY 10-K: other payables & accrued | G21: 842 | I21: Source S8. Other payables, deferred revenue and accrued liabilities.
B22: FY detail (10-K): other, net | G22: -332 | I22: Source S8.
B23: FY 10-K: loyalty deferred revenue | G23: 435 | I23: Source S8.
B24: Cash from operations | C24: =SUM(C11:C17) -> 1847 | D24: =SUM(D11:D17) -> 2260 | E24: =SUM(E11:E17) -> 2432 | F24: =SUM(F11:F17) -> 1596 | G24: =SUM(G11:G17) -> 8342 | H24: =SUM(H11:H17) -> 1705.8352 | I24: Net cash provided by operating activities.
B25: Operating cash flow as reported | C25: 1847 | D25: 2260 | E25: 2432 | F25: 1596 | G25: 8342 | H25: n.a. | I25: Source S9,S7,S5,S3,S8.
B26: Check: CFO build = reported | C26: =ABS(C24-C25)<0.5 -> TRUE | D26: =ABS(D24-D25)<0.5 -> TRUE | E26: =ABS(E24-E25)<0.5 -> TRUE | F26: =ABS(F24-F25)<0.5 -> TRUE | G26: =ABS(G24-G25)<0.5 -> TRUE | H26: n.a.
B28: Investing activities
B29: Flight equipment | C29: -930 | D29: -609 | E29: -1000 | F29: -1244 | G29: -3521 | H29: -1100 | I29: Source S9,S7,S5,S3,S8. 3Q26E: FY26 gross capex ~$5B run-rate; 2Q26 $1.24B. Including advance payments.
B30: Ground property & equipment | C30: -230 | D30: -299 | E30: -200 | F30: -214 | G30: -978 | H30: -220 | I30: Source S9,S7,S5,S3,S8. Including technology.
B31: Redemption of short-term investments | C31: 0 | D31: 0 | E31: 0 | F31: 0 | G31: 0 | H31: 0 | I31: Source S9,S8.
B32: Strategic / equity investments | C32: 0 | D32: -276 | E32: -54 | F32: -51 | G32: -276 | H32: 0 | I32: Source S7,S5,S3,S8. Acquisition of strategic and equity investments.
B33: Other, net (investing) | C33: 125 | D33: 456 | E33: -9 | F33: -3 | G33: 589 | H33: 0 | I33: Source S9,S7,S5,S3,S8.
B34: Net cash used in investing activities | C34: =SUM(C29:C33) -> -1035 | D34: =SUM(D29:D33) -> -728 | E34: =SUM(E29:E33) -> -1263 | F34: =SUM(F29:F33) -> -1512 | G34: =SUM(G29:G33) -> -4186 | H34: =SUM(H29:H33) -> -1320
B35: Capex (flight + ground) | C35: =-(C29+C30) -> 1160 | D35: =-(D29+D30) -> 908 | E35: =-(E29+E30) -> 1200 | F35: =-(F29+F30) -> 1458 | G35: =-(G29+G30) -> 4499 | H35: =-(H29+H30) -> 1320
B36: Memo: CFO less capital expenditures | C36: =C24-C35 -> 687 | D36: =D24-D35 -> 1352 | E36: =E24-E35 -> 1232 | F36: =F24-F35 -> 138 | G36: =G24-G35 -> 3843 | H36: =H24-H35 -> 385.83522
B38: Financing activities
B39: Proceeds from short-term obligations | C39: 0 | D39: 0 | E39: 1250 | F39: 0 | G39: 0 | H39: 0 | I39: Source S5.
B40: Proceeds from long-term obligations | C40: 217 | D40: 0 | E40: 0 | F40: 103 | G40: 2215 | H40: 0 | I40: Source S9,S3,S8.
B41: Payments on debt & finance leases | C41: -459 | D41: -895 | E41: -1564 | F41: -536 | G41: -4827 | H41: -500 | I41: Source S9,S7,S5,S3,S8.
B42: Cash dividends | C42: -122 | D42: -122 | E42: -129 | F42: -123 | G42: -440 | H42: =-'Share Count'!H27*'Share Count'!H11 -> -140.825 | I42: Source S9,S7,S5,S3,S8.
B43: Other, net (financing) | C43: -6 | D43: 16 | E43: 8 | F43: 10 | G43: -24 | H43: 0 | I43: Source S9,S7,S5,S3,S8.
B44: Net cash used in financing activities | C44: =SUM(C39:C43) -> -370 | D44: =SUM(D39:D43) -> -1001 | E44: =SUM(E39:E43) -> -435 | F44: =SUM(F39:F43) -> -546 | G44: =SUM(G39:G43) -> -3076 | H44: =SUM(H39:H43) -> -640.825
B46: Net change in cash & restricted cash | C46: =C24+C34+C44 -> 442 | D46: =D24+D34+D44 -> 531 | E46: =E24+E34+E44 -> 734 | F46: =F24+F34+F44 -> -462 | G46: =G24+G34+G44 -> 1080 | H46: =H24+H34+H44 -> -254.98978
B47: Cash & restricted - beginning | C47: 3529 | D47: 3970 | E47: 4501 | F47: 5235 | G47: 3421 | H47: =F48 -> 4773 | I47: Source S9,S7,S5,S3,S8. As reported (4Q25 beginning $3,970M vs 3Q25 ending $3,971M: company rounding).
B48: Cash & restricted - end | C48: =C47+C46 -> 3971 | D48: =D47+D46 -> 4501 | E48: =E47+E46 -> 5235 | F48: =F47+F46 -> 4773 | G48: =G47+G46 -> 4501 | H48: =H47+H46 -> 4518.0102
B49: Check: ending cash ties to BS | C49: =C48-'Balance Sheet'!C52 -> 0 | D49: =D48-'Balance Sheet'!D52 -> 0 | E49: =E48-'Balance Sheet'!E52 -> 0 | F49: =F48-'Balance Sheet'!F52 -> 0 | G49: =G48-'Balance Sheet'!G52 -> 0 | H49: =H48-'Balance Sheet'!H52 -> 0 | I49: Ending cash vs Balance Sheet cash plus restricted cash. 3Q26E column: construction identity (built from a residual/same inputs), excluded from Cover!C33 PASS.
B50: Check: change in cash ties to BS | C50: n.a. | D50: =D46-('Balance Sheet'!D52-'Balance Sheet'!C52) -> 1 | E50: =E46-('Balance Sheet'!E52-'Balance Sheet'!D52) -> 0 | F50: =F46-('Balance Sheet'!F52-'Balance Sheet'!E52) -> 0 | G50: n.a. | H50: =H46-('Balance Sheet'!H52-'Balance Sheet'!F52) -> 0 | I50: 3Q25: prior balance (Jun-25) outside the timeline; 4Q25 shows the $1M company rounding between 3Q25 ending and 4Q25 beginning cash. Net change vs change in Balance Sheet cash plus restricted cash. 3Q26E column: construction identity (built from a residual/same inputs), excluded from Cover!C33 PASS.

Sheet Geo
B2: Delta Air Lines, Inc. (NYSE: DAL)
B3: Geo - passenger and operating revenue by region
B4: $ millions, except per share
B6: Period | C6: 3Q25A | D6: 4Q25A | E6: 1Q26A | F6: 2Q26A | G6: FY25A | H6: 3Q26E | I6: Notes
B7: Period end | C7: 45930 | D7: 46022 | E7: 46112 | F7: 46203 | G7: 46022 | H7: 46295
B8: Days in period | C8: 92 | D8: 92 | E8: 90 | F8: 91 | G8: 365 | H8: 92
B10: Passenger revenue by region (company "entity" disclosure)
B11: Domestic passenger revenue | C11: 9103 | D11: 9210 | E11: 8717 | F11: 10673 | G11: 35731 | H11: =H12*(1+H17)*(1+H18) -> 10810.268 | I11: Source S9,S7,S5,S3. 3Q26E = 3Q25 x (1+capacity) x (1+unit revenue).
B12: PY comparative | C12: 8652 | D12: =G12-D13 -> 9193 | E12: 8101 | F12: 9318 | G12: 35226 | H12: =C11 -> 9103 | I12: Source S10,S8,S6,S4. 4Q24 = FY24 (10-K) less 9M24 (Sep-25 10-Q). Prior-year comparative as reported.
B13: 9M24: Domestic pax revenue | D13: 26033 | I13: Source S10. Memo: nine-month cumulative from the Sep-25 10-Q; used to derive the 4Q figure.
B14: % Y/Y | C14: =IFERROR(C11/C12-1,"n.a.") -> 0.052126676 | D14: =IFERROR(D11/D12-1,"n.a.") -> 0.0018492331 | E14: =IFERROR(E11/E12-1,"n.a.") -> 0.076039995 | F14: =IFERROR(F11/F12-1,"n.a.") -> 0.14541747 | G14: =IFERROR(G11/G12-1,"n.a.") -> 0.014336002 | H14: =IFERROR(H11/C11-1,"n.a.") -> 0.18755
B15: % Q/Q | C15: =IFERROR(C11/F12-1,"n.a.") -> -0.023073621 | D15: =IFERROR(D11/C11-1,"n.a.") -> 0.011754367 | E15: =IFERROR(E11/D11-1,"n.a.") -> -0.053528773 | F15: =IFERROR(F11/E11-1,"n.a.") -> 0.22438912 | G15: n.a. | H15: =IFERROR(H11/F11-1,"n.a.") -> 0.012861206
B16: Sequential change | C16: =IFERROR(C11-F12,"n.a.") -> -215 | D16: =IFERROR(D11-C11,"n.a.") -> 107 | E16: =IFERROR(E11-D11,"n.a.") -> -493 | F16: =IFERROR(F11-E11,"n.a.") -> 1956 | G16: n.a. | H16: =IFERROR(H11-F11,"n.a.") -> 137.26765
B17: Capacity (ASMs) % Y/Y | C17: 0.04 | D17: 0.01 | E17: 0.01 | F17: 0.02 | G17: n.a. | H17: 0.015 | I17: Source S9,S7,S5,S3. Company-reported, rounded to whole %. 3Q26E input (system capacity guided ~+1%; S11).
B18: Unit revenue (PRASM) % Y/Y | C18: 0.02 | D18: 0 | E18: 0.06 | F18: 0.12 | G18: n.a. | H18: 0.17 | I18: Source S9,S7,S5,S3. Company-reported, rounded to whole %. 3Q26E input. Company-reported.
B19: Yield % Y/Y - reported | C19: 0.04 | D19: 0.02 | E19: 0.06 | F19: 0.13 | G19: n.a. | H19: n.a. | I19: Source S9,S7,S5,S3. 3Q26E not modelled at regional level (n.a.).
B20: % of passenger revenue | C20: =C11/C67 -> 0.67399674 | D20: =D11/D67 -> 0.71312427 | E20: =E11/E67 -> 0.70858397 | F20: =F11/F67 -> 0.68385981 | G20: =G11/G67 -> 0.69021403 | H20: =H11/H67 -> 0.68847583
B21: M&A / scope impact | C21: n.a. | D21: n.a. | E21: n.a. | F21: n.a. | G21: n.a. | H21: n.a. | I21: Not disclosed by Delta (no acquisitions consolidated); explicitly unavailable, not zero.
B22: FX impact | C22: n.a. | D22: n.a. | E22: n.a. | F22: n.a. | G22: n.a. | H22: n.a. | I22: Delta does not disclose an FX impact on revenue; explicitly unavailable, not zero.
B23: Organic growth | C23: =IF(AND(ISNUMBER(C14),ISNUMBER(C21),ISNUMBER(C22)),(1+C14)/((1+C21)*(1+C22))-1,"n.a.") -> n.a. | D23: =IF(AND(ISNUMBER(D14),ISNUMBER(D21),ISNUMBER(D22)),(1+D14)/((1+D21)*(1+D22))-1,"n.a.") -> n.a. | E23: =IF(AND(ISNUMBER(E14),ISNUMBER(E21),ISNUMBER(E22)),(1+E14)/((1+E21)*(1+E22))-1,"n.a.") -> n.a. | F23: =IF(AND(ISNUMBER(F14),ISNUMBER(F21),ISNUMBER(F22)),(1+F14)/((1+F21)*(1+F22))-1,"n.a.") -> n.a. | G23: =IF(AND(ISNUMBER(G14),ISNUMBER(G21),ISNUMBER(G22)),(1+G14)/((1+G21)*(1+G22))-1,"n.a.") -> n.a. | H23: =IF(AND(ISNUMBER(H14),ISNUMBER(H21),ISNUMBER(H22)),(1+H14)/((1+H21)*(1+H22))-1,"n.a.") -> n.a. | I23: Organic = (1+Y/Y)/((1+M&A)*(1+FX))-1.
B24: Total growth (% Y/Y) | C24: =C14 -> 0.052126676 | D24: =D14 -> 0.0018492331 | E24: =E14 -> 0.076039995 | F24: =F14 -> 0.14541747 | G24: =G14 -> 0.014336002 | H24: =H14 -> 0.18755
B25: Atlantic passenger revenue | C25: 2977 | D25: 2048 | E25: 1517 | F25: 3112 | G25: 9270 | H25: =H26*(1+H31)*(1+H32) -> 3306.0329 | I25: Source S9,S7,S5,S3. 3Q26E = 3Q25 x (1+capacity) x (1+unit revenue).
B26: PY comparative | C26: 3029 | D26: =G26-D27 -> 1974 | E26: 1372 | F26: 2872 | G26: 9133 | H26: =C25 -> 2977 | I26: Source S10,S8,S6,S4. 4Q24 = FY24 (10-K) less 9M24 (Sep-25 10-Q). Prior-year comparative as reported.
B27: 9M24: Atlantic pax revenue | D27: 7159 | I27: Source S10. Memo: nine-month cumulative from the Sep-25 10-Q; used to derive the 4Q figure.
B28: % Y/Y | C28: =IFERROR(C25/C26-1,"n.a.") -> -0.017167382 | D28: =IFERROR(D25/D26-1,"n.a.") -> 0.037487335 | E28: =IFERROR(E25/E26-1,"n.a.") -> 0.10568513 | F28: =IFERROR(F25/F26-1,"n.a.") -> 0.08356546 | G28: =IFERROR(G25/G26-1,"n.a.") -> 0.015000547 | H28: =IFERROR(H25/C25-1,"n.a.") -> 0.110525
B29: % Q/Q | C29: =IFERROR(C25/F26-1,"n.a.") -> 0.036559889 | D29: =IFERROR(D25/C25-1,"n.a.") -> -0.31205912 | E29: =IFERROR(E25/D25-1,"n.a.") -> -0.25927734 | F29: =IFERROR(F25/E25-1,"n.a.") -> 1.0514173 | G29: n.a. | H29: =IFERROR(H25/F25-1,"n.a.") -> 0.062349912
B30: Sequential change | C30: =IFERROR(C25-F26,"n.a.") -> 105 | D30: =IFERROR(D25-C25,"n.a.") -> -929 | E30: =IFERROR(E25-D25,"n.a.") -> -531 | F30: =IFERROR(F25-E25,"n.a.") -> 1595 | G30: n.a. | H30: =IFERROR(H25-F25,"n.a.") -> 194.03292
B31: Capacity (ASMs) % Y/Y | C31: 0.05 | D31: 0.04 | E31: 0.03 | F31: 0.01 | G31: n.a. | H31: 0.005 | I31: Source S9,S7,S5,S3. Company-reported, rounded to whole %. 3Q26E input (system capacity guided ~+1%; S11).
B32: Unit revenue (PRASM) % Y/Y | C32: -0.07 | D32: 0 | E32: 0.07 | F32: 0.07 | G32: n.a. | H32: 0.105 | I32: Source S9,S7,S5,S3. Company-reported, rounded to whole %. 3Q26E input. Company-reported.
B33: Yield % Y/Y - reported | C33: -0.05 | D33: 0.02 | E33: 0.06 | F33: 0.09 | G33: n.a. | H33: n.a. | I33: Source S9,S7,S5,S3. 3Q26E not modelled at regional level (n.a.).
B34: % of passenger revenue | C34: =C25/C67 -> 0.22042055 | D34: =D25/D67 -> 0.1585753 | E34: =E25/E67 -> 0.12331328 | F34: =F25/F67 -> 0.19939771 | G34: =G25/G67 -> 0.17906815 | H34: =H25/H67 -> 0.21055203
B35: M&A / scope impact | C35: n.a. | D35: n.a. | E35: n.a. | F35: n.a. | G35: n.a. | H35: n.a. | I35: Not disclosed by Delta (no acquisitions consolidated); explicitly unavailable, not zero.
B36: FX impact | C36: n.a. | D36: n.a. | E36: n.a. | F36: n.a. | G36: n.a. | H36: n.a. | I36: Delta does not disclose an FX impact on revenue; explicitly unavailable, not zero.
B37: Organic growth | C37: =IF(AND(ISNUMBER(C28),ISNUMBER(C35),ISNUMBER(C36)),(1+C28)/((1+C35)*(1+C36))-1,"n.a.") -> n.a. | D37: =IF(AND(ISNUMBER(D28),ISNUMBER(D35),ISNUMBER(D36)),(1+D28)/((1+D35)*(1+D36))-1,"n.a.") -> n.a. | E37: =IF(AND(ISNUMBER(E28),ISNUMBER(E35),ISNUMBER(E36)),(1+E28)/((1+E35)*(1+E36))-1,"n.a.") -> n.a. | F37: =IF(AND(ISNUMBER(F28),ISNUMBER(F35),ISNUMBER(F36)),(1+F28)/((1+F35)*(1+F36))-1,"n.a.") -> n.a. | G37: =IF(AND(ISNUMBER(G28),ISNUMBER(G35),ISNUMBER(G36)),(1+G28)/((1+G35)*(1+G36))-1,"n.a.") -> n.a. | H37: =IF(AND(ISNUMBER(H28),ISNUMBER(H35),ISNUMBER(H36)),(1+H28)/((1+H35)*(1+H36))-1,"n.a.") -> n.a. | I37: Organic = (1+Y/Y)/((1+M&A)*(1+FX))-1.
B38: Total growth (% Y/Y) | C38: =C28 -> -0.017167382 | D38: =D28 -> 0.037487335 | E38: =E28 -> 0.10568513 | F38: =F28 -> 0.08356546 | G38: =G28 -> 0.015000547 | H38: =H28 -> 0.110525
B39: Latin America passenger revenue | C39: 759 | D39: 933 | E39: 1328 | F39: 990 | G39: 3980 | H39: =H40*(1+H45)*(1+H46) -> 814.7865 | I39: Source S9,S7,S5,S3. 3Q26E = 3Q25 x (1+capacity) x (1+unit revenue).
B40: PY comparative | C40: 779 | D40: =G40-D41 -> 987 | E40: 1334 | F40: 954 | G40: 3995 | H40: =C39 -> 759 | I40: Source S10,S8,S6,S4. 4Q24 = FY24 (10-K) less 9M24 (Sep-25 10-Q). Prior-year comparative as reported.
B41: 9M24: Latin America pax revenue | D41: 3008 | I41: Source S10. Memo: nine-month cumulative from the Sep-25 10-Q; used to derive the 4Q figure.
B42: % Y/Y | C42: =IFERROR(C39/C40-1,"n.a.") -> -0.025673941 | D42: =IFERROR(D39/D40-1,"n.a.") -> -0.054711246 | E42: =IFERROR(E39/E40-1,"n.a.") -> -0.0044977511 | F42: =IFERROR(F39/F40-1,"n.a.") -> 0.037735849 | G42: =IFERROR(G39/G40-1,"n.a.") -> -0.0037546934 | H42: =IFERROR(H39/C39-1,"n.a.") -> 0.0735
B43: % Q/Q | C43: =IFERROR(C39/F40-1,"n.a.") -> -0.20440252 | D43: =IFERROR(D39/C39-1,"n.a.") -> 0.22924901 | E43: =IFERROR(E39/D39-1,"n.a.") -> 0.42336549 | F43: =IFERROR(F39/E39-1,"n.a.") -> -0.25451807 | G43: n.a. | H43: =IFERROR(H39/F39-1,"n.a.") -> -0.17698333
B44: Sequential change | C44: =IFERROR(C39-F40,"n.a.") -> -195 | D44: =IFERROR(D39-C39,"n.a.") -> 174 | E44: =IFERROR(E39-D39,"n.a.") -> 395 | F44: =IFERROR(F39-E39,"n.a.") -> -338 | G44: n.a. | H44: =IFERROR(H39-F39,"n.a.") -> -175.2135
B45: Capacity (ASMs) % Y/Y | C45: -0.02 | D45: -0.03 | E45: -0.03 | F45: -0.07 | G45: n.a. | H45: -0.05 | I45: Source S9,S7,S5,S3. Company-reported, rounded to whole %. 3Q26E input (system capacity guided ~+1%; S11).
B46: Unit revenue (PRASM) % Y/Y | C46: 0 | D46: -0.02 | E46: 0.03 | F46: 0.12 | G46: n.a. | H46: 0.13 | I46: Source S9,S7,S5,S3. Company-reported, rounded to whole %. 3Q26E input. Company-reported.
B47: Yield % Y/Y - reported | C47: 0.01 | D47: 0 | E47: 0.04 | F47: 0.13 | G47: n.a. | H47: n.a. | I47: Source S9,S7,S5,S3. 3Q26E not modelled at regional level (n.a.).
B48: % of passenger revenue | C48: =C39/C67 -> 0.056197246 | D48: =D39/D67 -> 0.07224158 | E48: =E39/E67 -> 0.10794993 | F48: =F39/F67 -> 0.063433075 | G48: =G39/G67 -> 0.076881471 | H48: =H39/H67 -> 0.051891482
B49: M&A / scope impact | C49: n.a. | D49: n.a. | E49: n.a. | F49: n.a. | G49: n.a. | H49: n.a. | I49: Not disclosed by Delta (no acquisitions consolidated); explicitly unavailable, not zero.
B50: FX impact | C50: n.a. | D50: n.a. | E50: n.a. | F50: n.a. | G50: n.a. | H50: n.a. | I50: Delta does not disclose an FX impact on revenue; explicitly unavailable, not zero.
B51: Organic growth | C51: =IF(AND(ISNUMBER(C42),ISNUMBER(C49),ISNUMBER(C50)),(1+C42)/((1+C49)*(1+C50))-1,"n.a.") -> n.a. | D51: =IF(AND(ISNUMBER(D42),ISNUMBER(D49),ISNUMBER(D50)),(1+D42)/((1+D49)*(1+D50))-1,"n.a.") -> n.a. | E51: =IF(AND(ISNUMBER(E42),ISNUMBER(E49),ISNUMBER(E50)),(1+E42)/((1+E49)*(1+E50))-1,"n.a.") -> n.a. | F51: =IF(AND(ISNUMBER(F42),ISNUMBER(F49),ISNUMBER(F50)),(1+F42)/((1+F49)*(1+F50))-1,"n.a.") -> n.a. | G51: =IF(AND(ISNUMBER(G42),ISNUMBER(G49),ISNUMBER(G50)),(1+G42)/((1+G49)*(1+G50))-1,"n.a.") -> n.a. | H51: =IF(AND(ISNUMBER(H42),ISNUMBER(H49),ISNUMBER(H50)),(1+H42)/((1+H49)*(1+H50))-1,"n.a.") -> n.a. | I51: Organic = (1+Y/Y)/((1+M&A)*(1+FX))-1.
B52: Total growth (% Y/Y) | C52: =C42 -> -0.025673941 | D52: =D42 -> -0.054711246 | E52: =E42 -> -0.0044977511 | F52: =F42 -> 0.037735849 | G52: =G42 -> -0.0037546934 | H52: =H42 -> 0.0735
B53: Pacific passenger revenue | C53: 667 | D53: 724 | E53: 740 | F53: 832 | G53: 2787 | H53: =H54*(1+H59)*(1+H60) -> 770.6518 | I53: Source S9,S7,S5,S3. 3Q26E = 3Q25 x (1+capacity) x (1+unit revenue).
B54: PY comparative | C54: 647 | D54: =G54-D55 -> 661 | E54: 673 | F54: 723 | G54: 2540 | H54: =C53 -> 667 | I54: Source S10,S8,S6,S4. 4Q24 = FY24 (10-K) less 9M24 (Sep-25 10-Q). Prior-year comparative as reported.
B55: 9M24: Pacific pax revenue | D55: 1879 | I55: Source S10. Memo: nine-month cumulative from the Sep-25 10-Q; used to derive the 4Q figure.
B56: % Y/Y | C56: =IFERROR(C53/C54-1,"n.a.") -> 0.030911901 | D56: =IFERROR(D53/D54-1,"n.a.") -> 0.095310136 | E56: =IFERROR(E53/E54-1,"n.a.") -> 0.099554235 | F56: =IFERROR(F53/F54-1,"n.a.") -> 0.15076072 | G56: =IFERROR(G53/G54-1,"n.a.") -> 0.097244094 | H56: =IFERROR(H53/C53-1,"n.a.") -> 0.1554
B57: % Q/Q | C57: =IFERROR(C53/F54-1,"n.a.") -> -0.077455048 | D57: =IFERROR(D53/C53-1,"n.a.") -> 0.085457271 | E57: =IFERROR(E53/D53-1,"n.a.") -> 0.022099448 | F57: =IFERROR(F53/E53-1,"n.a.") -> 0.12432432 | G57: n.a. | H57: =IFERROR(H53/F53-1,"n.a.") -> -0.073735817
B58: Sequential change | C58: =IFERROR(C53-F54,"n.a.") -> -56 | D58: =IFERROR(D53-C53,"n.a.") -> 57 | E58: =IFERROR(E53-D53,"n.a.") -> 16 | F58: =IFERROR(F53-E53,"n.a.") -> 92 | G58: n.a. | H58: =IFERROR(H53-F53,"n.a.") -> -61.3482
B59: Capacity (ASMs) % Y/Y | C59: 0.07 | D59: 0.05 | E59: 0.03 | F59: 0.08 | G59: n.a. | H59: 0.06 | I59: Source S9,S7,S5,S3. Company-reported, rounded to whole %. 3Q26E input (system capacity guided ~+1%; S11).
B60: Unit revenue (PRASM) % Y/Y | C60: -0.04 | D60: 0.04 | E60: 0.06 | F60: 0.07 | G60: n.a. | H60: 0.09 | I60: Source S9,S7,S5,S3. Company-reported, rounded to whole %. 3Q26E input. Company-reported.
B61: Yield % Y/Y - reported | C61: -0.06 | D61: -0.01 | E61: 0.04 | F61: 0.07 | G61: n.a. | H61: n.a. | I61: Source S9,S7,S5,S3. 3Q26E not modelled at regional level (n.a.).
B62: % of passenger revenue | C62: =C53/C67 -> 0.049385458 | D62: =D53/D67 -> 0.056058846 | E62: =E53/E67 -> 0.060152821 | F62: =F53/F67 -> 0.053309412 | G62: =G53/G67 -> 0.053836347 | H62: =H53/H67 -> 0.049080666
B63: M&A / scope impact | C63: n.a. | D63: n.a. | E63: n.a. | F63: n.a. | G63: n.a. | H63: n.a. | I63: Not disclosed by Delta (no acquisitions consolidated); explicitly unavailable, not zero.
B64: FX impact | C64: n.a. | D64: n.a. | E64: n.a. | F64: n.a. | G64: n.a. | H64: n.a. | I64: Delta does not disclose an FX impact on revenue; explicitly unavailable, not zero.
B65: Organic growth | C65: =IF(AND(ISNUMBER(C56),ISNUMBER(C63),ISNUMBER(C64)),(1+C56)/((1+C63)*(1+C64))-1,"n.a.") -> n.a. | D65: =IF(AND(ISNUMBER(D56),ISNUMBER(D63),ISNUMBER(D64)),(1+D56)/((1+D63)*(1+D64))-1,"n.a.") -> n.a. | E65: =IF(AND(ISNUMBER(E56),ISNUMBER(E63),ISNUMBER(E64)),(1+E56)/((1+E63)*(1+E64))-1,"n.a.") -> n.a. | F65: =IF(AND(ISNUMBER(F56),ISNUMBER(F63),ISNUMBER(F64)),(1+F56)/((1+F63)*(1+F64))-1,"n.a.") -> n.a. | G65: =IF(AND(ISNUMBER(G56),ISNUMBER(G63),ISNUMBER(G64)),(1+G56)/((1+G63)*(1+G64))-1,"n.a.") -> n.a. | H65: =IF(AND(ISNUMBER(H56),ISNUMBER(H63),ISNUMBER(H64)),(1+H56)/((1+H63)*(1+H64))-1,"n.a.") -> n.a. | I65: Organic = (1+Y/Y)/((1+M&A)*(1+FX))-1.
B66: Total growth (% Y/Y) | C66: =C56 -> 0.030911901 | D66: =D56 -> 0.095310136 | E66: =E56 -> 0.099554235 | F66: =F56 -> 0.15076072 | G66: =G56 -> 0.097244094 | H66: =H56 -> 0.1554
B67: Passenger revenue - total of regions | C67: =SUM(C11,C25,C39,C53) -> 13506 | D67: =SUM(D11,D25,D39,D53) -> 12915 | E67: =SUM(E11,E25,E39,E53) -> 12302 | F67: =SUM(F11,F25,F39,F53) -> 15607 | G67: =SUM(G11,G25,G39,G53) -> 51768 | H67: =SUM(H11,H25,H39,H53) -> 15701.739
B68: PY comparative | C68: =SUM(C12,C26,C40,C54) -> 13107 | D68: =SUM(D12,D26,D40,D54) -> 12815 | E68: =SUM(E12,E26,E40,E54) -> 11480 | F68: =SUM(F12,F26,F40,F54) -> 13867 | G68: =SUM(G12,G26,G40,G54) -> 50894 | H68: =C67 -> 13506 | I68: Prior-year comparative as reported.
B69: % Y/Y | C69: =IFERROR(C67/C68-1,"n.a.") -> 0.030441749 | D69: =IFERROR(D67/D68-1,"n.a.") -> 0.0078033554 | E69: =IFERROR(E67/E68-1,"n.a.") -> 0.071602787 | F69: =IFERROR(F67/F68-1,"n.a.") -> 0.12547775 | G69: =IFERROR(G67/G68-1,"n.a.") -> 0.017172948 | H69: =IFERROR(H67/C67-1,"n.a.") -> 0.16257507
B70: Check: regions = passenger by product | C70: =ABS(C67-'Segment - Airline'!C81)<=2 -> TRUE | D70: =ABS(D67-'Segment - Airline'!D81)<=2 -> TRUE | E70: =ABS(E67-'Segment - Airline'!E81)<=2 -> TRUE | F70: =ABS(F67-'Segment - Airline'!F81)<=2 -> TRUE | G70: =ABS(G67-'Segment - Airline'!G81)<=2 -> TRUE | H70: =ABS(H67-'Segment - Airline'!H81)<=2 -> TRUE | I70: Tolerance: <= $2M rounding. 3Q26E column: construction identity (built from a residual/same inputs), excluded from Cover!C33 PASS.
B71: Cargo revenue (not by region) | C71: ='Segment - Airline'!C94 -> 233 | D71: ='Segment - Airline'!D94 -> 246 | E71: ='Segment - Airline'!E94 -> 226 | F71: ='Segment - Airline'!F94 -> 294 | G71: ='Segment - Airline'!G94 -> 900 | H71: ='Segment - Airline'!H94 -> 302.9
B72: Other revenue ex-refinery | C72: ='Segment - Airline'!C151 -> 1458 | D72: ='Segment - Airline'!D151 -> 1444 | E72: ='Segment - Airline'!E151 -> 1672 | F72: ='Segment - Airline'!F151 -> 1765 | G72: ='Segment - Airline'!G151 -> 5619 | H72: ='Segment - Airline'!H151 -> 1754.902 | I72: Not allocated by region.
B73: Refinery sales (in Domestic) | C73: ='Segment - Refinery'!C28 -> 1476 | D73: ='Segment - Refinery'!D28 -> 1397 | E73: ='Segment - Refinery'!E28 -> 1654 | F73: ='Segment - Refinery'!F28 -> 2091 | G73: ='Segment - Refinery'!G28 -> 5077 | H73: ='Segment - Refinery'!H28 -> 2230.98 | I73: Third-party refinery sales, reported in Domestic.
B74: Total operating revenue | C74: =C67+C71+C72+C73 -> 16673 | D74: =D67+D71+D72+D73 -> 16002 | E74: =E67+E71+E72+E73 -> 15854 | F74: =F67+F71+F72+F73 -> 19757 | G74: =G67+G71+G72+G73 -> 63364 | H74: =H67+H71+H72+H73 -> 19990.521
B75: Check: Geo total = IS total revenue | C75: =ABS(C74-'Income Statement'!C14)<=2 -> TRUE | D75: =ABS(D74-'Income Statement'!D14)<=2 -> TRUE | E75: =ABS(E74-'Income Statement'!E14)<=2 -> TRUE | F75: =ABS(F74-'Income Statement'!F14)<=2 -> TRUE | G75: =ABS(G74-'Income Statement'!G14)<=2 -> TRUE | H75: =ABS(H74-'Income Statement'!H14)<=2 -> TRUE | I75: Tolerance: <= $2M rounding. 3Q26E column: construction identity (built from a residual/same inputs), excluded from Cover!C33 PASS.
B77: Operating revenue by geographic region (10-Q / 10-K note)
B78: Domestic operating revenue | C78: 11561 | D78: =G78-D79 -> 11623 | E78: 11502 | F78: 13957 | G78: 44655 | H78: =H110-H86-H94-H102 -> 14309.959 | I78: Source S10,S8,S6,S4. 4Q25 derived = FY25 (10-K) less 9M25 (10-Q). 3Q26E: passenger forecast x 3Q25 op-rev/passenger ratio; Domestic is the residual (includes refinery).
B79: 9M25: Domestic op. revenue | D79: 33032 | I79: Source S10. Memo: nine-month cumulative from the Sep-25 10-Q; used to derive the 4Q figure.
B80: % Y/Y | C80: n.a. | D80: n.a. | E80: n.a. | F80: n.a. | G80: n.a. | H80: =IFERROR(H78/C78-1,"n.a.") -> 0.23777865 | I80: PY regional operating revenue only partly in the timeline; Y/Y shown for the forecast column.
B81: % of total operating revenue | C81: =C78/C111 -> 0.69339651 | D81: =D78/D111 -> 0.72630132 | E81: =E78/E111 -> 0.72549514 | F81: =F78/F111 -> 0.70643316 | G81: =G78/G111 -> 0.70473771 | H81: =H78/H111 -> 0.71583723
B82: M&A / scope impact | C82: n.a. | D82: n.a. | E82: n.a. | F82: n.a. | G82: n.a. | H82: n.a. | I82: Not disclosed by Delta (no acquisitions consolidated); explicitly unavailable, not zero.
B83: FX impact | C83: n.a. | D83: n.a. | E83: n.a. | F83: n.a. | G83: n.a. | H83: n.a. | I83: Delta does not disclose an FX impact on revenue; explicitly unavailable, not zero.
B84: Organic growth | C84: =IF(AND(ISNUMBER(C80),ISNUMBER(C82),ISNUMBER(C83)),(1+C80)/((1+C82)*(1+C83))-1,"n.a.") -> n.a. | D84: =IF(AND(ISNUMBER(D80),ISNUMBER(D82),ISNUMBER(D83)),(1+D80)/((1+D82)*(1+D83))-1,"n.a.") -> n.a. | E84: =IF(AND(ISNUMBER(E80),ISNUMBER(E82),ISNUMBER(E83)),(1+E80)/((1+E82)*(1+E83))-1,"n.a.") -> n.a. | F84: =IF(AND(ISNUMBER(F80),ISNUMBER(F82),ISNUMBER(F83)),(1+F80)/((1+F82)*(1+F83))-1,"n.a.") -> n.a. | G84: =IF(AND(ISNUMBER(G80),ISNUMBER(G82),ISNUMBER(G83)),(1+G80)/((1+G82)*(1+G83))-1,"n.a.") -> n.a. | H84: =IF(AND(ISNUMBER(H80),ISNUMBER(H82),ISNUMBER(H83)),(1+H80)/((1+H82)*(1+H83))-1,"n.a.") -> n.a. | I84: Organic = (1+Y/Y)/((1+M&A)*(1+FX))-1.
B85: Total growth (% Y/Y) | C85: =C80 -> n.a. | D85: =D80 -> n.a. | E85: =E80 -> n.a. | F85: =F80 -> n.a. | G85: =G80 -> n.a. | H85: =H80 -> 0.23777865
B86: Atlantic operating revenue | C86: 3423 | D86: =G86-D87 -> 2413 | E86: 1867 | F86: 3620 | G86: 10766 | H86: =H25*(C86/C25) -> 3801.3271 | I86: Source S10,S8,S6,S4. 4Q25 derived = FY25 (10-K) less 9M25 (10-Q). 3Q26E: passenger forecast x 3Q25 op-rev/passenger ratio; Domestic is the residual (includes refinery).
B87: 9M25: Atlantic op. revenue | D87: 8353 | I87: Source S10. Memo: nine-month cumulative from the Sep-25 10-Q; used to derive the 4Q figure.
B88: % Y/Y | C88: n.a. | D88: n.a. | E88: n.a. | F88: n.a. | G88: n.a. | H88: =IFERROR(H86/C86-1,"n.a.") -> 0.110525 | I88: PY regional operating revenue only partly in the timeline; Y/Y shown for the forecast column.
B89: % of total operating revenue | C89: =C86/C111 -> 0.20530199 | D89: =D86/D111 -> 0.15078423 | E89: =E86/E111 -> 0.11776208 | F89: =F86/F111 -> 0.1832262 | G89: =G86/G111 -> 0.1699072 | H89: =H86/H111 -> 0.19015648
B90: M&A / scope impact | C90: n.a. | D90: n.a. | E90: n.a. | F90: n.a. | G90: n.a. | H90: n.a. | I90: Not disclosed by Delta (no acquisitions consolidated); explicitly unavailable, not zero.
B91: FX impact | C91: n.a. | D91: n.a. | E91: n.a. | F91: n.a. | G91: n.a. | H91: n.a. | I91: Delta does not disclose an FX impact on revenue; explicitly unavailable, not zero.
B92: Organic growth | C92: =IF(AND(ISNUMBER(C88),ISNUMBER(C90),ISNUMBER(C91)),(1+C88)/((1+C90)*(1+C91))-1,"n.a.") -> n.a. | D92: =IF(AND(ISNUMBER(D88),ISNUMBER(D90),ISNUMBER(D91)),(1+D88)/((1+D90)*(1+D91))-1,"n.a.") -> n.a. | E92: =IF(AND(ISNUMBER(E88),ISNUMBER(E90),ISNUMBER(E91)),(1+E88)/((1+E90)*(1+E91))-1,"n.a.") -> n.a. | F92: =IF(AND(ISNUMBER(F88),ISNUMBER(F90),ISNUMBER(F91)),(1+F88)/((1+F90)*(1+F91))-1,"n.a.") -> n.a. | G92: =IF(AND(ISNUMBER(G88),ISNUMBER(G90),ISNUMBER(G91)),(1+G88)/((1+G90)*(1+G91))-1,"n.a.") -> n.a. | H92: =IF(AND(ISNUMBER(H88),ISNUMBER(H90),ISNUMBER(H91)),(1+H88)/((1+H90)*(1+H91))-1,"n.a.") -> n.a. | I92: Organic = (1+Y/Y)/((1+M&A)*(1+FX))-1.
B93: Total growth (% Y/Y) | C93: =C88 -> n.a. | D93: =D88 -> n.a. | E93: =E88 -> n.a. | F93: =F88 -> n.a. | G93: =G88 -> n.a. | H93: =H88 -> 0.110525
B94: Latin America operating revenue | C94: 882 | D94: =G94-D95 -> 1082 | E94: 1560 | F94: 1146 | G94: 4579 | H94: =H39*(C94/C39) -> 946.827 | I94: Source S10,S8,S6,S4. 4Q25 derived = FY25 (10-K) less 9M25 (10-Q). 3Q26E: passenger forecast x 3Q25 op-rev/passenger ratio; Domestic is the residual (includes refinery).
B95: 9M25: Latin America op. revenue | D95: 3497 | I95: Source S10. Memo: nine-month cumulative from the Sep-25 10-Q; used to derive the 4Q figure.
B96: % Y/Y | C96: n.a. | D96: n.a. | E96: n.a. | F96: n.a. | G96: n.a. | H96: =IFERROR(H94/C94-1,"n.a.") -> 0.0735 | I96: PY regional operating revenue only partly in the timeline; Y/Y shown for the forecast column.
B97: % of total operating revenue | C97: =C94/C111 -> 0.052899898 | D97: =D94/D111 -> 0.067612323 | E97: =E94/E111 -> 0.098397881 | F97: =F94/F111 -> 0.058004758 | G97: =G94/G111 -> 0.072265009 | H97: =H94/H111 -> 0.047363798
B98: M&A / scope impact | C98: n.a. | D98: n.a. | E98: n.a. | F98: n.a. | G98: n.a. | H98: n.a. | I98: Not disclosed by Delta (no acquisitions consolidated); explicitly unavailable, not zero.
B99: FX impact | C99: n.a. | D99: n.a. | E99: n.a. | F99: n.a. | G99: n.a. | H99: n.a. | I99: Delta does not disclose an FX impact on revenue; explicitly unavailable, not zero.
B100: Organic growth | C100: =IF(AND(ISNUMBER(C96),ISNUMBER(C98),ISNUMBER(C99)),(1+C96)/((1+C98)*(1+C99))-1,"n.a.") -> n.a. | D100: =IF(AND(ISNUMBER(D96),ISNUMBER(D98),ISNUMBER(D99)),(1+D96)/((1+D98)*(1+D99))-1,"n.a.") -> n.a. | E100: =IF(AND(ISNUMBER(E96),ISNUMBER(E98),ISNUMBER(E99)),(1+E96)/((1+E98)*(1+E99))-1,"n.a.") -> n.a. | F100: =IF(AND(ISNUMBER(F96),ISNUMBER(F98),ISNUMBER(F99)),(1+F96)/((1+F98)*(1+F99))-1,"n.a.") -> n.a. | G100: =IF(AND(ISNUMBER(G96),ISNUMBER(G98),ISNUMBER(G99)),(1+G96)/((1+G98)*(1+G99))-1,"n.a.") -> n.a. | H100: =IF(AND(ISNUMBER(H96),ISNUMBER(H98),ISNUMBER(H99)),(1+H96)/((1+H98)*(1+H99))-1,"n.a.") -> n.a. | I100: Organic = (1+Y/Y)/((1+M&A)*(1+FX))-1.
B101: Total growth (% Y/Y) | C101: =C96 -> n.a. | D101: =D96 -> n.a. | E101: =E96 -> n.a. | F101: =F96 -> n.a. | G101: =G96 -> n.a. | H101: =H96 -> 0.0735
B102: Pacific operating revenue | C102: 807 | D102: =G102-D103 -> 885 | E102: 925 | F102: 1034 | G102: 3364 | H102: =H53*(C102/C53) -> 932.4078 | I102: Source S10,S8,S6,S4. 4Q25 derived = FY25 (10-K) less 9M25 (10-Q). 3Q26E: passenger forecast x 3Q25 op-rev/passenger ratio; Domestic is the residual (includes refinery).
B103: 9M25: Pacific op. revenue | D103: 2479 | I103: Source S10. Memo: nine-month cumulative from the Sep-25 10-Q; used to derive the 4Q figure.
B104: % Y/Y | C104: n.a. | D104: n.a. | E104: n.a. | F104: n.a. | G104: n.a. | H104: =IFERROR(H102/C102-1,"n.a.") -> 0.1554 | I104: PY regional operating revenue only partly in the timeline; Y/Y shown for the forecast column.
...

Sheet Share Count
B2: Delta Air Lines, Inc. (NYSE: DAL)
B3: Share Count
B4: $ millions, except per share
B6: Period | C6: 3Q25A | D6: 4Q25A | E6: 1Q26A | F6: 2Q26A | G6: FY25A | H6: 3Q26E | I6: Notes
B7: Period end | C7: 45930 | D7: 46022 | E7: 46112 | F7: 46203 | G7: 46022 | H7: 46295
B8: Days in period | C8: 92 | D8: 92 | E8: 90 | F8: 91 | G8: 365 | H8: 92
B10: Weighted average shares (millions)
B11: Basic weighted average shares | C11: 649 | D11: 649 | E11: 652 | F11: 654 | G11: 648 | H11: 655 | I11: Source S9,S7,S5,S3. 3Q26E basic: 2Q26 654 + modest issuance under equity plans; no buybacks (none under $1.0B authorization through 6/30/26).
B12: PY comparative | C12: 641 | D12: 642 | E12: 644 | F12: 649 | G12: 641 | H12: =C11 -> 649 | I12: Source S9,S7,S5,S3. Prior-year comparative as reported.
B13: % Y/Y | C13: =IFERROR(C11/C12-1,"n.a.") -> 0.012480499 | D13: =IFERROR(D11/D12-1,"n.a.") -> 0.010903427 | E13: =IFERROR(E11/E12-1,"n.a.") -> 0.01242236 | F13: =IFERROR(F11/F12-1,"n.a.") -> 0.0077041602 | G13: =IFERROR(G11/G12-1,"n.a.") -> 0.010920437 | H13: =IFERROR(H11/C11-1,"n.a.") -> 0.0092449923
B14: Sequential change | C14: =IFERROR(C11-F12,"n.a.") -> 0 | D14: =IFERROR(D11-C11,"n.a.") -> 0 | E14: =IFERROR(E11-D11,"n.a.") -> 3 | F14: =IFERROR(F11-E11,"n.a.") -> 2 | G14: n.a. | H14: =IFERROR(H11-F11,"n.a.") -> 1
B15: Dilutive effect | C15: =C16-C11 -> 5 | D15: =D16-D11 -> 7 | E15: =E16-E11 -> 0 | F15: =F16-F11 -> 4 | G15: =G16-G11 -> 6 | H15: 4 | I15: Share-based instruments.
B16: Diluted weighted avg shares | C16: 654 | D16: 656 | E16: 652 | F16: 658 | G16: 654 | H16: =H11+H15 -> 659 | I16: Source S9,S7,S5,S3. 1Q26 GAAP diluted = basic because of the net loss (anti-dilution). GAAP.
B17: PY comparative | C17: 647 | D17: 652 | E17: 652 | F17: 652 | G17: 648 | H17: =C16 -> 654 | I17: Source S9,S7,S5,S3. Prior-year comparative as reported.
B18: % Y/Y | C18: =IFERROR(C16/C17-1,"n.a.") -> 0.010819165 | D18: =IFERROR(D16/D17-1,"n.a.") -> 0.0061349693 | E18: =IFERROR(E16/E17-1,"n.a.") -> 0 | F18: =IFERROR(F16/F17-1,"n.a.") -> 0.009202454 | G18: =IFERROR(G16/G17-1,"n.a.") -> 0.0092592593 | H18: =IFERROR(H16/C16-1,"n.a.") -> 0.0076452599
B19: Sequential change | C19: =IFERROR(C16-F17,"n.a.") -> 2 | D19: =IFERROR(D16-C16,"n.a.") -> 2 | E19: =IFERROR(E16-D16,"n.a.") -> -4 | F19: =IFERROR(F16-E16,"n.a.") -> 6 | G19: n.a. | H19: =IFERROR(H16-F16,"n.a.") -> 1
B20: Diluted shares for non-GAAP EPS | C20: =C16 -> 654 | D20: =D16 -> 656 | E20: 657 | F20: =F16 -> 658 | G20: =G16 -> 654 | H20: =H16 -> 659 | I20: 1Q26 SOURCE LIMITATION (unresolved, historical only): S5 Note A gives non-GAAP NI $423M / EPS $0.64 but no non-GAAP diluted share count; S6 10-Q shows GAAP diluted = basic 652 (loss). 657 is a PROXY = six-month 1H26 diluted weighted count (S4), not a quarter count. $0.64 implies ~656-666M; 652 would give $0.65. No 3Q26E impact.
B22: Period-end shares and capital return
B23: Shares outstanding, end (M) | C23: 652.96277 | D23: 653.17124 | E23: 656.99411 | F23: 657.62303 | G23: =D23 -> 653.17124 | H23: =F23+H24-H25 -> 658.12303 | I23: Source S10,S8,S6,S4. 10-Q/10-K cover pages; Dec-25 = issued 659,669,346 less treasury 6,498,109 (10-K R4).
B24: Shares issued (M) | C24: n.a. | D24: n.a. | E24: 1.9 | F24: n.a. | G24: n.a. | H24: 0.5 | I24: 1Q26: remaining 1.9M PSP warrants exercised (net share settled) per 10-Q. 3Q26E assumption 0.5M. Equity plans and warrants.
B25: Shares repurchased (M) | C25: 0 | D25: 0 | E25: 0 | F25: 0 | G25: 0 | H25: 0 | I25: Source S4. $1.0B authorization (Jun-2025, through Jun-2028); no repurchases through 6/30/26 (10-Q).
B26: Share repurchases ($M) | C26: 0 | D26: 0 | E26: 0 | F26: 0 | G26: 0 | H26: 0 | I26: Source S4.
B27: Dividend per share ($) | C27: 0.1875 | D27: n.a. | E27: n.a. | F27: 0.1875 | G27: n.a. | H27: 0.215 | I27: Source S12,S4. 3Q25: 25% increase to $0.1875 from Sep-25 qtr; 2Q26: $0.1875 paid Jun 4; 3Q26: $0.2150 declared Jun 18 payable Jul 30. 4Q25/1Q26 per-share not verified -> n.a. Declared/paid in the quarter.
B28: Cash dividends paid ($M) | C28: =-'Cash Flow Statement'!C42 -> 122 | D28: =-'Cash Flow Statement'!D42 -> 122 | E28: =-'Cash Flow Statement'!E42 -> 129 | F28: =-'Cash Flow Statement'!F42 -> 123 | G28: =-'Cash Flow Statement'!G42 -> 440 | H28: =-'Cash Flow Statement'!H42 -> 140.825
B30: Share count behind EPS
B31: Diluted shares in EPS (M) | C31: =C20 -> 654 | D31: =D20 -> 656 | E31: =E20 -> 657 | F31: =F20 -> 658 | G31: =G20 -> 654 | H31: =H20 -> 659
B32: Adjusted net income ($M) | C32: ='Income Statement'!C126 -> 1114 | D32: ='Income Statement'!D126 -> 1014 | E32: ='Income Statement'!E126 -> 422 | F32: ='Income Statement'!F126 -> 1028 | G32: ='Income Statement'!G126 -> 3799 | H32: ='Income Statement'!H126 -> 1081.3682
B33: Adjusted diluted EPS ($) | C33: =C32/C31 -> 1.7033639 | D33: =D32/D31 -> 1.5457317 | E33: =E32/E31 -> 0.64231355 | F33: =F32/F31 -> 1.56231 | G33: =G32/G31 -> 5.8088685 | H33: =H32/H31 -> 1.640923
B34: Check: EPS = adj. NI / shares | C34: =ABS(C33-'Income Statement'!C128)<0.0001 -> TRUE | D34: =ABS(D33-'Income Statement'!D128)<0.0001 -> TRUE | E34: =ABS(E33-'Income Statement'!E128)<0.0001 -> TRUE | F34: =ABS(F33-'Income Statement'!F128)<0.0001 -> TRUE | G34: =ABS(G33-'Income Statement'!G128)<0.0001 -> TRUE | H34: =ABS(H33-'Income Statement'!H128)<0.0001 -> TRUE | I34: Compared with Income Statement adjusted EPS. 3Q26E column: construction identity (built from a residual/same inputs), excluded from Cover!C33 PASS.

Sheet Guidance
B2: Delta Air Lines, Inc. (NYSE: DAL)
B3: Guidance - issued vs actual
B4: $ millions, except per share
B6: Period | C6: 3Q26E
B7: Period end | C7: 46295
B8: Days in period | C8: 92
B10: Metric | C10: Date issued | D10: Period | E10: Low | F10: High | G10: Midpoint | H10: Actual / est. | I10: Beat / miss | J10: Source
B11: Adjusted EPS ($) | C11: 45848 | D11: 3Q25 | E11: 1.25 | F11: 1.75 | G11: =AVERAGE(E11,F11) -> 1.5 | H11: ='Income Statement'!C131 -> 1.7 | I11: =IF(ISNUMBER(H11),IF(H11>F11,"Beat - above range",IF(H11>=G11,"Above midpoint",IF(H11>=E11,"Below midpoint","Miss - below range"))),"Pending") -> Above midpoint | J11: S12 | K11: Source S12.
B12: Adjusted revenue growth Y/Y | C12: 45848 | D12: 3Q25 | E12: 0 | F12: 0.04 | G12: =AVERAGE(E12,F12) -> 0.02 | H12: ='Revenue summary'!C91 -> 0.04131835 | I12: =IF(ISNUMBER(H12),IF(H12>F12,"Beat - above range",IF(H12>=G12,"Above midpoint",IF(H12>=E12,"Below midpoint","Miss - below range"))),"Pending") -> Beat - above range | J12: S12 | K12: Source S12.
B13: Operating margin, adjusted | C13: 45848 | D13: 3Q25 | E13: 0.09 | F13: 0.11 | G13: =AVERAGE(E13,F13) -> 0.1 | H13: 0.112 | I13: =IF(ISNUMBER(H13),IF(H13>F13,"Beat - above range",IF(H13>=G13,"Above midpoint",IF(H13>=E13,"Below midpoint","Miss - below range"))),"Pending") -> Beat - above range | J13: S12,S9 | K13: Source S12,S9.
B14: Adjusted EPS ($) | C14: 45848 | D14: FY25 | E14: 5.25 | F14: 6.25 | G14: =AVERAGE(E14,F14) -> 5.75 | H14: ='Income Statement'!G131 -> 5.81 | I14: =IF(ISNUMBER(H14),IF(H14>F14,"Beat - above range",IF(H14>=G14,"Above midpoint",IF(H14>=E14,"Below midpoint","Miss - below range"))),"Pending") -> Above midpoint | J14: S12 | K14: Source S12.
B15: Adjusted EPS ($) | C15: 45939 | D15: 4Q25 | E15: 1.6 | F15: 1.9 | G15: =AVERAGE(E15,F15) -> 1.75 | H15: ='Income Statement'!D131 -> 1.55 | I15: =IF(ISNUMBER(H15),IF(H15>F15,"Beat - above range",IF(H15>=G15,"Above midpoint",IF(H15>=E15,"Below midpoint","Miss - below range"))),"Pending") -> Miss - below range | J15: S9 | K15: Source S9.
B16: Adjusted revenue growth Y/Y | C16: 45939 | D16: 4Q25 | E16: 0.02 | F16: 0.04 | G16: =AVERAGE(E16,F16) -> 0.03 | H16: ='Revenue summary'!D91 -> 0.011706033 | I16: =IF(ISNUMBER(H16),IF(H16>F16,"Beat - above range",IF(H16>=G16,"Above midpoint",IF(H16>=E16,"Below midpoint","Miss - below range"))),"Pending") -> Miss - below range | J16: S9 | K16: Source S9.
B17: Operating margin, adjusted | C17: 45939 | D17: 4Q25 | E17: 0.105 | F17: 0.12 | G17: =AVERAGE(E17,F17) -> 0.1125 | H17: ='Income Statement'!D138 -> 0.10064357 | I17: =IF(ISNUMBER(H17),IF(H17>F17,"Beat - above range",IF(H17>=G17,"Above midpoint",IF(H17>=E17,"Below midpoint","Miss - below range"))),"Pending") -> Miss - below range | J17: S9 | K17: Source S9.
B18: Adjusted EPS ($) | C18: 46035 | D18: 1Q26 | E18: 0.5 | F18: 0.9 | G18: =AVERAGE(E18,F18) -> 0.7 | H18: ='Income Statement'!E131 -> 0.64 | I18: =IF(ISNUMBER(H18),IF(H18>F18,"Beat - above range",IF(H18>=G18,"Above midpoint",IF(H18>=E18,"Below midpoint","Miss - below range"))),"Pending") -> Below midpoint | J18: S7 | K18: Source S7.
B19: Adjusted revenue growth Y/Y | C19: 46035 | D19: 1Q26 | E19: 0.05 | F19: 0.07 | G19: =AVERAGE(E19,F19) -> 0.06 | H19: ='Revenue summary'!E91 -> 0.094159347 | I19: =IF(ISNUMBER(H19),IF(H19>F19,"Beat - above range",IF(H19>=G19,"Above midpoint",IF(H19>=E19,"Below midpoint","Miss - below range"))),"Pending") -> Beat - above range | J19: S7 | K19: Source S7.
B20: Adjusted EPS ($) | C20: 46120 | D20: 2Q26 | E20: 1 | F20: 1.5 | G20: =AVERAGE(E20,F20) -> 1.25 | H20: ='Income Statement'!F131 -> 1.56 | I20: =IF(ISNUMBER(H20),IF(H20>F20,"Beat - above range",IF(H20>=G20,"Above midpoint",IF(H20>=E20,"Below midpoint","Miss - below range"))),"Pending") -> Beat - above range | J20: S5 | K20: Source S5.
B21: Adj. revenue growth (low-teens) | C21: 46120 | D21: 2Q26 | E21: 0.11 | F21: 0.13 | G21: =AVERAGE(E21,F21) -> 0.12 | H21: ='Revenue summary'!F91 -> 0.13922745 | I21: =IF(ISNUMBER(H21),IF(H21>F21,"Beat - above range",IF(H21>=G21,"Above midpoint",IF(H21>=E21,"Below midpoint","Miss - below range"))),"Pending") -> Beat - above range | J21: S5 | K21: Source S5.
B22: Operating margin, adjusted | C22: 46120 | D22: 2Q26 | E22: 0.06 | F22: 0.08 | G22: =AVERAGE(E22,F22) -> 0.07 | H22: ='Income Statement'!F138 -> 0.088475037 | I22: =IF(ISNUMBER(H22),IF(H22>F22,"Beat - above range",IF(H22>=G22,"Above midpoint",IF(H22>=E22,"Below midpoint","Miss - below range"))),"Pending") -> Beat - above range | J22: S5 | K22: Source S5.
B23: Adjusted EPS ($) - target quarter | C23: 46213 | D23: 3Q26 | E23: 2 | F23: 2.5 | G23: =AVERAGE(E23,F23) -> 2.25 | H23: ='Income Statement'!H128 -> 1.640923 | I23: =IF(ISNUMBER(H23),IF(H23>F23,"Est. above range",IF(H23>=G23,"Est. above midpoint",IF(H23>=E23,"Est. below midpoint","Est. below range"))),"Pending") -> Est. below range | J23: S3 | K23: Source S3.
B24: 3Q26 adj. revenue growth (mid-teens) | C24: 46213 | D24: 3Q26 | E24: 0.14 | F24: 0.16 | G24: =AVERAGE(E24,F24) -> 0.15 | H24: ='Revenue summary'!H91 -> 0.1686215 | I24: =IF(ISNUMBER(H24),IF(H24>F24,"Est. above range",IF(H24>=G24,"Est. above midpoint",IF(H24>=E24,"Est. below midpoint","Est. below range"))),"Pending") -> Est. above range | J24: S3 | K24: Source S3.
B25: 3Q26 adj. operating margin | C25: 46213 | D25: 3Q26 | E25: 0.11 | F25: 0.13 | G25: =AVERAGE(E25,F25) -> 0.12 | H25: ='Income Statement'!H138 -> 0.090783643 | I25: =IF(ISNUMBER(H25),IF(H25>F25,"Est. above range",IF(H25>=G25,"Est. above midpoint",IF(H25>=E25,"Est. below midpoint","Est. below range"))),"Pending") -> Est. below range | J25: S3 | K25: Source S3.
B26: 3Q26 all-in fuel price ($/gal) | C26: 46213 | D26: 3Q26 | E26: 3.15 | F26: 3.15 | G26: =AVERAGE(E26,F26) -> 3.15 | H26: ='Segment - Airline'!H190 -> 3.8443333 | I26: =IF(ISNUMBER(H26),IF(H26>F26,"Est. above range",IF(H26>=G26,"Est. above midpoint",IF(H26>=E26,"Est. below midpoint","Est. below range"))),"Pending") -> Est. above range | J26: S3 | K26: Source S3. Jul-2-2026 forward curve.
B27: Adjusted EPS ($) | C27: 46035 | D27: FY26 | E27: 6.5 | F27: 7.5 | G27: =AVERAGE(E27,F27) -> 7 | H27: n.a. | I27: =IF(ISNUMBER(H27),IF(H27>F27,"Beat - above range",IF(H27>=G27,"Above midpoint",IF(H27>=E27,"Below midpoint","Miss - below range"))),"Pending") -> Pending | J27: S7,S3 | K27: Source S7,S3.
B28: Free cash flow ($B) | C28: 46035 | D28: FY26 | E28: 3 | F28: 4 | G28: =AVERAGE(E28,F28) -> 3.5 | H28: n.a. | I28: =IF(ISNUMBER(H28),IF(H28>F28,"Beat - above range",IF(H28>=G28,"Above midpoint",IF(H28>=E28,"Below midpoint","Miss - below range"))),"Pending") -> Pending | J28: S7,S3 | K28: Source S7,S3.
B29: Memo: 3Q26 guidance fuel price ($/gal) | F29: =F26 -> 3.15
B30: 3Q25 margin actual 11.2% is the originally reported adjusted operating margin (S9).
B31: Revenue guidance is on the adjusted (ex-refinery) basis; "mid-teens" read as 14%-16%. CapIQ maps it to GAAP $19,174-19,507M (15%-17% on 3Q25 GAAP $16,673M).
B32: 4Q25: Dec-3-2025 update flagged ~$200M (~$0.25) pre-tax hit from the government shutdown (S13). Mar-17-2026: 1Q26 revenue raised to high-single-digit growth.
B33: No 3Q26 guidance update was filed after Jul-10-2026 (EDGAR filing index checked through the cutoff).
B35: Guidance-implied 3Q26 figures | C35: Low | D35: High | E35: Midpoint
B36: Adjusted EPS ($) | C36: =E23 -> 2 | D36: =F23 -> 2.5 | E36: =G23 -> 2.25
B37: Adj. revenue ($M) | C37: ='Revenue summary'!C89*(1+E24) -> 17324.58 | D37: ='Revenue summary'!C89*(1+F24) -> 17628.52 | E37: =AVERAGE(C37,D37) -> 17476.55 | K37: 3Q25 adjusted revenue x (1 + guided growth).
B38: Total revenue ($M, CapIQ map) | C38: =Inputs!C61 -> 19173.95 | D38: =Inputs!C62 -> 19507.41 | E38: =AVERAGE(C38,D38) -> 19340.68
B39: Adj. net income ($M) | C39: =C36*'Share Count'!H31 -> 1318 | D39: =D36*'Share Count'!H31 -> 1647.5 | E39: =E36*'Share Count'!H31 -> 1482.75 | K39: Guidance EPS x forecast diluted shares.
B40: CapIQ EPS guidance ($) | C40: =Inputs!C45 -> 2 | D40: =Inputs!C46 -> 2.5 | E40: =AVERAGE(C40,D40) -> 2.25 | K40: Cross-check.

Sheet Sources
B2: Delta Air Lines, Inc. (NYSE: DAL)
B3: Sources
B4: $ millions, except per share
B6: Period | C6: 3Q26E
B7: Period end | C7: 46295
B8: Days in period | C8: 92
B10: ID - title | C10: Published | D10: Retrieved | E10: Publisher | F10: Feeds | G10: URL or file
B11: S1 - DAL_consensus.json - consensus snapshot 3Q26 | C11: 46299 | D11: 46300 | E11: S&P Capital IQ (supplied) | F11: Inputs; Cover consensus; Guidance (CapIQ guidance range); prior | G11: workspace/DAL_consensus.json
B12: S2 - DAL_history.csv - 6 quarters actual vs consensus | C12: 46299 | D12: 46300 | E12: S&P Capital IQ (supplied) | F12: Inputs; prior calibration | G12: workspace/DAL_history.csv
B13: S3 - 8-K Ex.99.1 June quarter 2026 results | C13: 46213 | D13: 46300 | E13: Delta / SEC EDGAR | F13: 2Q26A and 2Q25 PY: IS, BS, CF, revenue, stats, non-GAAP; 3Q26 guidance | G13: https://www.sec.gov/Archives/edgar/data/27904/000002790426000029/deltaairlinesannouncesjune.htm
B14: S4 - Form 10-Q quarter ended 2026-06-30 | C14: 46213 | D14: 46300 | E14: Delta / SEC EDGAR | F14: Segments, geo revenue, EPS note, shares outstanding, tax-rate outlook | G14: https://www.sec.gov/Archives/edgar/data/27904/000002790426000031/dal-20260630.htm
B15: S5 - 8-K Ex.99.1 March quarter 2026 results | C15: 46120 | D15: 46300 | E15: Delta / SEC EDGAR | F15: 1Q26A and 1Q25 PY; 2Q26 guidance | G15: https://www.sec.gov/Archives/edgar/data/27904/000002790426000020/deltaairlinesannouncesmarc.htm
B16: S6 - Form 10-Q quarter ended 2026-03-31 | C16: 46120 | D16: 46300 | E16: Delta / SEC EDGAR | F16: Segments, geo revenue, shares outstanding | G16: https://www.sec.gov/Archives/edgar/data/27904/000002790426000022/dal-20260331.htm
B17: S7 - 8-K Ex.99.1 December quarter & FY2025 results | C17: 46035 | D17: 46300 | E17: Delta / SEC EDGAR | F17: 4Q25A, FY25A, 4Q24/FY24 PY; FY26 guidance | G17: https://www.sec.gov/Archives/edgar/data/27904/000002790426000008/deltaairlinesannouncesdece.htm
B18: S8 - Form 10-K FY2025 (R5 IS, R7 CF, R41 segments, R50 geo) | C18: 46064 | D18: 46300 | E18: Delta / SEC EDGAR | F18: FY25 CF detail, segments, geo; Dec-25 BS (revised) | G18: https://www.sec.gov/Archives/edgar/data/27904/000002790426000013/dal-20251231.htm
B19: S9 - 8-K Ex.99.1 September quarter 2025 results | C19: 45939 | D19: 46300 | E19: Delta / SEC EDGAR | F19: 3Q25A and 3Q24 PY; 4Q25 guidance | G19: https://www.sec.gov/Archives/edgar/data/27904/000002790425000018/deltaairlinesannouncessept.htm
B20: S10 - Form 10-Q quarter ended 2025-09-30 | C20: 45939 | D20: 46300 | E20: Delta / SEC EDGAR | F20: 3Q25 & 9M25 segments, geo revenue, shares outstanding | G20: https://www.sec.gov/Archives/edgar/data/27904/000002790425000020/dal-20250930.htm
B21: S11 - 2Q26 earnings call transcript | C21: 46213 | D21: 46300 | E21: Delta (IR, proofread transcript) | F21: 3Q26 capacity +1%, fuel +40% Y/Y at $3.15, CASM-ex commentary | G21: https://s2.q4cdn.com/181345880/files/doc_earnings/2026/q2/transcript/CORRECTED-TRANSCRIPT-Delta-Air-Lines-Inc-DAL-US-Q2-2026-Earnings-Call.pdf
B22: S12 - 8-K Ex.99.1 June quarter 2025 results (guidance) | C22: 45848 | D22: 46300 | E22: Delta / SEC EDGAR | F22: 3Q25 and FY25 guidance | G22: https://www.sec.gov/Archives/edgar/data/27904/000168316825005002/delta_ex9901.htm
... B34: S24 - 3Q26 US airline net income estimates (DL $1,325M) | C34: 46291 | D34: 46300 | E34: Airliners.net forum (citing proprietary research) | F34: Other estimate observation (low weight) | G34: https://www.airliners.net/forum/viewtopic.php?t=1512239
B36: Omitted tabs: none - Delta reports two segments (Airline, Refinery) and four geographic regions (10-Q Note 9 / Revenue by Geographic Region, S4).
B37: All sources carry published dates on or before 2026-10-04 and were retrieved 2026-10-05 (session date, after the 22:22 UTC cutoff); pages are not frozen as-of-cutoff snapshots, so later edits cannot be excluded. CapIQ S1/S2 capture is Oct-4 date precision only. No target-quarter actual results were encountered.

Sheet Inputs
B2: Delta Air Lines, Inc. (NYSE: DAL)
B3: Inputs - raw S&P Capital IQ files (as supplied) and prior calibration
B4: $ millions, except per share
B6: Period | C6: 3Q26E
B7: Period end | C7: 46295
B8: Days in period | C8: 92
B10: A. DAL_consensus.json - top-level fields (S1)
B11: source | C11: S&P Capital IQ | K11: Source S1.
B12: ticker | C12: DAL | K12: Source S1.
B13: company | C13: Delta Air Lines, Inc. | K13: Source S1.
B14: fiscal_period | C14: Q3 FY2026 | K14: Source S1.
B15: period_end_date | C15: 46295 | K15: Source S1.
B16: as_of_date | C16: 46299 | K16: Source S1.
B17: analyst_count | C17: 19 | K17: Source S1.
B18: consensus_eps | C18: 1.88 | K18: Source S1.
B19: eps_basis | C19: Normalized diluted EPS per common share, USD; verify issuer adjustments | K19: Source S1.
B20: consensus_revenue_m | C20: 18830.21 | K20: Source S1.
B21: currency | C21: USD | K21: Source S1.
B22: summary_sha256 | C22: dcd0ceefcbfabc05b4b93dc4d870480edb653ec275c18d538b8e064442f96004 | K22: Source S1.
B23: captured_precision | C23: date only, user confirmed | K23: Source S1.
B24: currency_units_status | C24: USD per common share inferred; verify filings | K24: Source S1.
B26: B. DAL_consensus.json - summary_row (full raw row, values preserved; blanks left empty) (S1)
B27: ticker | C27: DAL | K27: Source S1.
B28: company_name | C28: Delta Air Lines, Inc. | K28: Source S1.
B29: exchange_ticker | C29: NYSE:DAL | K29: Source S1.
B30: capiq_company_id | C30: 266311 | K30: Source S1.
B31: sp500_member | C31: Y | K31: Source S1.
B32: market_cap_usd_m | K32: Source S1.
B33: fiscal_quarter | C33: FQ3 2026 - Sep 2026 | K33: Source S1.
B34: quarter_end_date | C34: 46295 | K34: Source S1.
B35: expected_report_date | C35: 46304 | K35: Source S1.
B36: fiscal_year_end | C36: Dec-31 | K36: Source S1.
B37: analysts_covering | C37: 26 | K37: Source S1.
B38: eps_normalized_mean | C38: 1.88 | K38: Source S1.
B39: eps_normalized_median | C39: 1.78 | K39: Source S1.
B40: eps_normalized_high | C40: 2.4 | K40: Source S1.
B41: eps_normalized_low | C41: 1.55 | K41: Source S1.
B42: eps_normalized_std_dev | C42: 0.25 | K42: Source S1.
B43: eps_normalized_n_est | C43: 19 | K43: Source S1.
B44: eps_normalized_guidance | K44: Source S1.
B45: eps_normalized_guidance_low | C45: 2 | K45: Source S1.
B46: eps_normalized_guidance_high | C46: 2.5 | K46: Source S1.
B47: eps_gaap_mean | C47: 1.94 | K47: Source S1.
B48: eps_gaap_median | C48: 1.9 | K48: Source S1.
B49: eps_gaap_high | C49: 2.25 | K49: Source S1.
B50: eps_gaap_low | C50: 1.69 | K50: Source S1.
B51: eps_gaap_std_dev | C51: 0.22 | K51: Source S1.
B52: eps_gaap_n_est | C52: 6 | K52: Source S1.
B53: eps_gaap_guidance | K53: Source S1.
B54: revenue_m_mean | C54: 18830.21 | K54: Source S1.
B55: revenue_m_median | C55: 18957.5 | K55: Source S1.
B56: revenue_m_high | C56: 19741 | K56: Source S1.
B57: revenue_m_low | C57: 17681 | K57: Source S1.
B58: revenue_m_std_dev | C58: 729.51 | K58: Source S1.
B59: revenue_m_n_est | C59: 8 | K59: Source S1.
B60: revenue_m_guidance | K60: Source S1.
B61: revenue_m_guidance_low | C61: 19173.95 | K61: Source S1.
B62: revenue_m_guidance_high | C62: 19507.41 | K62: Source S1.
B63: ebitda_m | C63: 2625.98 | K63: Source S1.
B64: ebit_m | C64: 1794.02 | K64: Source S1.
B65: ebt_excl_excep_m | C65: 1681.5 | K65: Source S1.
B66: ebt_gaap_m | C66: 1701.17 | K66: Source S1.
B67: net_income_excl_excep_m | C67: 1250.96 | K67: Source S1.
B68: net_income_gaap_m | C68: 1315.6 | K68: Source S1.
B69: gross_margin_pct | K69: Source S1.
B70: effective_tax_rate_pct | K70: Source S1.
B71: d_and_a_m | K71: Source S1.
B72: capex_m | K72: Source S1.
B73: cfo_m | K73: Source S1.
B74: fcf_m | K74: Source S1.
B75: interest_expense_m | C75: -140.75 | K75: Source S1.
B76: net_debt_m | C76: 13671.67 | K76: Source S1.
B77: cfps | K77: Source S1.
B78: bvps | K78: Source S1.
B79: dps | K79: Source S1.
B80: nav_m | K80: Source S1.
B81: navps | K81: Source S1.
B82: roe_pct | K82: Source S1.
B83: adj_nii_per_share_consensus | K83: Source S1.
B84: target_price_mean | C84: 102.06 | K84: Source S1.
B85: target_price_median | C85: 105 | K85: Source S1.
B86: target_price_high | C86: 125 | K86: Source S1.
B87: target_price_low | C87: 50 | K87: Source S1.
B88: target_price_std_dev | C88: 13.51 | K88: Source S1.
B89: target_price_n_est | C89: 24 | K89: Source S1.
B90: recommendation | C90: Buy | K90: Source S1.
B91: recommendation_score | C91: 1.32 | K91: Source S1.
B92: last_close_price | C92: 84.09 | K92: Source S1.
B93: wk52_high_low | K93: Source S1.
B94: currency | C94: USD | K94: Source S1.
B95: units | C95: per-share in USD; revenue and income in USD millions | K95: Source S1.
B96: estimates_captured_at | C96: 46299 | K96: Source S1.
B97: notes | C97: Consensus EPSn mean 1.88 sits BELOW management guidance of 2.00-2.50, unusual; revenue consensus mean 18830 is likewise below the 19174-19507 guidance range. | K97: Source S1.
B99: C. DAL_history.csv - six historical rows (S2)
B100: period_end_date | C100: report_date | D100: eps_normalized_consensus | E100: eps_normalized_actual | F100: eps_gaap_consensus | G100: eps_gaap_actual | H100: revenue_m_consensus | I100: revenue_m_actual
B101: 45747 | C101: 45756 | D101: 0.39 | E101: 0.46 | F101: 0.4 | G101: 0.37 | H101: 13457.14 | I101: 14040 | K101: Source S2.
B102: 45838 | C102: 45848 | D102: 2.06 | E102: 2.1 | F102: 2.07 | G102: 3.27 | H102: 16158.46 | I102: 16648 | K102: Source S2.
B103: 45930 | C103: 45939 | D103: 1.53 | E103: 1.71 | F103: 1.52 | G103: 2.17 | H103: 15991.17 | I103: 16673 | K103: Source S2.
B104: 46022 | C104: 46035 | D104: 1.55 | E104: 1.55 | F104: 1.52 | G104: 1.86 | H104: 15688.1 | I104: 16003 | K104: Source S2.
B105: 46112 | C105: 46120 | D105: 0.57 | E105: 0.64 | F105: 0.58 | G105: -0.44 | H105: 14869.04 | I105: 15854 | K105: Source S2.
...
